Workbook
Name _: #REF!
Name _: #REF!
Name _: #REF!
Name _: #REF!
Name _: #REF!
Name _: #REF!
Name _: #REF!
Name ___AFC1: [1]INV!$A$25:$D$28
Name ___AFC3: [1]INV!$F$25:$I$28
Name ___AFC5: [1]INV!$K$25:$N$28
Name ___BGC1: [1]INV!$A$5:$D$8
Name ___BGC3: [1]INV!$F$5:$I$8
Name ___BGC5: [1]INV!$K$5:$N$8
Name ___CAC1: [1]INV!$A$19:$D$22
Name ___CAC3: [1]INV!$F$19:$I$22
Name ___CAC5: [1]INV!$K$19:$N$22
Name ___EST1: #REF!
Name ___EST1: #REF!
Name ___EST1: #REF!
Name ___EST1: #REF!
Name ___EST1: #REF!
Name ___EST1: #REF!
Name ___EST10: #REF!
Name ___EST10: #REF!
Name ___EST10: #REF!
Name ___EST10: #REF!
Name ___EST10: #REF!
Name ___EST10: #REF!
Name ___EST11: #REF!
Name ___EST11: #REF!
Name ___EST11: #REF!
Name ___EST11: #REF!
Name ___EST11: #REF!
Name ___EST11: #REF!
Name ___EST12: #REF!
Name ___EST12: #REF!
Name ___EST12: #REF!
Name ___EST12: #REF!
Name ___EST12: #REF!
Name ___EST12: #REF!
Name ___EST13: #REF!
Name ___EST13: #REF!
Name ___EST13: #REF!
Name ___EST13: #REF!
Name ___EST13: #REF!
Name ___EST13: #REF!
Name ___EST14: #REF!
Name ___EST14: #REF!
Name ___EST14: #REF!
Name ___EST14: #REF!
Name ___EST14: #REF!
Name ___EST14: #REF!
Name ___EST15: #REF!
Name ___EST15: #REF!
Name ___EST15: #REF!
Name ___EST15: #REF!
Name ___EST15: #REF!
Name ___EST15: #REF!
Name ___EST16: #REF!
Name ___EST16: #REF!

Sheet Conformación
A1: =+'K-Kr Constructor'!A1 -> FONDO FINANCIERO DE PROYECTOS DE DESARROLLO – FONADE CLIENTE: MINISTERIO DE VIVIENDA, CIUDAD Y TERRITORIO OBJETO: “DIAGNÓSTICO, CONCERTACIÓN, PLAN DE INTERVENCIÓN Y EJECUCIÓN DE LA CONSTRUCCIÓN DEL PROGRAMA DE CONEXIONES INTRADOMICIALIARIAS, EN LOS MUNICIPIOS DE: PUERTO BERRIO – ANTIOQUIA, COTORRA Y LA APARTADA” CONVOCATORIA PÚBLICA CPU 022-2018 GRUPO N° 3 LA APARTADA - CORDOBA
A4: No. | B4: NOMBRE DEL OFERENTE | C4: REPRESENTANTE LEGAL | D4: INTEGRANTES | E4: Integrante 1 | F4: % Int. 1 | G4: Integrante 2 | H4: % Int. 2 | I4: INTEGRANTE 3 | J4: % Int. 3 | K4: INTEGRANTE 4 | L4: % Int. 4 | M4: INTEGRANTE 5 | N4: % Int. 5 | O4: Telefono | P4: FAX | Q4: Direccion | R4: Email | S4: Ciudad | T4: ANTICIPO | U4: APOYO INDUSTRIA NACIONAL
A5: 3 | B5: CONSORCIO INTRA | C5: LUIS RAFAEL CASTILLO VARGAS | D5: ="("&E5&" "&TEXT(F5,"##0%")&" - "&G5&" "&TEXT(H5,"##0%")&" - "&I5&" "&TEXT(J5,"##0%")&"-"&K5&" "&TEXT(L5,"##0%")&"-"&M5&" "&TEXT(N5,"##0%")&") " -> (Luis Rafael Castillo Vargas 60% - JORGE HEDDY MENESES RENGIFO 40% - 0%- 0%- 0%) | E5: Luis Rafael Castillo Vargas | F5: 0.6 | G5: JORGE HEDDY MENESES RENGIFO | H5: 0.4
A6: 4 | B6: CONSORCIO INTRADOMICILIARIAS 2018 | C6: WILLIAM CARDONA OLMOS | D6: ="("&E6&" "&TEXT(F6,"##0%")&" - "&G6&" "&TEXT(H6,"##0%")&" - "&I6&" "&TEXT(J6,"##0%")&"-"&K6&" "&TEXT(L6,"##0%")&"-"&M6&" "&TEXT(N6,"##0%")&") " -> (WILLIAM CARDONA OLMOS SAS 30% - William Cardona Olmos 70% - 0%- 0%- 0%) | E6: WILLIAM CARDONA OLMOS SAS | F6: 0.3 | G6: William Cardona Olmos | H6: 0.7
D7: ="("&E7&" "&TEXT(F7,"##0%")&" - "&G7&" "&TEXT(H7,"##0%")&" - "&I7&" "&TEXT(J7,"##0%")&"-"&K7&" "&TEXT(L7,"##0%")&"-"&M7&" "&TEXT(N7,"##0%")&") " -> ( 0% - 0% - 0%- 0%- 0%)
A8: 4 | D8: ="("&E8&" "&TEXT(F8,"##0%")&" - "&G8&" "&TEXT(H8,"##0%")&" - "&I8&" "&TEXT(J8,"##0%")&"-"&K8&" "&TEXT(L8,"##0%")&"-"&M8&" "&TEXT(N8,"##0%")&") " -> ( 0% - 0% - 0%- 0%- 0%)
A9: 5 | D9: ="("&E9&" "&TEXT(F9,"##0%")&" - "&G9&" "&TEXT(H9,"##0%")&" - "&I9&" "&TEXT(J9,"##0%")&"-"&K9&" "&TEXT(L9,"##0%")&"-"&M9&" "&TEXT(N9,"##0%")&") " -> ( 0% - 0% - 0%- 0%- 0%)

Sheet K-Kr Constructor
A1: FONDO FINANCIERO DE PROYECTOS DE DESARROLLO – FONADE CLIENTE: MINISTERIO DE VIVIENDA, CIUDAD Y TERRITORIO OBJETO: “DIAGNÓSTICO, CONCERTACIÓN, PLAN DE INTERVENCIÓN Y EJECUCIÓN DE LA CONSTRUCCIÓN DEL PROGRAMA DE CONEXIONES INTRADOMICIALIARIAS, EN LOS MUNICIPIOS DE: PUERTO BERRIO – ANTIOQUIA, COTORRA Y LA APARTADA” CONVOCATORIA PÚBLICA CPU 022-2018 GRUPO N° 3 LA APARTADA - CORDOBA
A2: REQUISITOS MINIMOS DE CARÁCTER TECNICO
A4: SMMLV AÑO ACTUAL | B4: 781242
A5: PRESUPUESTO EVALUABLE (PEE) | B5: 1194914256
A6: PRESUPUESTO EVALUABLE (PEE) - 80%
A7: PTO EXP. EN SMMLV | B7: =+B5/B4 -> 1529.5059 | G7: =150%*(B5/B4) -> 2294.2589 | H7: 150% POE (SMMLV)
A8: 80% PEE (SMMLV) | B8: =+B7*80% -> 1223.6047
A9: 80% PEE ($) | B9: =+B5*80% -> 9.559314e+08
H10: =+G7*B4 -> 1792371384
A11: Capacidad de Organización (CO) | D11: Cálculo de la Experiencia (E )
D12: Experiencia (E) =
D15: Mayor a | E15: Menor o igual a | F15: Puntaje
D16: 0 | E16: 3 | F16: 60
D17: 3 | E17: 6 | F17: 80
A18: DÓLAR | B18: MINIMO EN USD | C18: MINIMO EN PESOS | D18: 6 | E18: 10 | F18: 100
A19: 1853.3 | B19: 125000 | C19: =+B19*A19 -> 231662500 | D19: 10 | E19: Mayores | F19: 120
A22: Cálculo de la Capacidad Financiera (CF) | D22: Cálculo de la Capacidad Técnica (CT)
A23: Índice de liquidez = | D23: Capacidad técnica (CT) se asigna con base en la siguiente tabla:
A25: Mayor o igual a | B25: Menor a | C25: Puntaje | D25: Desde | E25: Hasta | F25: Puntaje
A26: 0 | B26: 0.5 | C26: 20 | D26: 1 | E26: 5 | F26: 20
A27: 0.5 | B27: 0.75 | C27: 25 | D27: 6 | E27: 10 | F27: 30
A28: 0.75 | B28: 1 | C28: 30 | D28: 11 | E28: Mayores | F28: 40
A29: 1 | B29: 1.5 | C29: 35
A30: 1.5 | B30: Mayores | C30: 40
A32: OFERENTE | B32: =VLOOKUP(A33,Conformación!$A$5:$N$129,2,FALSE) -> CONSORCIO INTRA
A33: 3 | B33: =VLOOKUP(A33,Conformación!$A$5:$N$129,4,FALSE) -> (Luis Rafael Castillo Vargas 60% - JORGE HEDDY MENESES RENGIFO 40% - 0%- 0%- 0%) | F33: ANTICIPO (SI / NO) | G33: SI
A36: DESCRIPCIÓN | B36: INTEGRANTE 1 | C36: INTEGRANTE 2 | D36: INTEGRANTE 3 | E36: INTEGRANTE 4 | F36: OBSERVACIONES
B37: =VLOOKUP(A33,Conformación!$A$5:$N$129,5,FALSE) -> Luis Rafael Castillo Vargas | C37: =VLOOKUP(A33,Conformación!$A$5:$N$129,7,FALSE) -> JORGE HEDDY MENESES RENGIFO | D37: =VLOOKUP(A33,Conformación!$A$5:$N$129,9,FALSE) -> 0 | E37: =VLOOKUP(A33,Conformación!$A$5:$N$129,11,FALSE) -> 0
B38: =VLOOKUP(A33,Conformación!$A$5:$N$129,6,FALSE) -> 0.6 | C38: =VLOOKUP(A33,Conformación!$A$5:$N$129,8,FALSE) -> 0.4 | D38: =VLOOKUP(A33,Conformación!$A$5:$N$129,10,FALSE) -> 0 | E38: =VLOOKUP(A33,Conformación!$A$5:$N$129,12,FALSE) -> 0
A39: Capacidad de Organización (CO) | B39: =B40 -> 4359621315 | C39: =+C40 -> 1464994000 | D39: =+D40 -> 0
A40: Mayor ingreso operacional | B40: 4359621315 | C40: 1464994000 | G40: FORMATO 18
A41: Puntos * experiencia (E ) | B41: =+IF(AND(B43>$D$16,B43<=$E$16),$F$16,IF(AND(B43>$D$17,B43<=$E$17),$F$17,IF(AND(B43>$D$18,B43<=$E$18),$F$18,IF(B43>$D$19,$F$19,"N/A")))) -> 120 | C41: =+IF(AND(C43>$D$16,C43<=$E$16),$F$16,IF(AND(C43>$D$17,C43<=$E$17),$F$17,IF(AND(C43>$D$18,C43<=$E$18),$F$18,IF(C43>$D$19,$F$19,"N/A")))) -> 120 | D41: =+IF(AND(D43>$D$16,D43<=$E$16),$F$16,IF(AND(D43>$D$17,D43<=$E$17),$F$17,IF(AND(D43>$D$18,D43<=$E$18),$F$18,IF(D43>$D$19,$F$19,"N/A")))) -> #DIV/0! | E41: =+IF(AND(E43>$D$16,E43<=$E$16),$F$16,IF(AND(E43>$D$17,E43<=$E$17),$F$17,IF(AND(E43>$D$18,E43<=$E$18),$F$18,IF(E43>$D$19,$F$19,"N/A")))) -> #DIV/0!
A42: Valor Total de los contratos (RUP) | B42: 2.9115433e+10 | C42: 7.5647147e+09 | G42: FORMATO 15 VALOR TOTAL (VERIFICAR CONTRATOS INSCRITOS EN EL RUP… EN EL SEGMENTO QUE INDIQUE LAS REGLAS
A43: Calculo de la Experiencia | B43: =+(B42/($B$5*B38)) -> 40.610213 | C43: =+(C42/($B$5*C38)) -> 15.826899 | D43: =+(D42/($B$5*D38)) -> #DIV/0! | E43: =+(E42/($B$5*E38)) -> #DIV/0!
A44: Puntos * capacidad Financiera (CF) | B44: =+IF(AND(B45>=$A$26,B45<$B$26),$C$26,IF(AND(B45>=$A$27,B45<$B$27),$C$27,IF(AND(B45>=$A$28,B45<$B$28),$C$28,IF(AND(B45>=$A$29,B45<$B$29),$C$29,IF(B45>=$A$30,$C$30,"N/A"))))) -> 40 | C44: =+IF(AND(C45>=$A$26,C45<$B$26),$C$26,IF(AND(C45>=$A$27,C45<$B$27),$C$27,IF(AND(C45>=$A$28,C45<$B$28),$C$28,IF(AND(C45>=$A$29,C45<$B$29),$C$29,IF(C45>=$A$30,$C$30,"N/A"))))) -> 40 | D44: =+IF(AND(D45>=$A$26,D45<$B$26),$C$26,IF(AND(D45>=$A$27,D45<$B$27),$C$27,IF(AND(D45>=$A$28,D45<$B$28),$C$28,IF(AND(D45>=$A$29,D45<$B$29),$C$29,IF(D45>=$A$30,$C$30,"N/A"))))) -> 20 | E44: =+IF(AND(E45>=$A$26,E45<$B$26),$C$26,IF(AND(E45>=$A$27,E45<$B$27),$C$27,IF(AND(E45>=$A$28,E45<$B$28),$C$28,IF(AND(E45>=$A$29,E45<$B$29),$C$29,IF(E45>=$A$30,$C$30,"N/A"))))) -> 20
A45: Indice de Liquidez | B45: 11.36 | C45: 237.61 | G45: RUP
A46: Puntos * Capacidad Técnica (CT) | B46: =+IF(AND(B47>=$D$26,B47<=$E$26),$F$26,IF(AND(B47>=$D$27,B47<=$E$27),$F$27,IF(B47>=$D$28,$F$28,"N/A"))) -> 40 | C46: =+IF(AND(C47>=$D$26,C47<=$E$26),$F$26,IF(AND(C47>=$D$27,C47<=$E$27),$F$27,IF(C47>=$D$28,$F$28,"N/A"))) -> 20 | D46: =+IF(AND(D47>=$D$26,D47<=$E$26),$F$26,IF(AND(D47>=$D$27,D47<=$E$27),$F$27,IF(D47>=$D$28,$F$28,"N/A"))) -> N/A | E46: =+IF(AND(E47>=$D$26,E47<=$E$26),$F$26,IF(AND(E47>=$D$27,E47<=$E$27),$F$27,IF(E47>=$D$28,$F$28,"N/A"))) -> N/A
A47: Numero de Profesionales | B47: 11 | C47: 4 | G47: FORMATO 16
A48: Saldo de contratos en ejecución (SCE) | B48: =+'Saldos de contratos (SCE)'!H21 -> 0 | C48: =+'Saldos de contratos (SCE)'!H41 -> 0 | D48: =+'Saldos de contratos (SCE)'!H59 -> #DIV/0! | E48: =+'Saldos de contratos (SCE)'!H76 -> #DIV/0!
A49: CAPACIDAD RESIDUAL DEL OFERENTE | B49: =+((B39*((B41+B44+B46)/100))-B48) -> 8719242630 | C49: =+((C39*((C41+C44+C46)/100))-C48) -> 2636989200 | D49: =+((D39*((D41+D44+D46)/100))-D48) -> #DIV/0! | E49: =+((E39*((E41+E44+E46)/100))-E48) -> #DIV/0!
E50: =SUM(B49:D49) -> #DIV/0! | F50: =+IF(G33="SI",IF(E50>=$B$6,"CUMPLE KR","NO CUMPLE KR"),IF(E50>=$B$5,"CUMPLE KR","NO CUMPLE KR")) -> #DIV/0!
A53: OFERENTE | B53: =VLOOKUP(A54,Conformación!$A$5:$N$129,2,FALSE) -> CONSORCIO INTRADOMICILIARIAS 2018
A54: 4 | B54: =VLOOKUP(A54,Conformación!$A$5:$N$129,4,FALSE) -> (WILLIAM CARDONA OLMOS SAS 30% - William Cardona Olmos 70% - 0%- 0%- 0%) | F54: ANTICIPO (SI / NO) | G54: SI
A57: DESCRIPCIÓN | B57: INTEGRANTE 1 | C57: INTEGRANTE 2 | D57: INTEGRANTE 3 | E57: INTEGRANTE 4 | F57: OBSERVACIONES
B58: =VLOOKUP(A54,Conformación!$A$5:$N$129,5,FALSE) -> WILLIAM CARDONA OLMOS SAS | C58: =VLOOKUP(A54,Conformación!$A$5:$N$129,7,FALSE) -> William Cardona Olmos | D58: =VLOOKUP(A54,Conformación!$A$5:$N$129,9,FALSE) -> 0 | E58: =VLOOKUP(A54,Conformación!$A$5:$N$129,11,FALSE) -> 0
B59: =VLOOKUP(A54,Conformación!$A$5:$N$129,6,FALSE) -> 0.3 | C59: =VLOOKUP(A54,Conformación!$A$5:$N$129,8,FALSE) -> 0.7 | D59: =VLOOKUP(A54,Conformación!$A$5:$N$129,10,FALSE) -> 0 | E59: =VLOOKUP(A54,Conformación!$A$5:$N$129,12,FALSE) -> 0
A60: Capacidad de Organización (CO) | B60: =B61 -> 17355729493 | C60: =C61 -> 1880636239 | D60: =D61 -> 0
A61: Mayor ingreso operacional | B61: 17355729493 | C61: 1880636239 | G61: FORMATO 18
A62: Puntos * experiencia (E ) | B62: =+IF(AND(B64>$D$16,B64<=$E$16),$F$16,IF(AND(B64>$D$17,B64<=$E$17),$F$17,IF(AND(B64>$D$18,B64<=$E$18),$F$18,IF(B64>$D$19,$F$19,"N/A")))) -> 120 | C62: =+IF(AND(C64>$D$16,C64<=$E$16),$F$16,IF(AND(C64>$D$17,C64<=$E$17),$F$17,IF(AND(C64>$D$18,C64<=$E$18),$F$18,IF(C64>$D$19,$F$19,"N/A")))) -> 120 | D62: =+IF(AND(D64>$D$16,D64<=$E$16),$F$16,IF(AND(D64>$D$17,D64<=$E$17),$F$17,IF(AND(D64>$D$18,D64<=$E$18),$F$18,IF(D64>$D$19,$F$19,"N/A")))) -> #DIV/0! | E62: =+IF(AND(E64>$D$16,E64<=$E$16),$F$16,IF(AND(E64>$D$17,E64<=$E$17),$F$17,IF(AND(E64>$D$18,E64<=$E$18),$F$18,IF(E64>$D$19,$F$19,"N/A")))) -> #DIV/0!
A63: Valor Total de los contratos (RUP) | B63: 9940473196 | C63: 7.5542139e+10 | G63: FORMATO 15 VALOR TOTAL (VERIFICAR CONTRATOS INSCRITOS EN EL RUP… EN EL SEGMENTO QUE INDIQUE LAS REGLAS
A64: Calculo de la Experiencia | B64: =+(B63/($B$5*B59)) -> 27.729948 | C64: =+(C63/($B$5*C59)) -> 90.313879 | D64: =+(D63/($B$5*D59)) -> #DIV/0! | E64: =+(E63/($B$5*E59)) -> #DIV/0!
A65: Puntos * capacidad Financiera (CF) | B65: =+IF(AND(B66>=$A$26,B66<$B$26),$C$26,IF(AND(B66>=$A$27,B66<$B$27),$C$27,IF(AND(B66>=$A$28,B66<$B$28),$C$28,IF(AND(B66>=$A$29,B66<$B$29),$C$29,IF(B66>=$A$30,$C$30,"N/A"))))) -> 40 | C65: =+IF(AND(C66>=$A$26,C66<$B$26),$C$26,IF(AND(C66>=$A$27,C66<$B$27),$C$27,IF(AND(C66>=$A$28,C66<$B$28),$C$28,IF(AND(C66>=$A$29,C66<$B$29),$C$29,IF(C66>=$A$30,$C$30,"N/A"))))) -> 40 | D65: =+IF(AND(D66>=$A$26,D66<$B$26),$C$26,IF(AND(D66>=$A$27,D66<$B$27),$C$27,IF(AND(D66>=$A$28,D66<$B$28),$C$28,IF(AND(D66>=$A$29,D66<$B$29),$C$29,IF(D66>=$A$30,$C$30,"N/A"))))) -> 20 | E65: =+IF(AND(E66>=$A$26,E66<$B$26),$C$26,IF(AND(E66>=$A$27,E66<$B$27),$C$27,IF(AND(E66>=$A$28,E66<$B$28),$C$28,IF(AND(E66>=$A$29,E66<$B$29),$C$29,IF(E66>=$A$30,$C$30,"N/A"))))) -> 20
A66: Indice de Liquidez | B66: 12.17 | C66: 6.19 | G66: RUP
A67: Puntos * Capacidad Técnica (CT) | B67: =+IF(AND(B68>=$D$26,B68<=$E$26),$F$26,IF(AND(B68>=$D$27,B68<=$E$27),$F$27,IF(B68>=$D$28,$F$28,"N/A"))) -> 20 | C67: =+IF(AND(C68>=$D$26,C68<=$E$26),$F$26,IF(AND(C68>=$D$27,C68<=$E$27),$F$27,IF(C68>=$D$28,$F$28,"N/A"))) -> 40 | D67: =+IF(AND(D68>=$D$26,D68<=$E$26),$F$26,IF(AND(D68>=$D$27,D68<=$E$27),$F$27,IF(D68>=$D$28,$F$28,"N/A"))) -> N/A | E67: =+IF(AND(E68>=$D$26,E68<=$E$26),$F$26,IF(AND(E68>=$D$27,E68<=$E$27),$F$27,IF(E68>=$D$28,$F$28,"N/A"))) -> N/A
A68: Numero de Profesionales | B68: 2 | C68: 11 | G68: FORMATO 16
A69: Saldo de contratos en ejecución (SCE) | B69: =+'Saldos de contratos (SCE)'!H98 -> 4.1354135e+09 | C69: =+'Saldos de contratos (SCE)'!H116 -> 2.7498182e+08 | D69: =+'Saldos de contratos (SCE)'!H133 -> #DIV/0! | E69: =+'Saldos de contratos (SCE)'!H321 -> 0
A70: CAPACIDAD RESIDUAL DEL OFERENTE | B70: =+((B60*((B62+B65+B67)/100))-B69) -> 2.71049e+10 | C70: =+((C60*((C62+C65+C67)/100))-C69) -> 3.4862907e+09 | D70: =+((D60*((D62+D65+D67)/100))-D69) -> #DIV/0! | E70: =+((E60*((E62+E65+E67)/100))-E69) -> #DIV/0!
E71: =SUM(B70:C70) -> 3.059119e+10 | F71: =+IF(G54="SI",IF(E71>=$B$6,"CUMPLE KR","NO CUMPLE KR"),IF(E71>=$B$5,"CUMPLE KR","NO CUMPLE KR")) -> CUMPLE KR
A74: OFERENTE | B74: =VLOOKUP(A75,Conformación!$A$5:$N$129,2,FALSE) -> #N/A
A75: 1 | B75: =VLOOKUP(A75,Conformación!$A$5:$N$129,4,FALSE) -> #N/A | F75: ANTICIPO (SI / NO) | G75: SI
A78: DESCRIPCIÓN | B78: INTEGRANTE 1 | C78: INTEGRANTE 2 | D78: INTEGRANTE 3 | E78: INTEGRANTE 4 | F78: OBSERVACIONES
B79: =VLOOKUP(A75,Conformación!$A$5:$N$129,5,FALSE) -> #N/A | C79: =VLOOKUP(A75,Conformación!$A$5:$N$129,7,FALSE) -> #N/A | D79: =VLOOKUP(A75,Conformación!$A$5:$N$129,9,FALSE) -> #N/A | E79: =VLOOKUP(A75,Conformación!$A$5:$N$129,11,FALSE) -> #N/A
B80: =VLOOKUP(A75,Conformación!$A$5:$N$129,6,FALSE) -> #N/A | C80: =VLOOKUP(A75,Conformación!$A$5:$N$129,8,FALSE) -> #N/A | D80: =VLOOKUP(A75,Conformación!$A$5:$N$129,10,FALSE) -> #N/A | E80: =VLOOKUP(A75,Conformación!$A$5:$N$129,12,FALSE) -> #N/A
A81: Capacidad de Organización (CO) | B81: =B82 -> 0 | C81: =C82 -> 0 | D81: =D82 -> 0 | E81: =E82 -> 0
A82: Mayor ingreso operacional | G82: FORMATO 18
A83: Puntos * experiencia (E ) | B83: =+IF(AND(B85>$D$16,B85<=$E$16),$F$16,IF(AND(B85>$D$17,B85<=$E$17),$F$17,IF(AND(B85>$D$18,B85<=$E$18),$F$18,IF(B85>$D$19,$F$19,"N/A")))) -> #N/A | C83: =+IF(AND(C85>$D$16,C85<=$E$16),$F$16,IF(AND(C85>$D$17,C85<=$E$17),$F$17,IF(AND(C85>$D$18,C85<=$E$18),$F$18,IF(C85>$D$19,$F$19,"N/A")))) -> #N/A | D83: =+IF(AND(D85>$D$16,D85<=$E$16),$F$16,IF(AND(D85>$D$17,D85<=$E$17),$F$17,IF(AND(D85>$D$18,D85<=$E$18),$F$18,IF(D85>$D$19,$F$19,"N/A")))) -> #N/A | E83: =+IF(AND(E85>$D$16,E85<=$E$16),$F$16,IF(AND(E85>$D$17,E85<=$E$17),$F$17,IF(AND(E85>$D$18,E85<=$E$18),$F$18,IF(E85>$D$19,$F$19,"N/A")))) -> #N/A
A84: Valor Total de los contratos (RUP) | G84: FORMATO 15 VALOR TOTAL (VERIFICAR CONTRATOS INSCRITOS EN EL RUP… EN EL SEGMENTO QUE INDIQUE LAS REGLAS
A85: Calculo de la Experiencia | B85: =+(B84/($B$5*B80)) -> #N/A | C85: =+(C84/($B$5*C80)) -> #N/A | D85: =+(D84/($B$5*D80)) -> #N/A | E85: =+(E84/($B$5*E80)) -> #N/A
A86: Puntos * capacidad Financiera (CF) | B86: =+IF(AND(B87>=$A$26,B87<$B$26),$C$26,IF(AND(B87>=$A$27,B87<$B$27),$C$27,IF(AND(B87>=$A$28,B87<$B$28),$C$28,IF(AND(B87>=$A$29,B87<$B$29),$C$29,IF(B87>=$A$30,$C$30,"N/A"))))) -> 20 | C86: =+IF(AND(C87>=$A$26,C87<$B$26),$C$26,IF(AND(C87>=$A$27,C87<$B$27),$C$27,IF(AND(C87>=$A$28,C87<$B$28),$C$28,IF(AND(C87>=$A$29,C87<$B$29),$C$29,IF(C87>=$A$30,$C$30,"N/A"))))) -> 20 | D86: =+IF(AND(D87>=$A$26,D87<$B$26),$C$26,IF(AND(D87>=$A$27,D87<$B$27),$C$27,IF(AND(D87>=$A$28,D87<$B$28),$C$28,IF(AND(D87>=$A$29,D87<$B$29),$C$29,IF(D87>=$A$30,$C$30,"N/A"))))) -> 20 | E86: =+IF(AND(E87>=$A$26,E87<$B$26),$C$26,IF(AND(E87>=$A$27,E87<$B$27),$C$27,IF(AND(E87>=$A$28,E87<$B$28),$C$28,IF(AND(E87>=$A$29,E87<$B$29),$C$29,IF(E87>=$A$30,$C$30,"N/A"))))) -> 40
A87: Indice de Liquidez | E87: 1.89 | G87: RUP
A88: Puntos * Capacidad Técnica (CT) | B88: =+IF(AND(B89>=$D$26,B89<=$E$26),$F$26,IF(AND(B89>=$D$27,B89<=$E$27),$F$27,IF(B89>=$D$28,$F$28,"N/A"))) -> N/A | C88: =+IF(AND(C89>=$D$26,C89<=$E$26),$F$26,IF(AND(C89>=$D$27,C89<=$E$27),$F$27,IF(C89>=$D$28,$F$28,"N/A"))) -> N/A | D88: =+IF(AND(D89>=$D$26,D89<=$E$26),$F$26,IF(AND(D89>=$D$27,D89<=$E$27),$F$27,IF(D89>=$D$28,$F$28,"N/A"))) -> N/A | E88: 0
A89: Numero de Profesionales | E89: 0 | G89: FORMATO 16
A90: Saldo de contratos en ejecución (SCE) | B90: =+'Saldos de contratos (SCE)'!H172 -> 0 | C90: =+'Saldos de contratos (SCE)'!H190 -> 0 | D90: =+'Saldos de contratos (SCE)'!H208 -> 2.23421e+08 | E90: =+'Saldos de contratos (SCE)'!H225 -> 1.2243974e+08
A91: CAPACIDAD RESIDUAL DEL OFERENTE | B91: =+((B81*((B83+B86+B88)/100))-B90) -> #N/A | C91: =+((C81*((C83+C86+C88)/100))-C90) -> #N/A | D91: =+((D81*((D83+D86+D88)/100))-D90) -> #N/A | E91: =+((E81*((E83+E86+E88)/100))-E90) -> #N/A
E92: =SUM(B91) -> #N/A | F92: =+IF(G75="SI",IF(E92>=$B$6,"CUMPLE KR","NO CUMPLE KR"),IF(E92>=$B$5,"CUMPLE KR","NO CUMPLE KR")) -> #N/A
A95: OFERENTE | B95: =VLOOKUP(A96,Conformación!$A$5:$N$129,2,FALSE) -> CONSORCIO INTRADOMICILIARIAS 2018
A96: 4 | B96: =VLOOKUP(A96,Conformación!$A$5:$N$129,4,FALSE) -> (WILLIAM CARDONA OLMOS SAS 30% - William Cardona Olmos 70% - 0%- 0%- 0%) | F96: ANTICIPO (SI / NO) | G96: SI
A99: DESCRIPCIÓN | B99: INTEGRANTE 1 | C99: INTEGRANTE 2 | D99: INTEGRANTE 3 | E99: INTEGRANTE 4 | F99: OBSERVACIONES
B100: =VLOOKUP(A96,Conformación!$A$5:$N$129,5,FALSE) -> WILLIAM CARDONA OLMOS SAS | C100: =VLOOKUP(A96,Conformación!$A$5:$N$129,7,FALSE) -> William Cardona Olmos | D100: =VLOOKUP(A96,Conformación!$A$5:$N$129,9,FALSE) -> 0 | E100: =VLOOKUP(A96,Conformación!$A$5:$N$129,11,FALSE) -> 0
B101: =VLOOKUP(A96,Conformación!$A$5:$N$129,6,FALSE) -> 0.3 | C101: =VLOOKUP(A96,Conformación!$A$5:$N$129,8,FALSE) -> 0.7 | D101: =VLOOKUP(A96,Conformación!$A$5:$N$129,10,FALSE) -> 0 | E101: =VLOOKUP(A96,Conformación!$A$5:$N$129,12,FALSE) -> 0
A102: Capacidad de Organización (CO) | B102: =B103 -> 0 | C102: =C103 -> 22747907212 | D102: =D103 -> 13544644000 | E102: =E103 -> 27980125000
A103: Mayor ingreso operacional | C103: 22747907212 | D103: 13544644000 | E103: 27980125000 | G103: FORMATO 18
A104: Puntos * experiencia (E ) | B104: =+IF(AND(B106>$D$16,B106<=$E$16),$F$16,IF(AND(B106>$D$17,B106<=$E$17),$F$17,IF(AND(B106>$D$18,B106<=$E$18),$F$18,IF(B106>$D$19,$F$19,"N/A")))) -> N/A | C104: =+IF(AND(C106>$D$16,C106<=$E$16),$F$16,IF(AND(C106>$D$17,C106<=$E$17),$F$17,IF(AND(C106>$D$18,C106<=$E$18),$F$18,IF(C106>$D$19,$F$19,"N/A")))) -> 120 | D104: =+IF(AND(D106>$D$16,D106<=$E$16),$F$16,IF(AND(D106>$D$17,D106<=$E$17),$F$17,IF(AND(D106>$D$18,D106<=$E$18),$F$18,IF(D106>$D$19,$F$19,"N/A")))) -> #DIV/0! | E104: =+IF(AND(E106>$D$16,E106<=$E$16),$F$16,IF(AND(E106>$D$17,E106<=$E$17),$F$17,IF(AND(E106>$D$18,E106<=$E$18),$F$18,IF(E106>$D$19,$F$19,"N/A")))) -> #DIV/0!
A105: Valor Total de los contratos (RUP) | C105: 108344305557 | D105: 14864333270 | E105: 88646983540 | G105: FORMATO 15 VALOR TOTAL (VERIFICAR CONTRATOS INSCRITOS EN EL RUP… EN EL SEGMENTO QUE INDIQUE LAS REGLAS
A106: Calculo de la Experiencia | B106: =+(B105/($B$5*B101)) -> 0 | C106: =+(C105/($B$5*C101)) -> 129.53028 | D106: =+(D105/($B$5*D101)) -> #DIV/0! | E106: =+(E105/($B$5*E101)) -> #DIV/0!
A107: Puntos * capacidad Financiera (CF) | B107: =+IF(AND(B108>=$A$26,B108<$B$26),$C$26,IF(AND(B108>=$A$27,B108<$B$27),$C$27,IF(AND(B108>=$A$28,B108<$B$28),$C$28,IF(AND(B108>=$A$29,B108<$B$29),$C$29,IF(B108>=$A$30,$C$30,"N/A"))))) -> 20 | C107: =+IF(AND(C108>=$A$26,C108<$B$26),$C$26,IF(AND(C108>=$A$27,C108<$B$27),$C$27,IF(AND(C108>=$A$28,C108<$B$28),$C$28,IF(AND(C108>=$A$29,C108<$B$29),$C$29,IF(C108>=$A$30,$C$30,"N/A"))))) -> 40 | D107: =+IF(AND(D108>=$A$26,D108<$B$26),$C$26,IF(AND(D108>=$A$27,D108<$B$27),$C$27,IF(AND(D108>=$A$28,D108<$B$28),$C$28,IF(AND(D108>=$A$29,D108<$B$29),$C$29,IF(D108>=$A$30,$C$30,"N/A"))))) -> 40 | E107: =+IF(AND(E108>=$A$26,E108<$B$26),$C$26,IF(AND(E108>=$A$27,E108<$B$27),$C$27,IF(AND(E108>=$A$28,E108<$B$28),$C$28,IF(AND(E108>=$A$29,E108<$B$29),$C$29,IF(E108>=$A$30,$C$30,"N/A"))))) -> 40
A108: Indice de Liquidez | C108: 1.75 | D108: 2.33 | E108: 16.07 | G108: RUP
A109: Puntos * Capacidad Técnica (CT) | B109: =+IF(AND(B110>=$D$26,B110<=$E$26),$F$26,IF(AND(B110>=$D$27,B110<=$E$27),$F$27,IF(B110>=$D$28,$F$28,"N/A"))) -> N/A | C109: =+IF(AND(C110>=$D$26,C110<=$E$26),$F$26,IF(AND(C110>=$D$27,C110<=$E$27),$F$27,IF(C110>=$D$28,$F$28,"N/A"))) -> 20 | D109: =+IF(AND(D110>=$D$26,D110<=$E$26),$F$26,IF(AND(D110>=$D$27,D110<=$E$27),$F$27,IF(D110>=$D$28,$F$28,"N/A"))) -> 40 | E109: =+IF(AND(E110>=$D$26,E110<=$E$26),$F$26,IF(AND(E110>=$D$27,E110<=$E$27),$F$27,IF(E110>=$D$28,$F$28,"N/A"))) -> 40
A110: Numero de Profesionales | C110: 5 | D110: 11 | E110: 22 | G110: FORMATO 16
A111: Saldo de contratos en ejecución (SCE) | B111: =+'Saldos de contratos (SCE)'!H250 -> #DIV/0! | C111: =+'Saldos de contratos (SCE)'!H268 -> #DIV/0! | D111: =+'Saldos de contratos (SCE)'!H286 -> #DIV/0! | E111: =+'Saldos de contratos (SCE)'!H304 -> #DIV/0!
A112: CAPACIDAD RESIDUAL DEL OFERENTE | B112: =+((B102*((B104+B107+B109)/100))-B111) -> #VALUE! | C112: =+((C102*((C104+C107+C109)/100))-C111) -> #DIV/0! | D112: =+((D102*((D104+D107+D109)/100))-D111) -> #DIV/0! | E112: =+((E102*((E104+E107+E109)/100))-E111) -> #DIV/0!
E113: =SUM(B112:E112) -> #VALUE! | F113: =+IF(G96="SI",IF(E113>=$B$6,"CUMPLE KR","NO CUMPLE KR"),IF(E113>=$B$5,"CUMPLE KR","NO CUMPLE KR")) -> #VALUE! | G113: =+IF(E113>$B$9,"60 PUNTOS","REVISAR PUNTAJE") -> #VALUE! | H113: Asignación puntaje factor técnico - puntaje por capacidad residual adicional a la mínima exigida
A116: OFERENTE | B116: =VLOOKUP(A117,Conformación!$A$5:$N$129,2,FALSE) -> 0
A117: 5 | B117: =VLOOKUP(A117,Conformación!$A$5:$N$129,4,FALSE) -> ( 0% - 0% - 0%- 0%- 0%) | F117: ANTICIPO (SI / NO) | G117: SI
A120: DESCRIPCIÓN | B120: INTEGRANTE 1 | C120: INTEGRANTE 2 | D120: INTEGRANTE 3 | E120: INTEGRANTE 4 | F120: OBSERVACIONES
B121: =VLOOKUP(A117,Conformación!$A$5:$N$129,5,FALSE) -> 0 | C121: =VLOOKUP(A117,Conformación!$A$5:$N$129,7,FALSE) -> 0 | D121: =VLOOKUP(A117,Conformación!$A$5:$N$129,9,FALSE) -> 0 | E121: =VLOOKUP(A117,Conformación!$A$5:$N$129,11,FALSE) -> 0
B122: =VLOOKUP(A117,Conformación!$A$5:$N$129,6,FALSE) -> 0 | C122: =VLOOKUP(A117,Conformación!$A$5:$N$129,8,FALSE) -> 0 | D122: =VLOOKUP(A117,Conformación!$A$5:$N$129,10,FALSE) -> 0 | E122: =VLOOKUP(A117,Conformación!$A$5:$N$129,12,FALSE) -> 0
A123: Capacidad de Organización (CO) | B123: =B124 -> 0 | C123: =+C124 -> 0 | D123: =+D124 -> 0
A124: Mayor ingreso operacional | G124: FORMATO 18
A125: Puntos * experiencia (E ) | B125: =+IF(AND(B127>$D$16,B127<=$E$16),$F$16,IF(AND(B127>$D$17,B127<=$E$17),$F$17,IF(AND(B127>$D$18,B127<=$E$18),$F$18,IF(B127>$D$19,$F$19,"N/A")))) -> #DIV/0! | C125: =+IF(AND(C127>$D$16,C127<=$E$16),$F$16,IF(AND(C127>$D$17,C127<=$E$17),$F$17,IF(AND(C127>$D$18,C127<=$E$18),$F$18,IF(C127>$D$19,$F$19,"N/A")))) -> #DIV/0! | D125: =+IF(AND(D127>$D$16,D127<=$E$16),$F$16,IF(AND(D127>$D$17,D127<=$E$17),$F$17,IF(AND(D127>$D$18,D127<=$E$18),$F$18,IF(D127>$D$19,$F$19,"N/A")))) -> #DIV/0! | E125: =+IF(AND(E127>$D$16,E127<=$E$16),$F$16,IF(AND(E127>$D$17,E127<=$E$17),$F$17,IF(AND(E127>$D$18,E127<=$E$18),$F$18,IF(E127>$D$19,$F$19,"N/A")))) -> #DIV/0!
...

Sheet Saldos de contratos (SCE)
A1: =+'K-Kr Constructor'!A1:F1 -> FONDO FINANCIERO DE PROYECTOS DE DESARROLLO – FONADE CLIENTE: MINISTERIO DE VIVIENDA, CIUDAD Y TERRITORIO OBJETO: “DIAGNÓSTICO, CONCERTACIÓN, PLAN DE INTERVENCIÓN Y EJECUCIÓN DE LA CONSTRUCCIÓN DEL PROGRAMA DE CONEXIONES INTRADOMICIALIARIAS, EN LOS MUNICIPIOS DE: PUERTO BERRIO – ANTIOQUIA, COTORRA Y LA APARTADA” CONVOCATORIA PÚBLICA CPU 022-2018 GRUPO N° 3 LA APARTADA - CORDOBA
A3: OFERENTE | B3: =VLOOKUP(A4,Conformación!$A$5:$N$129,2,FALSE) -> CONSORCIO INTRA
A4: 3 | B4: =VLOOKUP(A4,Conformación!$A$5:$N$129,4,FALSE) -> (Luis Rafael Castillo Vargas 60% - JORGE HEDDY MENESES RENGIFO 40% - 0%- 0%- 0%)
A6: INTEGRANTE 1
A7: =VLOOKUP(A4,Conformación!$A$5:$N$129,5,FALSE) -> Luis Rafael Castillo Vargas
A8: =VLOOKUP(A4,Conformación!$A$5:$N$129,6,FALSE) -> 0.6
A9: DESCRIPCIÓN | B9: CONTRATO 1 | C9: CONTRATO 2 | D9: CONTRATO 3 | E9: CONTRATO 4 | F9: CONTRATO 5 | G9: CONTRATO 6 | H9: CONTRATO 7 | I9: CONTRATO 8 | J9: CONTRATO 9
A10: Plazo | B10: =8.3*30 -> 249 | C10: =3*30 -> 90
A11: Valor | B11: 5.750025e+09 | C11: 4.357999e+08
A12: Fecha de inicio | B12: 43136 | C12: 43227
A13: Fecha de renicio
A14: Fecha de suspensión
A15: Porcentaje de participación: | B15: 0.6 | C15: 0.1
A16: Fecha de presentación de la oferta objeto del Proceso de Contratación | B16: 43249 | C16: 43249
A17: Días ejecutados | B17: =+B16-B12 -> 113 | C17: =+C16-C12 -> 22
A18: Días por ejecutar | B18: =B10-B17 -> 136 | C18: =+C10-C17 -> 68 | G18: =+G10-G17 -> 0 | H18: =+H10-H17 -> 0 | I18: =+I10-I17 -> 0 | J18: =+J10-J17 -> 0
A19: Saldo diario del contrato en ejecución | B19: =+(B11/(B10*30)) -> 769749 | C19: =+(C11/(C10*30)) -> 161407.37 | D19: =+(D11/(D10*30)) -> #DIV/0! | E19: =+(E11/(E10*30)) -> #DIV/0! | F19: =+(F11/(F10*30)) -> #DIV/0! | G19: =+(G11/(G10*30)) -> #DIV/0! | H19: =+(H11/(H10*30)) -> #DIV/0! | I19: =+(I11/(I10*30)) -> #DIV/0! | J19: =+(J11/(J10*30)) -> #DIV/0!
A20: SALDO DEL CONTRATO EN EJECUCIÓN | B20: =+B19*B18*B15 -> 62811518 | C20: =+C19*C18*C15 -> 1097570.1 | D20: =+D19*D18*D15 -> #DIV/0! | E20: =+E19*E18*E15 -> #DIV/0! | F20: =+F19*F18*F15 -> #DIV/0! | G20: =+G19*G18*G15 -> #DIV/0! | H20: =+H19*H18*H15 -> #DIV/0! | I20: =+I19*I18*I15 -> #DIV/0! | J20: =+J19*J18*J15 -> #DIV/0!
A21: TOTAL DE SALDOS DE CONTRATOS EN EJECUCIÓN | H21: 0 | J21: =SUM(B20:C20) -> 63909088
A23: Nota: En la casilla de los dias por ejecutar que superen los 360 dias. Se debe incluir 360 dias
A25: INTEGRANTE 2
A26: =VLOOKUP(A4,Conformación!$A$5:$N$129,7,FALSE) -> JORGE HEDDY MENESES RENGIFO
A27: =VLOOKUP(A4,Conformación!$A$5:$N$129,8,FALSE) -> 0.4
A28: DESCRIPCIÓN | B28: CONTRATO 1 | C28: CONTRATO 2 | D28: CONTRATO 3 | E28: CONTRATO 4 | F28: CONTRATO 5 | G28: CONTRATO 6 | H28: CONTRATO 7 | I28: CONTRATO 8
A29: Plazo (MESES)
A30: Plazo (DIAS)
A31: Valor
A32: Fecha de inicio
A33: Fecha de suspensión
A34: Fecha de reiensión
A35: Porcentaje de participación:
A36: Fecha de presentación de la oferta objeto del Proceso de Contratación
A37: Días ejecutados | B37: =+B36-B32-14 -> -14 | C37: =+C36-C32-72 -> -72 | D37: =+D36-D32 -> 0 | E37: =+E36-E32 -> 0 | F37: =+F36-F32 -> 0 | G37: =+G36-G32 -> 0 | H37: =+H36-H32 -> 0 | I37: =+I36-I32 -> 0
A38: Días por ejecutar | B38: =+B29-B37 -> 14 | C38: =+C29-C37 -> 72
A39: Saldo diario del contrato en ejecución | B39: =+(B31/(B29*30)) -> #DIV/0! | C39: =+(C31/(C29*30)) -> #DIV/0! | D39: =+(D31/(D29*30)) -> #DIV/0! | E39: =+(E31/(E29*30)) -> #DIV/0! | F39: =+(F31/(F29*30)) -> #DIV/0! | G39: =+(G31/(G29*30)) -> #DIV/0! | H39: =+(H31/(H29*30)) -> #DIV/0! | I39: =+(I31/(I29*30)) -> #DIV/0!
A40: SALDO DEL CONTRATO EN EJECUCIÓN | B40: =+B39*B38*B35 -> #DIV/0! | C40: =+C39*C38*C35 -> #DIV/0! | D40: =+D39*D38*D35 -> #DIV/0! | E40: =+E39*E38*E35 -> #DIV/0! | F40: =+F39*F38*F35 -> #DIV/0! | G40: =+G39*G38*G35 -> #DIV/0! | H40: =+H39*H38*H35 -> #DIV/0! | I40: =+I39*I38*I35 -> #DIV/0!
A41: TOTAL DE SALDOS DE CONTRATOS EN EJECUCIÓN | H41: 0
A43: Nota: En la casilla de los dias por ejecutar que superen los 360 dias. Se debe incluir 360 dias | E43: =+B34-B33 -> 0 | F43: =+C34-C33 -> 0
A44: Si el número de días por ejecutar en un contrato es superior a 12 meses, es decir 360 días, el Saldo del Contrato en Ejecución solo tendrá en cuenta la proporción lineal de 12 meses
A45: INTEGRANTE 3
A46: =VLOOKUP(A4,Conformación!$A$5:$N$129,9,FALSE) -> 0
A47: =VLOOKUP(A4,Conformación!$A$5:$N$129,10,FALSE) -> 0
A48: DESCRIPCIÓN | B48: CONTRATO 1 | C48: CONTRATO 2 | D48: CONTRATO 3 | E48: CONTRATO 4 | F48: CONTRATO 5 | G48: CONTRATO 6 | H48: CONTRATO 7
A49: Plazo
A50: Valor
A51: Fecha de inicio
A52: Fecha de suspensión
A53: Porcentaje de participación: | B53: 0.51 | C53: 1 | D53: 0.33
A54: Fecha de presentación de la oferta objeto del Proceso de Contratación | B54: 43201 | C54: 43201 | D54: 43201 | I54: FECHA DE CIERRE
A55: Días ejecutados | B55: =+B52-B51 -> 0 | C55: =+C54-C51 -> 43201 | D55: =+D54-D51 -> 43201
A56: Días por ejecutar | B56: =+B49-B55 -> 0 | C56: =+C49-C55 -> -43201 | D56: =+D49-D55 -> -43201
A57: Saldo diario del contrato en ejecución | B57: =+(B50/(B49*30)) -> #DIV/0! | C57: =+(C50/(C49*30)) -> #DIV/0! | D57: =+(D50/(D49*30)) -> #DIV/0! | E57: =+(E50/(E49*30)) -> #DIV/0! | F57: =+(F50/(F49*30)) -> #DIV/0! | G57: =+(G50/(G49*30)) -> #DIV/0! | H57: =+(H50/(H49*30)) -> #DIV/0!
A58: SALDO DEL CONTRATO EN EJECUCIÓN | B58: =+B57*B56*B53 -> #DIV/0! | C58: =+C57*C56*C53 -> #DIV/0! | D58: =+D57*D56*D53 -> #DIV/0! | E58: =+E57*E56*E53 -> #DIV/0! | F58: =+F57*F56*F53 -> #DIV/0! | G58: =+G57*G56*G53 -> #DIV/0! | H58: =+H57*H56*H53 -> #DIV/0!
A59: TOTAL DE SALDOS DE CONTRATOS EN EJECUCIÓN | H59: =SUM(B58:D58) -> #DIV/0!
A61: Nota: En la casilla de los dias por ejecutar que superen los 360 dias. Se debe incluir 360 dias
A63: INTEGRANTE 4
A64: =VLOOKUP(A4,Conformación!$A$5:$N$129,11,FALSE) -> 0
A65: =VLOOKUP(A4,Conformación!$A$5:$N$129,12,FALSE) -> 0
A66: DESCRIPCIÓN | B66: CONTRATO 1 | C66: CONTRATO 2 | D66: CONTRATO 3 | E66: CONTRATO 4 | F66: CONTRATO 5 | G66: CONTRATO 6 | H66: CONTRATO 7
A67: Plazo
A68: Valor
A69: Fecha de inicio
A70: Porcentaje de participación:
A71: Fecha de presentación de la oferta objeto del Proceso de Contratación | I71: FECHA DE CIERRE
A72: Días ejecutados
A73: Días por ejecutar
A74: Saldo diario del contrato en ejecución | B74: =+(B68/(B67*30)) -> #DIV/0! | C74: =+(C68/(C67*30)) -> #DIV/0! | D74: =+(D68/(D67*30)) -> #DIV/0! | E74: =+(E68/(E67*30)) -> #DIV/0! | F74: =+(F68/(F67*30)) -> #DIV/0! | G74: =+(G68/(G67*30)) -> #DIV/0! | H74: =+(H68/(H67*30)) -> #DIV/0!
A75: SALDO DEL CONTRATO EN EJECUCIÓN | B75: =+B74*B73*B70 -> #DIV/0! | C75: =+C74*C73*C70 -> #DIV/0! | D75: =+D74*D73*D70 -> #DIV/0! | E75: =+E74*E73*E70 -> #DIV/0! | F75: =+F74*F73*F70 -> #DIV/0! | G75: =+G74*G73*G70 -> #DIV/0! | H75: =+H74*H73*H70 -> #DIV/0!
A76: TOTAL DE SALDOS DE CONTRATOS EN EJECUCIÓN | H76: =SUM(B75:H75) -> #DIV/0!
A78: Nota: En la casilla de los dias por ejecutar que superen los 360 dias. Se debe incluir 360 dias
A81: OFERENTE | B81: =VLOOKUP(A82,Conformación!$A$5:$N$129,2,FALSE) -> CONSORCIO INTRADOMICILIARIAS 2018
A82: 4 | B82: =VLOOKUP(A82,Conformación!$A$5:$N$129,4,FALSE) -> (WILLIAM CARDONA OLMOS SAS 30% - William Cardona Olmos 70% - 0%- 0%- 0%)
A84: INTEGRANTE 1
A85: =VLOOKUP(A82,Conformación!$A$5:$N$129,5,FALSE) -> WILLIAM CARDONA OLMOS SAS
A86: =VLOOKUP(A82,Conformación!$A$5:$N$129,6,FALSE) -> 0.3
A87: DESCRIPCIÓN | B87: CONTRATO 1 | C87: CONTRATO 2 | D87: CONTRATO 3 | E87: CONTRATO 4 | F87: CONTRATO 5 | G87: CONTRATO 6 | H87: CONTRATO 7 | I87: CONTRATO 8
A88: Plazo | B88: =8*30 -> 240 | C88: =3*30 -> 90 | D88: =5*30 -> 150 | E88: =14*30 -> 420 | F88: =6*30 -> 180 | G88: =7*30 -> 210 | H88: =13*30 -> 390 | I88: =16*30 -> 480
A89: Valor | B89: 4539201998 | C89: 454608067 | D89: 558608749 | E89: 5299000000 | F89: 2039677198 | G89: 1416483960 | H89: 904447560 | I89: 6.8444185e+09
A90: Fecha de inicio | B90: 43249 | C90: 43249 | D90: 43192 | E90: 43174 | F90: 43122 | G90: 43075 | H90: 42734 | I90: 42502
A91: Porcentaje de participación: | B91: 0.6 | C91: 0.9 | D91: 0.3 | E91: 0.2 | F91: 0.1 | G91: 0.7 | H91: 0.9 | I91: 0.14
A92: Fecha de presentación de la oferta objeto del Proceso de Contratación | B92: 43249 | C92: 43249 | D92: 43249 | E92: 43249 | F92: 43249 | G92: 43249 | H92: 43249 | I92: 43249
A93: Fecha de suspensión | H93: 42880
A94: Días ejecutados | B94: =+B92-B90 -> 0 | C94: =+C92-C90 -> 0 | D94: =+D92-D90 -> 57 | E94: =+E92-E90 -> 75 | F94: =+F92-F90 -> 127 | G94: =+G92-G90 -> 174 | H94: =+H93-H90 -> 146 | I94: =+I92-I90 -> 747
A95: Días por ejecutar | B95: =+B88-B94 -> 240 | C95: =+C88-C94 -> 90 | D95: =+D88-D94 -> 93 | E95: =+E88-E94 -> 345 | F95: =+F88-F94 -> 53 | G95: =+G88-G94 -> 36 | H95: =+H88-H94 -> 244 | I95: =+I88-I94 -> -267
A96: Saldo diario del contrato en ejecución | B96: =+(B89/(B88*30)) -> 630444.72 | C96: =+(C89/(C88*30)) -> 168373.36 | D96: =+(D89/(D88*30)) -> 124135.28 | E96: =+(E89/(E88*30)) -> 420555.56 | F96: =+(F89/(F88*30)) -> 377718 | G96: =+(G89/(G88*30)) -> 224838.72 | H96: =+(H89/(H88*30)) -> 77303.21 | I96: =+(I89/(I88*30)) -> 475306.84
A97: SALDO DEL CONTRATO EN EJECUCIÓN | B97: =+B96*B95*B91 -> 90784040 | C97: =+C96*C95*C91 -> 13638242 | D97: =+D96*D95*D91 -> 3463374.2 | E97: =+E89*E91 -> 1059800000 | F97: =+F89*F91 -> 2.0396772e+08 | G97: =+G89*G91 -> 9.9153877e+08 | H97: =+H89*H91 -> 814002804 | I97: =+I89*I91 -> 9.5821859e+08
A98: TOTAL DE SALDOS DE CONTRATOS EN EJECUCIÓN | H98: =SUM(B97:I97) -> 4.1354135e+09
A100: Nota: En la casilla de los dias por ejecutar que superen los 360 dias. Se debe incluir 360 dias
A102: INTEGRANTE 2
A103: =VLOOKUP(A82,Conformación!$A$5:$N$129,7,FALSE) -> William Cardona Olmos
A104: =VLOOKUP(A82,Conformación!$A$5:$N$129,8,FALSE) -> 0.7
A105: DESCRIPCIÓN | B105: CONTRATO 1 | C105: CONTRATO 2 | D105: CONTRATO 3 | E105: CONTRATO 4 | F105: CONTRATO 5 | G105: CONTRATO 6 | H105: CONTRATO 7 | I105: CONTRATO 8 | J105: CONTRATO 9 | K105: CONTRATO 10 | L105: CONTRATO 11 | M105: CONTRATO 12 | N105: CONTRATO 13 | O105: CONTRATO 14 | P105: CONTRATO 15
A106: Plazo | B106: =12.7*30 -> 381 | C106: =6*30 -> 180 | D106: =8*30 -> 240 | E106: =3*30 -> 90 | F106: =5*30 -> 150 | G106: =14*30 -> 420 | H106: =6*30 -> 180 | I106: =6*30 -> 180 | J106: =7*30 -> 210 | K106: =12*30 -> 360 | L106: =5*30 -> 150 | M106: =5.5*30 -> 165 | N106: =13*30 -> 390 | O106: =16*30 -> 480 | P106: =10*30 -> 300
A107: Valor | B107: 6.1390937e+09 | C107: 549996534 | D107: 4539201998 | E107: 454608067 | F107: 558608749 | G107: 5299000000 | H107: 2039677198 | I107: 1336265406 | J107: 1416483960 | K107: 2852951251 | L107: 760025544 | M107: 1271547482 | N107: 904447560 | O107: 6.8444185e+09 | P107: 1544371221
A108: Fecha de inicio | B108: 41893 | C108: 43249 | D108: 43249 | E108: 43249 | F108: 43192 | G108: 43174 | H108: 43122 | I108: 43150 | J108: 43075 | K108: 43032 | L108: 42901 | M108: 42979 | N108: 42734 | O108: 42502 | P108: 42394
A109: Fecha de suspensión | B109: 42538 | M109: 43122 | P109: 42631
A110: Porcentaje de participación: | B110: 0.6 | C110: 0.1 | D110: 0.6 | E110: 0.1 | F110: 0.3 | G110: 0.75 | H110: 0.9 | I110: 0.9 | J110: 0.3 | K110: 0.7 | L110: 0.1 | M110: 1 | N110: 0.1 | O110: 0.01 | P110: 0.33
A111: Fecha de presentación de la oferta objeto del Proceso de Contratación | B111: 43249 | C111: 43249 | D111: 43249 | E111: 43249 | F111: 43249 | G111: 43249 | H111: 43249 | I111: 43249 | J111: 43249 | K111: 43249 | L111: 43249 | M111: 43249 | N111: 43249 | O111: 43249 | P111: 43249
A112: Días ejecutados | B112: =+B109-B108 -> 645 | C112: =+C111-C108 -> 0 | D112: =+D111-D108 -> 0 | E112: =+E111-E108 -> 0 | F112: =+F111-F108 -> 57 | G112: =+G111-G108 -> 75 | H112: =+H111-H108 -> 127 | I112: =+I111-I108 -> 99 | J112: =+J111-J108 -> 174 | ... L112: =+L111-L108 -> 348 | M112: =+M109-M108 -> 143 | N112: =+N111-N108 -> 515 | O112: =+O111-O108 -> 747 | P112: =+P109-P108 -> 237
A113: Días por ejecutar | B113: 0 | C113: =+C106-C112 -> 180 | D113: =+D106-D112 -> 240 | E113: =+E106-E112 -> 90 | F113: =+F106-F112 -> 93 | G113: =+G106-G112 -> 345 | H113: =+H106-H112 -> 53 | I113: =+I106-I112 -> 81 | J113: =+J106-J112 -> 36 | ... P113: =+P106-P112 -> 63
...

Sheet Exp. oferente
A1: =+'K-Kr Constructor'!A1:F1 -> FONDO FINANCIERO DE PROYECTOS DE DESARROLLO – FONADE CLIENTE: MINISTERIO DE VIVIENDA, CIUDAD Y TERRITORIO OBJETO: “DIAGNÓSTICO, CONCERTACIÓN, PLAN DE INTERVENCIÓN Y EJECUCIÓN DE LA CONSTRUCCIÓN DEL PROGRAMA DE CONEXIONES INTRADOMICIALIARIAS, EN LOS MUNICIPIOS DE: PUERTO BERRIO – ANTIOQUIA, COTORRA Y LA APARTADA” CONVOCATORIA PÚBLICA CPU 022-2018 GRUPO N° 3 LA APARTADA - CORDOBA
T2: AÑO | U2: SMMLV
A3: EXPERIENCIA TÉCNICA DEL OFERENTE | T3: 1984 | U3: 11298
T4: 1985 | U4: 13557.6
T5: 1986 | U5: 16811.4
A6: El oferente debe acreditar en su oferta, que cuenta con experiencia específica en: CONSTRUCCIÓN DE EDIFICACIONES Y/O AMPLIACIÓN DE EDIFICACIONES Y/O DE MEJORAMIENTO INTEGRAL DE VIVIENDA Y/O CONSTRUCCIÓN DE REDES DE ALCANTARILLADO PLUVIAL Y/O AMPLIACIÓN DE REDES DE ALCANTARILLADO PLUVIAL, Y/O PROYECTOS DE CONSTRUCCIÓN DE REDES INTRADOMICILIARIA DE ACUEDUCTO Y/O PROYECTOS DE CONSTRUCCIÓN DE REDES INTRADOMICILIARIA DE ALCANTARILLADO Y/O CONSTRUCCIÓN DE REDES DOMICILIARIAS DE ACUEDUCTO Y/O CONSTRUCCIÓN DE REDES DOMICILIARIAS DE ALCANTARILLADO Y/O CONSTRUCCIÓN DE REDES ALCANTARILLADO Y/O AMPLIACIÓN Y/O OPTIMIZACIÓN DE REDES ALCANTARILLADO Y/O CONSTRUCCIÓN DE REDES DE ACUEDUCTO Y/O AMPLIACIÓN Y/U OPTIMIZACIÓN DE REDES ACUEDUCTO. | T6: 1987 | U6: 20509.8
A7: La experiencia debe ser acreditada con la ejecución de mínimo uno (01) y máximo cinco (05) contratos. | T7: 1987 | U7: 20509.8
A8: Los contratos aportados deben sumar, en su conjunto, un valor igual o superior a 2.0 veces el valor del POE para cada grupo, expresado en SMMLV. | T8: 1987 | U8: 20509.8
T9: 1987 | U9: 20509.8
A10: MÍNIMO uno de los contratos aportados, debe ser de valor igual o superior al POE para cada Grupo expresado en SMMLV. | T10: 1987 | U10: 20509.8
T12: 1988 | U12: 25637.4
I13: SMMLV | T13: 1989 | U13: 32559.6
E14: Mínimo uno de los contratos aportados deberá ser igual o superior a1 el valor del POE, expresado en SMMLV | F14: =(+H15/H16) -> 1529.5059 | I14: =H15/H16 -> 1529.5059 | T14: 1990 | U14: 41025
G15: presup.of | H15: =+'K-Kr Constructor'!B5 -> 1194914256 | I15: SMMLV | T15: 1991 | U15: 51716.1
G16: SMMLV 2017 | H16: =+'K-Kr Constructor'!B4 -> 781242 | I16: =+I14*2 -> 3059.0118 | T16: 1992 | U16: 65190
T17: 1993 | U17: 81510
T18: 1994 | U18: 98700
B19: Oferente | C19: 3 | D19: =VLOOKUP(C19,Conformación!$A$5:$N$129,2,FALSE) -> CONSORCIO INTRA | T19: 1995 | U19: 118933.5
D20: =VLOOKUP(C19,Conformación!$A$5:$N$129,4,FALSE) -> (Luis Rafael Castillo Vargas 60% - JORGE HEDDY MENESES RENGIFO 40% - 0%- 0%- 0%) | T20: 1996 | U20: 142125
N21: INTEGRANTES | T21: 1997 | U21: 172005
N22: =+F36 -> Luis Rafael Castillo Vargas | O22: =+F37 -> JORGE HEDDY MENESES RENGIFO | P22: =+F38 -> 0 | Q22: =+F39 -> 0 | R22: =+F40 -> 0 | T22: 1998 | U22: 203826
A23: No | B23: PROPIETARIO O ENTIDAD CONTRATANTE | C23: APORTADA POR | D23: % en Cto | E23: OBJETO | F23: Fecha de Terminación | G23: Folio | H23: VALOR | I23: =+I$13 -> SMMLV | J23: OBSERVACIONES | L23: RUP | N23: =+IF(C24=$N$22,I24,0) -> 0 | O23: =+IF(C24=$O$22,I24,0) -> 3734.1299 | P23: =+IF(C24=$P$22,I24,0) -> 0 | Q23: =+IF(C24=$Q$22,I24,0) -> 0 | R23: =+IF(C24=$R$22,I24,0) -> 0 | T23: 1999 | U23: 236460
A24: 1 | B24: FONADE | C24: JORGE HEDDY MENESES RENGIFO | D24: 1 | E24: LAS OBRAS DE CONSTRUCCION DE AULAS TEMPORALES, MANTENIMIENTO CORRECTIVO Y REPARACION ESTRUCTURAL, PARA ATENDER LAS AFECTACIONES DE LAS INFRAESTRUCTURAS EDUCATIVAS DEL DEPARTAMENTO DEL TOLIMA, PRODUCIDAS POR LA OLA INVERNAL DEL 2010, CONTRATACION QUE SE REALIZA EN EL MARCO DE LA FASE 1 Y 2 DEL PLAN DE ACCION DEL SECTOR EDUCATIVO, EMERGENCIA INVERNAL 2010-2011, DE ACUERDO CON LA DESCRIPCION, ESPECIFICACIONES Y DEMAS CONDICIONES ESTABLECIDAS EN EL PRESENTE DOCUMENTO E INFORMACION TECNICA SUMINISTRADA POR FONADE. | F24: 40771 | H24: 2000000000 | I24: =IF(F24=0,0,IF(F24<$F$13,"FUERA DE TIEMPO",H24*D24/VLOOKUP(YEAR(F24),$T$3:$U$41,2,0))) -> 3734.1299 | K24: =+IF(I24>=$I$14,1,0) -> 1 | L24: 12 | N24: =+IF(C25=$N$22,I25,0) -> 434.50195 | O24: =+IF(C25=$O$22,I25,0) -> 0 | P24: =+IF(C25=$P$22,I25,0) -> 0 | Q24: =+IF(C25=$Q$22,I25,0) -> 0 | R24: =+IF(C25=$R$22,I25,0) -> 0 | T24: 2000 | U24: 260100 | Y24: 275000000
A25: 2 | B25: MUNICIPIO DE AQUITANIA | C25: Luis Rafael Castillo Vargas | D25: 1 | E25: CONSTRUCCION ALCANTARILLADO PLUVIAL CARRERA 9 ENTRE CALLE 6 Y TRANSVERSAL 7 MUNICIPIO DE AQUITANIA. | F25: 40891 | H25: 2.3271924e+08 | I25: =IF(F25=0,0,IF(F25<$F$13,"FUERA DE TIEMPO",H25*D25/VLOOKUP(YEAR(F25),$T$3:$U$41,2,0))) -> 434.50195 | K25: 1 | L25: 20 | N25: =+IF(C26=$N$22,I26,0) -> 1245.1661 | O25: =+IF(C26=$O$22,I26,0) -> 0 | P25: =+IF(C26=$P$22,I26,0) -> 0 | Q25: =+IF(C26=$Q$22,I26,0) -> 0 | R25: =+IF(C26=$R$22,I26,0) -> 0 | T25: 2001 | U25: 286000
A26: 3 | B26: FONADE | C26: Luis Rafael Castillo Vargas | D26: 1 | E26: DISEÑOS, ESTUDIOS TECNICOS Y CONSTRUCCION DE DOCE (12) AULAS Y UNA (1) BATERIA SANITARIA EN EL INSTITUTO TECNICO AGROPECUARIO DEL MUNICIPIO DE UMBITABOYACA, POR EL SISTEMA DE PRECIO GLOBAL FIJO. | F26: 39714 | H26: 5.7464417e+08 | I26: =IF(F26=0,0,IF(F26<$F$13,"FUERA DE TIEMPO",H26*D26/VLOOKUP(YEAR(F26),$T$3:$U$41,2,0))) -> 1245.1661 | K26: 1 | L26: 36 | N26: =+IF(C27=$N$22,I27,0) -> 0 | O26: =+IF(C27=$O$22,I27,0) -> 0 | P26: =+IF(C27=$P$22,I27,0) -> 0 | Q26: =+IF(C27=$Q$22,I27,0) -> 0 | R26: =+IF(C27=$R$22,I27,0) -> 0 | T26: 2002 | U26: 309000
A27: 4 | I27: =IF(F27=0,0,IF(F27<$F$13,"FUERA DE TIEMPO",H27*D27/VLOOKUP(YEAR(F27),$T$3:$U$41,2,0))) -> 0 | K27: =+IF(I27>=$I$14,1,0) -> 0 | L27: 35 | N27: =+IF(C28=$N$22,I28,0) -> 0 | O27: =+IF(C28=$O$22,I28,0) -> 0 | P27: =+IF(C28=$P$22,I28,0) -> 0 | Q27: =+IF(C28=$Q$22,I28,0) -> 0 | R27: =+IF(C28=$R$22,I28,0) -> 0 | T27: 2003 | U27: 332000
A28: 5 | I28: =IF(F28=0,0,IF(F28<$F$13,"FUERA DE TIEMPO",H28*D28/VLOOKUP(YEAR(F28),$T$3:$U$41,2,0))) -> 0 | K28: =+IF(I28>=$I$14,1,0) -> 0 | L28: 36 | N28: =+IF(C29=$N$22,I29,0) -> 0 | O28: =+IF(C29=$O$22,I29,0) -> 0 | P28: =+IF(C29=$P$22,I29,0) -> 0 | Q28: =+IF(C29=$Q$22,I29,0) -> 0 | R28: =+IF(C29=$R$22,I29,0) -> 0 | T28: 2004 | U28: 358000
A29: 6 | I29: =IF(F29=0,0,IF(F29<$F$13,"FUERA DE TIEMPO",H29*D29/VLOOKUP(YEAR(F29),$T$3:$U$36,2,0))) -> 0 | K29: =+IF(I29>=$I$14,1,0) -> 0 | N29: =+IF(C30=$N$22,I30,0) -> 0 | O29: =+IF(C30=$O$22,I30,0) -> 0 | P29: =+IF(C30=$P$22,I30,0) -> 0 | Q29: =+IF(C30=$Q$22,I30,0) -> 0 | R29: =+IF(C30=$R$22,I30,0) -> 0 | T29: 2005 | U29: 381500
A30: 7 | I30: =IF(F30=0,0,IF(F30<$F$13,"FUERA DE TIEMPO",H30*D30/VLOOKUP(YEAR(F30),$T$3:$U$36,2,0))) -> 0 | K30: =+IF(I30>=$I$14,1,0) -> 0 | N30: =+IF(C31=$N$22,I31,0) -> 0 | O30: =+IF(C31=$O$22,I31,0) -> 0 | P30: =+IF(C31=$P$22,I31,0) -> 0 | Q30: =+IF(C31=$Q$22,I31,0) -> 0 | R30: =+IF(C31=$R$22,I31,0) -> 0 | T30: 2006 | U30: 408000
A31: 8 | I31: =IF(F31=0,0,IF(F31<$F$13,"FUERA DE TIEMPO",H31*D31/VLOOKUP(YEAR(F31),$T$3:$U$36,2,0))) -> 0 | K31: =+IF(I31>=$I$14,1,0) -> 0 | N31: =+IF(C32=$N$22,I32,0) -> 0 | O31: =+IF(C32=$O$22,I32,0) -> 0 | P31: =+IF(C32=$P$22,I32,0) -> 0 | Q31: =+IF(C32=$Q$22,I32,0) -> 0 | R31: =+IF(C32=$R$22,I32,0) -> 0 | T31: 2007 | U31: 433700
A32: 9 | I32: =IF(F32=0,0,IF(F32<$F$13,"FUERA DE TIEMPO",H32*D32/VLOOKUP(YEAR(F32),$T$3:$U$36,2,0))) -> 0 | K32: =+IF(I32>=$I$14,1,0) -> 0 | N32: =SUM(N23:N31) -> 1679.6681 | O32: =SUM(O23:O31) -> 3734.1299 | P32: =SUM(P23:P31) -> 0 | Q32: =SUM(Q23:Q31) -> 0 | R32: =SUM(R23:R31) -> 0 | T32: 2008 | U32: 461500
A33: 10 | I33: =IF(F33=0,0,IF(F33<$F$13,"FUERA DE TIEMPO",H33*D33/VLOOKUP(YEAR(F33),$T$3:$U$36,2,0))) -> 0 | K33: =+IF(I33>=$I$14,1,0) -> 0 | T33: 2009 | U33: 496900
H34: TOTAL | I34: =SUM(I24:I33) -> 5413.798 | K34: =SUM(K24:K33) -> 3 | T34: 2010 | U34: 515000
B35: NOTA: VERIFICAR QUE LOS CONTRATOS ESTEN EN EL RUP | I35: =+IF(OR(K34=0,I41>=1),"NO CUMPLE","CUMPLE") -> CUMPLE | J35: =IF(I35="NO CUMPLE","0",IF(I34>=$I$16,"CUMPLE SUMATORIA DE TODOS 2,0 DEL POE",IF(I34<$I$16,"NO CUMPLE SUMATORIA DE TODOS 2,0 DEL POE"))) -> CUMPLE SUMATORIA DE TODOS 2,0 DEL POE | T35: 2011 | U35: 535600
F36: =VLOOKUP(C19,Conformación!$A$5:$N$129,5,FALSE) -> Luis Rafael Castillo Vargas | G36: =VLOOKUP(C19,Conformación!$A$5:$N$129,6,FALSE) -> 0.6 | H36: =+N32 -> 1679.6681 | I36: =+IF(H36<MAX(H36:H40),"",IF(H36=MAX(H36:H40)*AND(SUM(H36:H40)>MAX(H36:H40))*AND((G36>=0.34)),"V.Bo.",IF(H36=MAX(H36:H40)*AND(H36=SUM(H36:H40))*AND(G36>=0.51),"V.Bo.","NO CUMPLE"))) | T36: 2012 | U36: 566700
F37: =VLOOKUP(C19,Conformación!$A$5:$N$129,7,FALSE) -> JORGE HEDDY MENESES RENGIFO | G37: =VLOOKUP(C19,Conformación!$A$5:$N$129,8,FALSE) -> 0.4 | H37: =+O32 -> 3734.1299 | T37: 2013 | U37: 589500
F38: =VLOOKUP(C19,Conformación!$A$5:$N$129,9,FALSE) -> 0 | G38: =VLOOKUP(C19,Conformación!$A$5:$N$129,10,FALSE) -> 0 | H38: =+P32 -> 0 | I38: =+IF(H38<MAX(H36:H40),"",IF(H38=MAX(H36:H40)*AND(SUM(H36:H40)>MAX(H36:H40))*AND((G38>0.34)),"V.Bo.",IF(H38=MAX(H36:H40)*AND(H38=SUM(H36:H40))*AND(G38>=0.51),"V.Bo.","NO CUMPLE"))) | T38: 2014 | U38: 616000
F39: =VLOOKUP(C19,Conformación!$A$5:$N$129,11,FALSE) -> 0 | G39: =VLOOKUP(C19,Conformación!$A$5:$N$129,12,FALSE) -> 0 | H39: =+Q32 -> 0 | I39: =+IF(H39<MAX(H36:H40),"",IF(H39=MAX(H36:H40)*AND(SUM(H36:H40)>MAX(H36:H40))*AND((G39>0.34)),"V.Bo.",IF(H39=MAX(H36:H40)*AND(H39=SUM(H36:H40))*AND(G39>=0.51),"V.Bo.","NO CUMPLE"))) | T39: 2015 | U39: 644350
F40: =VLOOKUP(C19,Conformación!$A$5:$N$129,13,FALSE) -> 0 | G40: =VLOOKUP(C19,Conformación!$A$5:$N$129,14,FALSE) -> 0 | H40: =+R32 -> 0 | I40: =+IF(H40<MAX(H36:H40),"",IF(H40=MAX(H36:H40)*AND(SUM(H36:H40)>MAX(H36:H40))*AND((G40>0.34)),"V.Bo.",IF(H40=MAX(H36:H40)*AND(H40=SUM(H36:H40))*AND(G40>=0.51),"V.Bo.","NO CUMPLE"))) | T40: 2016 | U40: 689454
I41: 0 | T41: 2017 | U41: 717737
B43: Oferente | C43: 4 | D43: =VLOOKUP(C43,Conformación!$A$5:$N$129,2,FALSE) -> CONSORCIO INTRADOMICILIARIAS 2018
D44: =VLOOKUP(C43,Conformación!$A$5:$N$129,4,FALSE) -> (WILLIAM CARDONA OLMOS SAS 30% - William Cardona Olmos 70% - 0%- 0%- 0%)
N45: INTEGRANTES
N46: =+F59 -> WILLIAM CARDONA OLMOS SAS | O46: =+F60 -> William Cardona Olmos | P46: =+F61 -> 0 | Q46: =+F62 -> 0 | R46: =+F63 -> 0
A47: No | B47: PROPIETARIO O ENTIDAD CONTRATANTE | C47: APORTADA POR | D47: % en Cto | E47: OBJETO | F47: Fecha de Terminación | G47: Folio | H47: VALOR | I47: =+I$13 -> SMMLV | J47: OBSERVACIONES | N47: =+IF(C48=$N$46,I48,0) -> 0 | O47: =+IF(C48=$O$46,I48,0) -> 7020.4639 | P47: =+IF(C48=$P$46,I48,0) -> 0 | Q47: =+IF(C48=$Q$46,I48,0) -> 0 | R47: =+IF(C48=$R$46,I48,0) -> 0
A48: 1 | B48: Unidad de Salud de Ibagué E.S.E. USI | C48: WILLIAM CARDONA OLMOS | D48: 1 | E48: Construcción de la segunda etapa de la Unidad Intermedia de salud de los Barrios del Sur en el Municipio de Ibagué, Departamento del Tolima. | F48: 41129 | H48: 3978496918 | I48: =IF(F48=0,0,IF(F48<$F$13,"FUERA DE TIEMPO",H48*D48/VLOOKUP(YEAR(F48),$T$3:$U$41,2,0))) -> 7020.4639 | K48: =+IF(I48>=$I$14,1,0) -> 1 | N48: =+IF(C49=$N$46,I49,0) -> 0 | O48: =+IF(C49=$O$46,I49,0) -> 5015.3347 | P48: =+IF(C49=$P$46,I49,0) -> 0 | Q48: =+IF(C49=$Q$46,I49,0) -> 0 | R48: =+IF(C49=$R$46,I49,0) -> 0
A49: 2 | B49: FONADE | C49: WILLIAM CARDONA OLMOS | D49: 1 | E49: Ejecución de los diseños y estudios técnicos y construcción de un centro de desarrollo infantil (CDI) en el Municipio de Palmira - Valle del Cauca, para 500 cupos. | F49: 41721 | H49: 3089446186 | I49: =IF(F49=0,0,IF(F49<$F$13,"FUERA DE TIEMPO",H49*D49/VLOOKUP(YEAR(F49),$T$3:$U$40,2,0))) -> 5015.3347 | K49: 1 | N49: =+IF(C50=$N$46,I50,0) -> 0 | O49: =+IF(C50=$O$46,I50,0) -> 0 | P49: =+IF(C50=$P$46,I50,0) -> 0 | Q49: =+IF(C50=$Q$46,I50,0) -> 0 | R49: =+IF(C50=$R$46,I50,0) -> 0
A50: 3 | B50: Empresa Ibaguereña de acueducto y Alcantarillado IBAL S.A. E.S.P. OFICIAL | C50: WILLIAM CARDONA OLMOS | E50: Construcción de la Manija (A) San Antonio Carpeta 8-B 106/ Planos 1 de 2 y colector de la Tuza Carpeta 8-BG-9/ Planos 1 y 2 de 9 a cargo del convenio interadministrativo de cooperación No. 0073 del 23 de junio de 2011. | F50: 41400 | H50: 1194089150 | I50: =IF(F50=0,0,IF(F50<$F$13,"FUERA DE TIEMPO",H50*D50/VLOOKUP(YEAR(F50),$T$3:$U$40,2,0))) -> 0 | K50: 1 | N50: =+IF(C51=$N$46,I51,0) -> 0 | O50: =+IF(C51=$O$46,I51,0) -> 6174.6502 | P50: =+IF(C51=$P$46,I51,0) -> 0 | Q50: =+IF(C51=$Q$46,I51,0) -> 0 | R50: =+IF(C51=$R$46,I51,0) -> 0
A51: 4 | B51: Empresa de Vivienda de Antioquia VIVA | C51: WILLIAM CARDONA OLMOS | D51: 1 | E51: Construccion del Parque Educativo en los Municipios de San Luis y San Francisco en el Departamneto de Antioquia | F51: 42189 | H51: 3978635872 | I51: =IF(F51=0,0,IF(F51<$F$13,"FUERA DE TIEMPO",H51*D51/VLOOKUP(YEAR(F51),$T$3:$U$40,2,0))) -> 6174.6502 | K51: 1 | N51: =+IF(C52=$N$46,I52,0) -> 0 | O51: =+IF(C52=$O$46,I52,0) -> 3118.2884 | P51: =+IF(C52=$P$46,I52,0) -> 0 | Q51: =+IF(C52=$Q$46,I52,0) -> 0 | R51: =+IF(C52=$R$46,I52,0) -> 0
A52: 5 | B52: Gobernación de Antioquia | C52: WILLIAM CARDONA OLMOS | D52: 1 | E52: Construccion del Parque Educativo del Municipio de Arboletes en el Departamento de Antioquia | F52: 42369 | H52: 2009269125 | I52: =IF(F52=0,0,IF(F52<$F$13,"FUERA DE TIEMPO",H52*D52/VLOOKUP(YEAR(F52),$T$3:$U$41,2,0))) -> 3118.2884 | K52: 1 | N52: =+IF(C53=$N$46,I53,0) -> 0 | O52: =+IF(C53=$O$46,I53,0) -> 0 | P52: =+IF(C53=$P$46,I53,0) -> 0 | Q52: =+IF(C53=$Q$46,I53,0) -> 0 | R52: =+IF(C53=$R$46,I53,0) -> 0
A53: 6 | I53: =IF(F53=0,0,IF(F53<$F$13,"FUERA DE TIEMPO",H53*D53/VLOOKUP(YEAR(F53),$T$3:$U$36,2,0))) -> 0 | K53: =+IF(I53>=$I$14,1,0) -> 0 | N53: =+IF(C54=$N$46,I54,0) -> 0 | O53: =+IF(C54=$O$46,I54,0) -> 0 | P53: =+IF(C54=$P$46,I54,0) -> 0 | Q53: =+IF(C54=$Q$46,I54,0) -> 0 | R53: =+IF(C54=$R$46,I54,0) -> 0
A54: 7 | I54: =IF(F54=0,0,IF(F54<$F$13,"FUERA DE TIEMPO",H54*D54/VLOOKUP(YEAR(F54),$T$3:$U$36,2,0))) -> 0 | K54: =+IF(I54>=$I$14,1,0) -> 0 | N54: =+IF(C55=$N$46,I55,0) -> 0 | O54: =+IF(C55=$O$46,I55,0) -> 0 | P54: =+IF(C55=$P$46,I55,0) -> 0 | Q54: =+IF(C55=$Q$46,I55,0) -> 0 | R54: =+IF(C55=$R$46,I55,0) -> 0
A55: 8 | I55: =IF(F55=0,0,IF(F55<$F$13,"FUERA DE TIEMPO",H55*D55/VLOOKUP(YEAR(F55),$T$3:$U$36,2,0))) -> 0 | K55: =+IF(I55>=$I$14,1,0) -> 0 | N55: =+IF(C56=$N$46,I56,0) -> 0 | O55: =+IF(C56=$O$46,I56,0) -> 0 | P55: =+IF(C56=$P$46,I56,0) -> 0 | Q55: =+IF(C56=$Q$46,I56,0) -> 0 | R55: =+IF(C56=$R$46,I56,0) -> 0
A56: 9 | I56: =IF(F56=0,0,IF(F56<$F$13,"FUERA DE TIEMPO",H56*D56/VLOOKUP(YEAR(F56),$T$3:$U$36,2,0))) -> 0 | K56: =+IF(I56>=$I$14,1,0) -> 0 | N56: =SUM(N47:N55) -> 0 | O56: =SUM(O47:O55) -> 21328.737 | P56: =SUM(P47:P55) -> 0 | Q56: =SUM(Q47:Q55) -> 0 | R56: =SUM(R47:R55) -> 0
H57: TOTAL | I57: =SUM(I48:I56) -> 21328.737 | K57: =SUM(K48:K56) -> 5
I58: =+IF(OR(K57=0,I64>=1),"NO CUMPLE","CUMPLE") -> CUMPLE | J58: =IF(I58="NO CUMPLE","0",IF(I57>=$I$16,"CUMPLE SUMATORIA DE TODOS 2,0 DEL POE",IF(I57<$I$16,"NO CUMPLE SUMATORIA DE TODOS 2,0 DEL POE"))) -> CUMPLE SUMATORIA DE TODOS 2,0 DEL POE | K58: =SUM(K49:K57) -> 9
F59: =VLOOKUP(C43,Conformación!$A$5:$N$129,5,FALSE) -> WILLIAM CARDONA OLMOS SAS | G59: =VLOOKUP(C43,Conformación!$A$5:$N$129,6,FALSE) -> 0.3 | H59: =+N56 -> 0 | I59: =+IF(H59<MAX(H59:H63),"",IF(H59=MAX(H58:H62)*AND(SUM(H58:H62)>MAX(H58:H62))*AND((G59>0.34)),"V.Bo.",IF(H59=MAX(H58:H62)*AND(H59=SUM(H58:H62))*AND(G59>=0.51),"V.Bo.","NO CUMPLE")))
F60: =VLOOKUP(C43,Conformación!$A$5:$N$129,7,FALSE) -> William Cardona Olmos | G60: =VLOOKUP(C43,Conformación!$A$5:$N$129,8,FALSE) -> 0.7 | H60: =+O56 -> 21328.737
F61: =VLOOKUP(C43,Conformación!$A$5:$N$129,9,FALSE) -> 0 | G61: =VLOOKUP(C43,Conformación!$A$5:$N$129,10,FALSE) -> 0 | H61: =+P56 -> 0 | I61: =+IF(H61<MAX(H59:H63),"",IF(H61=MAX(H59:H63)*AND(SUM(H59:H63)>MAX(H59:H63))*AND((G61>0.34)),"V.Bo.",IF(H61=MAX(H59:H63)*AND(H61=SUM(H59:H63))*AND(G61>=0.51),"V.Bo.","NO CUMPLE")))
F62: =VLOOKUP(C43,Conformación!$A$5:$N$129,11,FALSE) -> 0 | G62: =VLOOKUP(C43,Conformación!$A$5:$N$129,12,FALSE) -> 0 | H62: =+Q56 -> 0 | I62: =+IF(H62<MAX(H59:H63),"",IF(H62=MAX(H59:H63)*AND(SUM(H59:H63)>MAX(H59:H63))*AND((G62>0.34)),"V.Bo.",IF(H62=MAX(H59:H63)*AND(H62=SUM(H59:H63))*AND(G62>=0.51),"V.Bo.","NO CUMPLE")))
F63: =VLOOKUP(C43,Conformación!$A$5:$N$129,13,FALSE) -> 0 | G63: =VLOOKUP(C43,Conformación!$A$5:$N$129,14,FALSE) -> 0 | H63: =+R56 -> 0 | I63: =+IF(H63<MAX(H59:H63),"",IF(H63=MAX(H59:H63)*AND(SUM(H59:H63)>MAX(H59:H63))*AND((G63>0.34)),"V.Bo.",IF(H63=MAX(H59:H63)*AND(H63=SUM(H59:H63))*AND(G63>=0.51),"V.Bo.","NO CUMPLE")))
I64: 0
B66: Oferente | C66: 3 | D66: =VLOOKUP(C66,Conformación!$A$5:$N$129,2,FALSE) -> CONSORCIO INTRA
D67: =VLOOKUP(C66,Conformación!$A$5:$N$129,4,FALSE) -> (Luis Rafael Castillo Vargas 60% - JORGE HEDDY MENESES RENGIFO 40% - 0%- 0%- 0%)
N68: INTEGRANTES
N69: =+F78 -> Luis Rafael Castillo Vargas | O69: =+F79 -> JORGE HEDDY MENESES RENGIFO | P69: =+F80 -> 0 | Q69: =+F81 -> 0 | R69: =+F82 -> 0
A70: No | B70: PROPIETARIO O ENTIDAD CONTRATANTE | C70: APORTADA POR | D70: % en Cto | E70: OBJETO | F70: Fecha de Terminación | G70: Folio | H70: VALOR | I70: =+I$13 -> SMMLV | J70: OBSERVACIONES | N70: =+IF(C71=$N$69,I71,0) -> 0 | O70: =+IF(C71=$O$69,I71,0) -> 0 | P70: =+IF(C71=$P$69,I71,0) -> 0 | Q70: =+IF(C71=$Q$69,I71,0) -> 0 | R70: =+IF(C71=$R$69,I71,0) -> 0
A71: 1 | I71: =IF(F71=0,0,IF(F71<$F$13,"FUERA DE TIEMPO",H71*D71/VLOOKUP(YEAR(F71),$T$3:$U$40,2,0))) -> 0 | K71: =+IF(I71>=$I$14,1,0) -> 0 | N71: =+IF(C72=$N$69,I72,0) -> 0 | O71: =+IF(C72=$O$69,I72,0) -> 0 | P71: =+IF(C72=$P$69,I72,0) -> 0 | Q71: =+IF(C72=$Q$69,I72,0) -> 0 | R71: =+IF(C72=$R$69,I72,0) -> 0
A72: 2 | I72: =IF(F72=0,0,IF(F72<$F$13,"FUERA DE TIEMPO",H72*D72/VLOOKUP(YEAR(F72),$T$3:$U$40,2,0))) -> 0 | K72: =+IF(I72>=$I$14,1,0) -> 0 | N72: =+IF(C73=$N$69,I73,0) -> 0 | O72: =+IF(C73=$O$69,I73,0) -> 0 | P72: =+IF(C73=$P$69,I73,0) -> 0 | Q72: =+IF(C73=$Q$69,I73,0) -> 0 | R72: =+IF(C73=$R$69,I73,0) -> 0
A73: 3 | I73: =IF(F73=0,0,IF(F73<$F$13,"FUERA DE TIEMPO",H73*D73/VLOOKUP(YEAR(F73),$T$3:$U$40,2,0))) -> 0 | K73: =+IF(I73>=$I$14,1,0) -> 0 | N73: =+IF(C74=$N$69,I74,0) -> 0 | O73: =+IF(C74=$O$69,I74,0) -> 0 | P73: =+IF(C74=$P$69,I74,0) -> 0 | Q73: =+IF(C74=$Q$69,I74,0) -> 0 | R73: =+IF(C74=$R$69,I74,0) -> 0
A74: 4 | I74: =IF(F74=0,0,IF(F74<$F$13,"FUERA DE TIEMPO",H74*D74/VLOOKUP(YEAR(F74),$T$3:$U$40,2,0))) -> 0 | K74: =+IF(I74>=$I$14,1,0) -> 0 | N74: =+IF(C75=$N$69,I75,0) -> 0 | O74: =+IF(C75=$O$69,I75,0) -> 0 | P74: =+IF(C75=$P$69,I75,0) -> 0 | Q74: =+IF(C75=$Q$69,I75,0) -> 0 | R74: =+IF(C75=$R$69,I75,0) -> 0
A75: 5 | I75: =IF(F75=0,0,IF(F75<$F$13,"FUERA DE TIEMPO",H75*D75/VLOOKUP(YEAR(F75),$T$3:$U$40,2,0))) -> 0 | K75: =+IF(I75>=$I$14,1,0) -> 0 | N75: =+IF(#REF!=$N$69,#REF!,0) -> #REF! | O75: =+IF(#REF!=$O$69,#REF!,0) -> #REF! | P75: =+IF(#REF!=$P$69,#REF!,0) -> #REF! | Q75: =+IF(#REF!=$Q$69,#REF!,0) -> #REF! | R75: =+IF(#REF!=$R$69,#REF!,0) -> #REF!
I76: =SUM(I71:I75) -> 0 | K76: =SUM(K71:K75) -> 0
I77: =+IF(OR(K76=0,I83>=1),"NO CUMPLE","CUMPLE") -> NO CUMPLE | J77: =IF(I77="NO CUMPLE","0",IF(I76>=$I$16,"CUMPLE SUMATORIA DE TODOS 2,0 DEL POE",IF(I76<$I$16,"NO CUMPLE SUMATORIA DE TODOS 2,0 DEL POE"))) -> 0
F78: =VLOOKUP(C66,Conformación!$A$5:$N$129,5,FALSE) -> Luis Rafael Castillo Vargas | G78: =VLOOKUP(C66,Conformación!$A$5:$N$129,6,FALSE) -> 0.6 | H78: =+#REF! -> #REF! | I78: =+IF(H78<MAX(H78:H82),"",IF(H78=MAX(H78:H82)*AND(SUM(H78:H82)>MAX(H78:H82))*AND((G78>=0.34)),"V.Bo.",IF(H78=MAX(H78:H82)*AND(H78=SUM(H78:H82))*AND(G78>=0.51),"V.Bo.","NO CUMPLE"))) -> #REF! | T78: =+H71*20% -> 0
F79: =VLOOKUP(C66,Conformación!$A$5:$N$129,7,FALSE) -> JORGE HEDDY MENESES RENGIFO | G79: =VLOOKUP(C66,Conformación!$A$5:$N$129,8,FALSE) -> 0.4 | H79: =+#REF! -> #REF! | I79: =+IF(H79<MAX(H78:H82),"",IF(H79=MAX(H78:H82)*AND(SUM(H78:H82)>MAX(H78:H82))*AND((G79>=0.34)),"V.Bo.",IF(H79=MAX(H78:H82)*AND(H79=SUM(H78:H82))*AND(G79>=0.51),"V.Bo.","NO CUMPLE"))) -> #REF! | T79: =+T78/U36 -> 0
F80: =VLOOKUP(C66,Conformación!$A$5:$N$129,9,FALSE) -> 0 | G80: =VLOOKUP(C66,Conformación!$A$5:$N$129,10,FALSE) -> 0 | H80: =+#REF! -> #REF! | I80: =+IF(H80<MAX(H78:H82),"",IF(H80=MAX(H78:H82)*AND(SUM(H78:H82)>MAX(H78:H82))*AND((G80>0.34)),"V.Bo.",IF(H80=MAX(H78:H82)*AND(H80=SUM(H78:H82))*AND(G80>=0.51),"V.Bo.","NO CUMPLE"))) -> #REF!
F81: =VLOOKUP(C66,Conformación!$A$5:$N$129,11,FALSE) -> 0 | G81: =VLOOKUP(C66,Conformación!$A$5:$N$129,12,FALSE) -> 0 | H81: =+#REF! -> #REF! | I81: =+IF(H81<MAX(H78:H82),"",IF(H81=MAX(H78:H82)*AND(SUM(H78:H82)>MAX(H78:H82))*AND((G81>0.64)),"V.Bo.",IF(H81=MAX(H78:H82)*AND(H81=SUM(H78:H82))*AND(G81>=0.51),"V.Bo.","NO CUMPLE"))) -> #REF!
F82: =VLOOKUP(C66,Conformación!$A$5:$N$129,13,FALSE) -> 0 | G82: =VLOOKUP(C66,Conformación!$A$5:$N$129,14,FALSE) -> 0 | H82: =+#REF! -> #REF! | I82: =+IF(H82<MAX(H78:H82),"",IF(H82=MAX(H78:H82)*AND(SUM(H78:H82)>MAX(H78:H82))*AND((G82>0.34)),"V.Bo.",IF(H82=MAX(H78:H82)*AND(H82=SUM(H78:H82))*AND(G82>=0.51),"V.Bo.","NO CUMPLE"))) -> #REF!
I83: =+COUNTIF(I78:I82,"NO CUMPLE") -> 0
B85: Oferente | C85: 1 | D85: =VLOOKUP(C85,Conformación!$A$5:$N$129,2,FALSE) -> #N/A | I85: =IF(LEN(F90)>0,H90*D90/LOOKUP(YEAR(F90),$T$3:$U$33),"")
D86: =VLOOKUP(C85,Conformación!$A$5:$N$129,4,FALSE) -> #N/A
N87: INTEGRANTES
N88: =+F102 -> #N/A | O88: =+F103 -> #N/A | P88: =+F104 -> #N/A | Q88: =+F105 -> #N/A | R88: =+F106 -> #N/A
A89: No | B89: PROPIETARIO O ENTIDAD CONTRATANTE | C89: APORTADA POR | D89: % en Cto | E89: OBJETO | F89: Fecha de Terminación | G89: Folio | H89: VALOR | I89: =+I$13 -> SMMLV | J89: OBSERVACIONES | N89: =+IF(C90=$N$88,I90,0) -> #N/A | O89: =+IF(C90=$O$88,I90,0) -> #N/A | P89: =+IF(C90=$P$88,I90,0) -> #N/A | Q89: =+IF(C90=$Q$88,I90,0) -> #N/A | R89: =+IF(C90=$R$88,I90,0) -> #N/A
A90: 1 | I90: =IF(F90=0,0,IF(F90<$F$13,"FUERA DE TIEMPO",H90*D90/VLOOKUP(YEAR(F90),$T$3:$U$41,2,0))) -> 0 | K90: =+IF(I90>=$I$14,1,0) -> 0 | N90: =+IF(C91=$N$88,I91,0) -> #N/A | O90: =+IF(C91=$O$88,I91,0) -> #N/A | P90: =+IF(C91=$P$88,I91,0) -> #N/A | Q90: =+IF(C91=$Q$88,I91,0) -> #N/A | R90: =+IF(C91=$R$88,I91,0) -> #N/A
A91: 2 | I91: =IF(F91=0,0,IF(F91<$F$13,"FUERA DE TIEMPO",H91*D91/VLOOKUP(YEAR(F91),$T$3:$U$40,2,0))) -> 0 | K91: =+IF(I91>=$I$14,1,0) -> 0 | N91: =+IF(C92=$N$88,I92,0) -> #N/A | O91: =+IF(C92=$O$88,I92,0) -> #N/A | P91: =+IF(C92=$P$88,I92,0) -> #N/A | Q91: =+IF(C92=$Q$88,I92,0) -> #N/A | R91: =+IF(C92=$R$88,I92,0) -> #N/A
A92: 3 | I92: =IF(F92=0,0,IF(F92<$F$13,"FUERA DE TIEMPO",H92*D92/VLOOKUP(YEAR(F92),$T$3:$U$40,2,0))) -> 0 | K92: =+IF(I92>=$I$14,1,0) -> 0 | N92: =+IF(C93=$N$88,I93,0) -> #N/A | O92: =+IF(C93=$O$88,I93,0) -> #N/A | P92: =+IF(C93=$P$88,I93,0) -> #N/A | Q92: =+IF(C93=$Q$88,I93,0) -> #N/A | R92: =+IF(C93=$R$88,I93,0) -> #N/A
A93: 4 | I93: =IF(F93=0,0,IF(F93<$F$13,"FUERA DE TIEMPO",H93*D93/VLOOKUP(YEAR(F93),$T$3:$U$40,2,0))) -> 0 | K93: =+IF(I93>=$I$14,1,0) -> 0 | N93: =+IF(C94=$N$88,I94,0) -> #N/A | O93: =+IF(C94=$O$88,I94,0) -> #N/A | P93: =+IF(C94=$P$88,I94,0) -> #N/A | Q93: =+IF(C94=$Q$88,I94,0) -> #N/A | R93: =+IF(C94=$R$88,I94,0) -> #N/A
A94: 5 | I94: =IF(F94=0,0,IF(F94<$F$13,"FUERA DE TIEMPO",H94*D94/VLOOKUP(YEAR(F94),$T$3:$U$40,2,0))) -> 0 | K94: =+IF(I94>=$I$14,1,0) -> 0 | N94: =+IF(C95=$N$88,I95,0) -> #N/A | O94: =+IF(C95=$O$88,I95,0) -> #N/A | P94: =+IF(C95=$P$88,I95,0) -> #N/A | Q94: =+IF(C95=$Q$88,I95,0) -> #N/A | R94: =+IF(C95=$R$88,I95,0) -> #N/A
A95: 6 | I95: =IF(F95=0,0,IF(F95<$F$13,"FUERA DE TIEMPO",H95*D95/VLOOKUP(YEAR(F95),$T$3:$U$40,2,0))) -> 0 | K95: =+IF(I95>=$I$14,1,0) -> 0 | N95: =+IF(C96=$N$88,I96,0) -> #N/A | O95: =+IF(C96=$O$88,I96,0) -> #N/A | P95: =+IF(C96=$P$88,I96,0) -> #N/A | Q95: =+IF(C96=$Q$88,I96,0) -> #N/A | R95: =+IF(C96=$R$88,I96,0) -> #N/A
A96: 7 | I96: =IF(F96=0,0,IF(F96<$F$13,"FUERA DE TIEMPO",H96*D96/VLOOKUP(YEAR(F96),$T$3:$U$40,2,0))) -> 0 | K96: =+IF(I96>=$I$14,1,0) -> 0 | N96: =+IF(C97=$N$88,I97,0) -> #N/A | O96: =+IF(C97=$O$88,I97,0) -> #N/A | P96: =+IF(C97=$P$88,I97,0) -> #N/A | Q96: =+IF(C97=$Q$88,I97,0) -> #N/A | R96: =+IF(C97=$R$88,I97,0) -> #N/A
A97: 8 | I97: =IF(F97=0,0,IF(F97<$F$13,"FUERA DE TIEMPO",H97*D97/VLOOKUP(YEAR(F97),$T$3:$U$36,2,0))) -> 0 | K97: =+IF(I97>=$I$14,1,0) -> 0 | N97: =+IF(C98=$N$88,I98,0) -> #N/A | O97: =+IF(C98=$O$88,I98,0) -> #N/A | P97: =+IF(C98=$P$88,I98,0) -> #N/A | Q97: =+IF(C98=$Q$88,I98,0) -> #N/A | R97: =+IF(C98=$R$88,I98,0) -> #N/A
A98: 9 | I98: =IF(F98=0,0,IF(F98<$F$13,"FUERA DE TIEMPO",H98*D98/VLOOKUP(YEAR(F98),$T$3:$U$36,2,0))) -> 0 | K98: =+IF(I98>=$I$14,1,0) -> 0 | N98: =+IF(C99=$N$88,I99,0) -> #N/A | O98: =+IF(C99=$O$88,I99,0) -> #N/A | P98: =+IF(C99=$P$88,I99,0) -> #N/A | Q98: =+IF(C99=$Q$88,I99,0) -> #N/A | R98: =+IF(C99=$R$88,I99,0) -> #N/A
A99: 10 | I99: =IF(F99=0,0,IF(F99<$F$13,"FUERA DE TIEMPO",H99*D99/VLOOKUP(YEAR(F99),$T$3:$U$36,2,0))) -> 0 | K99: =+IF(I99>=$I$14,1,0) -> 0 | N99: =SUM(N89:N98) -> #N/A | O99: =SUM(O89:O98) -> #N/A | P99: =SUM(P89:P98) -> #N/A | Q99: =SUM(Q89:Q98) -> #N/A | R99: =SUM(R89:R98) -> #N/A
H100: TOTAL | I100: =SUM(I90:I99) -> 0 | K100: =SUM(K90:K99) -> 0
I101: =+IF(OR(K100=0,I107>=1),"NO CUMPLE","CUMPLE") -> NO CUMPLE | J101: =IF(I101="NO CUMPLE","0",IF(I100>=$I$16,"CUMPLE SUMATORIA DE TODOS 2,0 DEL POE",IF(I100<$I$16,"NO CUMPLE SUMATORIA DE TODOS 2,0 DEL POE"))) -> 0
F102: =VLOOKUP(C85,Conformación!$A$5:$N$129,5,FALSE) -> #N/A | G102: =VLOOKUP(C85,Conformación!$A$5:$N$129,6,FALSE) -> #N/A | H102: =+N99 -> #N/A | I102: =+IF(H102<MAX(H102:H106),"",IF(H102=MAX(H102:H106)*AND(SUM(H102:H106)>MAX(H102:H106))*AND((G102>0.34)),"V.Bo.",IF(H102=MAX(H102:H106)*AND(H102=SUM(H102:H106))*AND(G102>=0.51),"V.Bo.","NO CUMPLE"))) -> #N/A
F103: =VLOOKUP(C85,Conformación!$A$5:$N$129,7,FALSE) -> #N/A | G103: =VLOOKUP(C85,Conformación!$A$5:$N$129,8,FALSE) -> #N/A | H103: =+O99 -> #N/A | I103: =+IF(H103<MAX(H102:H106),"",IF(H103=MAX(H102:H106)*AND(SUM(H102:H106)>MAX(H102:H106))*AND((G103>0.34)),"V.Bo.",IF(H103=MAX(H102:H106)*AND(H103=SUM(H102:H106))*AND(G103>=0.51),"V.Bo.","NO CUMPLE"))) -> #N/A
F104: =VLOOKUP(C85,Conformación!$A$5:$N$129,9,FALSE) -> #N/A | G104: =VLOOKUP(C85,Conformación!$A$5:$N$129,10,FALSE) -> #N/A | H104: =+P99 -> #N/A | I104: =+IF(H104<MAX(H102:H106),"",IF(H104=MAX(H102:H106)*AND(SUM(H102:H106)>MAX(H102:H106))*AND((G104>0.34)),"V.Bo.",IF(H104=MAX(H102:H106)*AND(H104=SUM(H102:H106))*AND(G104>=0.51),"V.Bo.","NO CUMPLE"))) -> #N/A
...

Sheet Exp. profesionales
A1: =+'K-Kr Constructor'!A1:F1 -> FONDO FINANCIERO DE PROYECTOS DE DESARROLLO – FONADE CLIENTE: MINISTERIO DE VIVIENDA, CIUDAD Y TERRITORIO OBJETO: “DIAGNÓSTICO, CONCERTACIÓN, PLAN DE INTERVENCIÓN Y EJECUCIÓN DE LA CONSTRUCCIÓN DEL PROGRAMA DE CONEXIONES INTRADOMICIALIARIAS, EN LOS MUNICIPIOS DE: PUERTO BERRIO – ANTIOQUIA, COTORRA Y LA APARTADA” CONVOCATORIA PÚBLICA CPU 022-2018 GRUPO N° 3 LA APARTADA - CORDOBA | P1: 1957 | Q1: 155.4
P2: 1958 | Q2: 155.4
P3: 1959 | Q3: 155.4
A4: REQUISITOS MINIMOS - PERSONAL PRINCIPAL REQUERIDO - CUMPLE/ NO CUMPLE | P4: 1960 | Q4: 198
P5: 1961
A6: CARGO A DESEMPEÑAR | B6: FORMACIÓN ACADÉMICA | C6: TIEMPO MÍNIMO REQUERIDO DE HABER TERMINADO Y APROBADO ESTUDIOS (EN AÑOS) | E6: NUMERO DE PROYECTOS A ACREDITAR | F6: EXPERIENCIA ESPECÍFICA | H6: REQUERIMIENTO PARTICULAR | J6: REQUISITO MINIMO ENSMMLV | P6: 1962 | Q6: 300
A7: Residente de Obra | B7: Arquitecto Diseñador o Ingeniero Civil | C7: 3 | D7: 41805 | E7: 2 | F7: Residente de obra para la construcción y/o ampliación de parques y/o construcción y/o ampliación de canchas en pasto sintético y/o natural y/o escenarios deportivos | H7: El valor de uno de los proyectos aportados deberá ser mayor o igual al 100% del valor de presupuesto indicado en el numeral 4.2 etapa 2. Ejecución de la obra sin incluir costos de fiducia y prima de manejo de anticipo expresado en SMMLV | J7: 1252.89 | P7: 1963 | Q7: 420
L8: 899244696 | P8: 1964 | Q8: 420
L9: 717737 | P9: 1965 | Q9: 420
L10: =+L8/L9 -> 1252.8889 | P10: 1966 | Q10: 420
P11: 1967 | Q11: 420
P12: 1968 | Q12: 420
P13: 1969 | Q13: 519
P14: 1970 | Q14: 519
P15: 1971 | Q15: 519
P16: 1972 | Q16: 660
P17: 1973 | Q17: 660
P18: 1974 | Q18: 900
P19: 1975 | Q19: 1200
P20: 1976 | Q20: 1560
A21: OFERENTE | B21: 1 | C21: =VLOOKUP(B21,Conformación!$A$5:$N$129,2,FALSE) -> #N/A | P21: 1977 | Q21: 1770
C22: =VLOOKUP(B21,Conformación!$A$5:$N$129,4,FALSE) -> #N/A | P22: 1978 | Q22: 2580
P23: 1979 | Q23: 3450
P24: 1980 | Q24: 4500
A25: CARGO | B25: NOMBRE | C25: TARJETA PROFESIONAL | D25: FECHA EXPEDICIÓN | F25: PROFESION | G25: OBJETO | H25: FECHA TERMINACIÓN CONTRATO | I25: VALOR | K25: REQUERIMIENTO PARTICULAR QUE ACREDITA | L25: FOLIO | M25: OBSERVACIONES | P25: 1981 | Q25: 5700
A26: =+A7 -> Residente de Obra | B26: HENRY ALBERTO PEÑA PRADA | C26: A68071999-91257636 | D26: 36315 | E26: =IF(D26=0,0,IF(D26<D$7,"CUMPLE EL TIEMPO MÍNIMO REQUERIDO DE HABER TERMINADO Y APROBADO ESTUDIOS","NO CUMPLE EL TIEMPO MÍNIMO REQUERIDO DE HABER TERMINADO Y APROBADO ESTUDIOS")) -> CUMPLE EL TIEMPO MÍNIMO REQUERIDO DE HABER TERMINADO Y APROBADO ESTUDIOS | F26: ARQUITECTO ESPECIALISTA GERENCIA INTEGRAL DE OBRAS | G26: CONSTRUCCION ZONAS DEPORTIVAS DEL PARQUE PRINCIPAL DEL MUNICIPIO DE LA MESAD E LOS SANTOS | H26: 38533 | I26: 530000000 | J26: =IF(I26=0,0,IF(H26<D$26,"EXPERIENCIA ADQUIRIDA ANTES DEL GRADO",I26/VLOOKUP(YEAR(H26),$P$24:$Q$59,2,0))) -> 1389.2529 | K26: =IF(I26>=J$7,"cumple",0) -> cumple | L26: 136 | M26: PRESENTA VIGENCIA FECHAS DE LABORES | P26: 1982 | Q26: 7410
G27: AMPLIACION PARQUE PRINCIPAL DEL MUNICIPIO DEL VALLE DE SAN JOSE | H27: 38441 | I27: 400000000 | J27: =IF(I27=0,0,IF(H27<D$26,"EXPERIENCIA ADQUIRIDA ANTES DEL GRADO",I27/VLOOKUP(YEAR(H27),$P$24:$Q$59,2,0))) -> 1048.4928 | K27: =IF(I27>=J$7,"cumple",0) -> cumple | L27: 137 | M27: FECHAS DE LABORES | P27: 1983 | Q27: 9261
J28: =IF(I28=0,0,IF(H28<D$26,"EXPERIENCIA ADQUIRIDA ANTES DEL GRADO",I28/VLOOKUP(YEAR(H28),$P$24:$Q$59,2,0))) -> 0 | K28: =IF(I28>=J$7,"cumple",0) -> 0 | P28: 1984 | Q28: 11298
J29: =IF(I29=0,0,IF(H29<D$26,"EXPERIENCIA ADQUIRIDA ANTES DEL GRADO",I29/VLOOKUP(YEAR(H29),$P$24:$Q$59,2,0))) -> 0 | K29: =IF(I29>=J$7,"cumple",0) -> 0 | P29: 1980 | Q29: 4500
J30: =IF(I30=0,0,IF(H30<D$26,"EXPERIENCIA ADQUIRIDA ANTES DEL GRADO",I30/VLOOKUP(YEAR(H30),$P$24:$Q$59,2,0))) -> 0 | K30: =IF(I30>=J$7,"cumple",0) -> 0 | P30: 1981 | Q30: 5700
K31: =IF(I31>=J$7,"cumple",0) -> 0 | P31: 1985 | Q31: 13557
P32: 1986 | Q32: 16811.4
G33: TOTAL | J33: =SUM(J26:J32) -> 2437.7457 | P33: 1987 | Q33: 20510
P34: 1981 | Q34: 5700
P35: 1988 | Q35: 25637.4
P36: 1989 | Q36: 32559.6
P37: 1990 | Q37: 41025.1
P38: 1991 | Q38: 51720
P39: 1992 | Q39: 65190
P40: 1993 | Q40: 81510
A41: OFERENTE | B41: 2 | C41: =VLOOKUP(B41,Conformación!$A$5:$N$129,2,FALSE) -> #N/A | P41: 1994 | Q41: 98700
C42: =VLOOKUP(B41,Conformación!$A$5:$N$129,4,FALSE) -> #N/A | P42: 1995 | Q42: 118933.5
P43: 1996 | Q43: 142125
A44: CARGO | B44: NOMBRE | C44: TARJETA PROFESIONAL | D44: FECHA EXPEDICIÓN | F44: PROFESION | G44: OBJETO | H44: FECHA TERMINACIÓN CONTRATO | I44: VALOR | J44: M2 | K44: REQUERIMIENTO PARTICULAR QUE ACREDITA | L44: FOLIO | M44: OBSERVACIONES | P44: 1997 | Q44: 172005
A45: =A$7 -> Residente de Obra | E45: =IF(D45=0,0,IF(D45<D$7,"CUMPLE EL TIEMPO MÍNIMO REQUERIDO DE HABER TERMINADO Y APROBADO ESTUDIOS","NO CUMPLE EL TIEMPO MÍNIMO REQUERIDO DE HABER TERMINADO Y APROBADO ESTUDIOS")) -> 0 | J45: =IF(I45=0,0,IF(H45<D$26,"EXPERIENCIA ADQUIRIDA ANTES DEL GRADO",I45/VLOOKUP(YEAR(H45),$P$24:$Q$59,2,0))) -> 0 | K45: =IF(I45>=J$7,"cumple",0) -> 0 | P45: 1998 | Q45: 203826
J46: =IF(I46=0,0,IF(H46<D$26,"EXPERIENCIA ADQUIRIDA ANTES DEL GRADO",I46/VLOOKUP(YEAR(H46),$P$24:$Q$59,2,0))) -> 0 | K46: =IF(I46>=J$7,"cumple",0) -> 0 | P46: 2002 | Q46: 309000
J47: =IF(I47=0,0,IF(H47<D$26,"EXPERIENCIA ADQUIRIDA ANTES DEL GRADO",I47/VLOOKUP(YEAR(H47),$P$24:$Q$59,2,0))) -> 0 | K47: =IF(I47>=J$7,"cumple",0) -> 0 | P47: 2003 | Q47: 332000
J48: =IF(I48=0,0,IF(H48<D$26,"EXPERIENCIA ADQUIRIDA ANTES DEL GRADO",I48/VLOOKUP(YEAR(H48),$P$24:$Q$59,2,0))) -> 0 | K48: =IF(I48>=J$7,"cumple",0) -> 0 | P48: 2004 | Q48: 358000
J49: =IF(I49=0,0,IF(H49<D$26,"EXPERIENCIA ADQUIRIDA ANTES DEL GRADO",I49/VLOOKUP(YEAR(H49),$P$24:$Q$59,2,0))) -> 0 | K49: =IF(I49>=J$7,"cumple",0) -> 0 | P49: 2005 | Q49: 381500
K50: =IF(I50>=J$7,"cumple",0) -> 0 | P50: 2006 | Q50: 408000
P51: 2007 | Q51: 433700
P52: 2008 | Q52: 461500
P53: 2009 | Q53: 496900
P54: 2010 | Q54: 515000
P55: 2011 | Q55: 535600
P56: 2012 | Q56: 566700
A57: OFERENTE | B57: 3 | C57: =VLOOKUP(B57,Conformación!$A$5:$N$129,2,FALSE) -> CONSORCIO INTRA | P57: 2013 | Q57: 581900
C58: =VLOOKUP(B57,Conformación!$A$5:$N$129,4,FALSE) -> (Luis Rafael Castillo Vargas 60% - JORGE HEDDY MENESES RENGIFO 40% - 0%- 0%- 0%) | P58: 2014 | Q58: 616000
P59: 2015 | Q59: 644350
A60: CARGO | B60: NOMBRE | C60: TARJETA PROFESIONAL | D60: FECHA EXPEDICIÓN | F60: PROFESION | G60: OBJETO | H60: FECHA TERMINACIÓN CONTRATO | I60: VALOR | J60: M2 | K60: REQUERIMIENTO PARTICULAR QUE ACREDITA | L60: FOLIO | M60: OBSERVACIONES | P60: 2016 | Q60: 689500
A61: =A$7 -> Residente de Obra | B61: GLORIA MARIA OTERO GUTIERREZ | C61: 0520249484ANT | D61: 34382 | E61: =IF(D61=0,0,IF(D61<D$7,"CUMPLE EL TIEMPO MÍNIMO REQUERIDO DE HABER TERMINADO Y APROBADO ESTUDIOS","NO CUMPLE EL TIEMPO MÍNIMO REQUERIDO DE HABER TERMINADO Y APROBADO ESTUDIOS")) -> CUMPLE EL TIEMPO MÍNIMO REQUERIDO DE HABER TERMINADO Y APROBADO ESTUDIOS | F61: ING CIVIL | G61: CONSTRUCCION CANCHA SINTETICA EN EL ESCENARIO DEPORTIVO ANTONIO NARIÑO COMUNA 13 SAN JAVIER MUNICIPIO DE MEDELLIN | H61: 42390 | I61: 1173126960 | J61: =IF(I61=0,0,IF(H61<D$26,"EXPERIENCIA ADQUIRIDA ANTES DEL GRADO",I61/VLOOKUP(YEAR(H61),$P$24:$Q$62,2,0))) -> 1701.4169 | K61: =IF(I61>=J$7,"cumple",0) -> cumple | L61: 156 | M61: PRESENTA VIGENCIA | P61: 2017 | Q61: 717737
G62: CANCHA SINTETICA UNIDAD DEPORTIVA BARRIO SAN JOSE MUNICIPIO ITAGUI | H62: 41642 | I62: 190008570 | J62: =IF(I62=0,0,IF(H62<D$26,"EXPERIENCIA ADQUIRIDA ANTES DEL GRADO",I62/VLOOKUP(YEAR(H62),$P$24:$Q$62,2,0))) -> 308.45547 | K62: =IF(I62>=J$7,"cumple",0) -> cumple | P62: 2001 | Q62: 286000
J63: =IF(I63=0,0,IF(H63<D$26,"EXPERIENCIA ADQUIRIDA ANTES DEL GRADO",I63/VLOOKUP(YEAR(H63),$P$24:$Q$59,2,0))) -> 0 | K63: =IF(I63>=J$7,"cumple",0) -> 0
J64: =IF(I64=0,0,IF(H64<D$26,"EXPERIENCIA ADQUIRIDA ANTES DEL GRADO",I64/VLOOKUP(YEAR(H64),$P$24:$Q$59,2,0))) -> 0 | K64: =IF(I64>=J$7,"cumple",0) -> 0
G65: TOTAL | J65: =IF(I65=0,0,IF(H65<D$26,"EXPERIENCIA ADQUIRIDA ANTES DEL GRADO",I65/VLOOKUP(YEAR(H65),$P$24:$Q$59,2,0))) -> 0 | K65: =IF(I65>=J$7,"cumple",0) -> 0
A73: OFERENTE | B73: 4 | C73: =VLOOKUP(B73,Conformación!$A$5:$N$129,2,FALSE) -> CONSORCIO INTRADOMICILIARIAS 2018
C74: =VLOOKUP(B73,Conformación!$A$5:$N$129,4,FALSE) -> (WILLIAM CARDONA OLMOS SAS 30% - William Cardona Olmos 70% - 0%- 0%- 0%)
A76: CARGO | B76: NOMBRE | C76: TARJETA PROFESIONAL | D76: FECHA EXPEDICIÓN | F76: PROFESION | G76: OBJETO | H76: FECHA TERMINACIÓN CONTRATO | I76: VALOR | J76: SMMLV | K76: REQUERIMIENTO PARTICULAR QUE ACREDITA | L76: N/A | M76: OBSERVACIONES
A77: =A$7 -> Residente de Obra | B77: JOSE AUGUSTO ESPINOSA CIFUENTES | C77: 2520280962CND | D77: 36664 | E77: =IF(D77=0,0,IF(D77<D$7,"CUMPLE EL TIEMPO MÍNIMO REQUERIDO DE HABER TERMINADO Y APROBADO ESTUDIOS","NO CUMPLE EL TIEMPO MÍNIMO REQUERIDO DE HABER TERMINADO Y APROBADO ESTUDIOS")) -> CUMPLE EL TIEMPO MÍNIMO REQUERIDO DE HABER TERMINADO Y APROBADO ESTUDIOS | F77: ING CIVIL | G77: CONSTRUCCION DE GRADERIAS, PISTA PLANA Y OBRAS COMPLEMENTARIAS DEL PATINODROMO DEL MUNICIPIO DE AGUAZUL | H77: 36926 | I77: 849310085 | J77: =IF(I77=0,0,IF(H77<D$77,"EXPERIENCIA ADQUIRIDA ANTES DEL GRADO",I77/VLOOKUP(YEAR(H77),$P$22:$Q$62,2,0))) -> 2969.6157 | K77: =IF(I77>=J$7,"cumple",0) -> cumple | L77: 147 | M77: APORTAR VIGENCIA VIGENTE
G78: CONSTRUCCION DE CANCHAS MULTIPLES DE LA ESCUELA DE GUAFAL SECTOR HORQUETA, ESCUELA NORMAL | H78: 38025 | I78: 553757471 | J78: =IF(I78=0,0,IF(H78<D$77,"EXPERIENCIA ADQUIRIDA ANTES DEL GRADO",I78/VLOOKUP(YEAR(H78),$P$22:$Q$62,2,0))) -> 1546.8086 | K78: =IF(I78>=J$7,"cumple",0) -> cumple | L78: 148
J79: =IF(I79=0,0,IF(H79<D$77,"EXPERIENCIA ADQUIRIDA ANTES DEL GRADO",I79/VLOOKUP(YEAR(H79),$P$22:$Q$62,2,0))) -> 0 | K79: =IF(I79>=J$7,"cumple",0) -> 0 | L79: N/A
J80: =IF(I80=0,0,IF(H80<D$77,"EXPERIENCIA ADQUIRIDA ANTES DEL GRADO",I80/VLOOKUP(YEAR(H80),$P$22:$Q$62,2,0))) -> 0 | K80: =IF(I80>=J$7,"cumple",0) -> 0 | L80: N/A
J81: =IF(I81=0,0,IF(H81<D$77,"EXPERIENCIA ADQUIRIDA ANTES DEL GRADO",I81/VLOOKUP(YEAR(H81),$P$22:$Q$62,2,0))) -> 0 | K81: =IF(I81>=J$7,"cumple",0) -> 0 | L81: N/A
G84: TOTAL | J84: =SUM(J77:J83) -> 4516.4243
A92: OFERENTE | B92: 5 | C92: =VLOOKUP(B92,Conformación!$A$5:$N$129,2,FALSE) -> 0
C93: =VLOOKUP(B92,Conformación!$A$5:$N$129,4,FALSE) -> ( 0% - 0% - 0%- 0%- 0%)
A95: CARGO | B95: NOMBRE | C95: TARJETA PROFESIONAL | D95: FECHA EXPEDICIÓN | F95: PROFESION | G95: OBJETO | H95: FECHA TERMINACIÓN CONTRATO | I95: VALOR | J95: SMMLV | K95: REQUERIMIENTO PARTICULAR QUE ACREDITA | L95: N/A | M95: OBSERVACIONES
A96: =A$7 -> Residente de Obra | B96: NICOLAS QUINTERO PATIÑO | C96: 1720208454CLD | D96: 30215 | E96: =IF(D96=0,0,IF(D96<D$7,"CUMPLE EL TIEMPO MÍNIMO REQUERIDO DE HABER TERMINADO Y APROBADO ESTUDIOS","NO CUMPLE EL TIEMPO MÍNIMO REQUERIDO DE HABER TERMINADO Y APROBADO ESTUDIOS")) -> CUMPLE EL TIEMPO MÍNIMO REQUERIDO DE HABER TERMINADO Y APROBADO ESTUDIOS | F96: ING CIVIL | G96: ESTUDIOS, DISÑEOS Y CONSTRUCCION DEL POLIDEPORTIVO CUBIERTO Y CONSTRUCCION PARQUE INFANTIL,EN CENTRO POBLADO DE PUERTO JORDAN - ARAUCA | I96: 1110404303 | J96: =IF(I96=0,0,IF(H96<D$96,"EXPERIENCIA ADQUIRIDA ANTES DEL GRADO",I96/VLOOKUP(YEAR(H96),$P$24:$Q$59,2,0))) -> EXPERIENCIA ADQUIRIDA ANTES DEL GRADO | K96: =IF(I96>=J$7,"cumple",0) -> cumple | L96: 228 | M96: FECHA TERMINACION?FECHAS LABORES?
G97: CONSTRUCCION COLISEO CUBIERTO MUNICIPIO DE BALBOA | H97: 39447 | I97: 491429492 | J97: =IF(I97=0,0,IF(H97<D$96,"EXPERIENCIA ADQUIRIDA ANTES DEL GRADO",I97/VLOOKUP(YEAR(H97),$P$24:$Q$59,2,0))) -> 1133.1093 | K97: =IF(I97>=J$7,"cumple",0) -> cumple | L97: 231 | M97: LABORES FECHAS?
J98: =IF(I98=0,0,IF(H98<D$96,"EXPERIENCIA ADQUIRIDA ANTES DEL GRADO",I98/VLOOKUP(YEAR(H98),$P$24:$Q$59,2,0))) -> 0 | K98: =IF(I98>=J$7,"cumple",0) -> 0 | L98: N/A
J99: =IF(I99=0,0,IF(H99<D$96,"EXPERIENCIA ADQUIRIDA ANTES DEL GRADO",I99/VLOOKUP(YEAR(H99),$P$24:$Q$59,2,0))) -> 0 | K99: =IF(I99>=J$7,"cumple",0) -> 0 | L99: N/A
J100: =IF(I100=0,0,IF(H100<D$96,"EXPERIENCIA ADQUIRIDA ANTES DEL GRADO",I100/VLOOKUP(YEAR(H100),$P$24:$Q$59,2,0))) -> 0 | K100: =IF(I100>=J$7,"cumple",0) -> 0 | L100: N/A
G103: TOTAL | J103: =SUM(J96:J102) -> 1133.1093

Sheet Resumen Evaluación
A1: =+'K-Kr Constructor'!A1:F1 -> FONDO FINANCIERO DE PROYECTOS DE DESARROLLO – FONADE CLIENTE: MINISTERIO DE VIVIENDA, CIUDAD Y TERRITORIO OBJETO: “DIAGNÓSTICO, CONCERTACIÓN, PLAN DE INTERVENCIÓN Y EJECUCIÓN DE LA CONSTRUCCIÓN DEL PROGRAMA DE CONEXIONES INTRADOMICIALIARIAS, EN LOS MUNICIPIOS DE: PUERTO BERRIO – ANTIOQUIA, COTORRA Y LA APARTADA” CONVOCATORIA PÚBLICA CPU 022-2018 GRUPO N° 3 LA APARTADA - CORDOBA
B2: OFERENTE : | C2: 1 | D2: =VLOOKUP(C2,Conformación!$A$5:$N$129,2,FALSE) -> #N/A | H2: OFERENTE : | I2: 2 | J2: =VLOOKUP(I2,Conformación!$A$5:$N$129,2,FALSE) -> #N/A | N2: OFERENTE : | O2: 3 | P2: =VLOOKUP(O2,Conformación!$A$5:$N$129,2,FALSE) -> CONSORCIO INTRA | T2: OFERENTE : | U2: 4 | V2: =VLOOKUP(U2,Conformación!$A$5:$N$129,2,FALSE) -> CONSORCIO INTRADOMICILIARIAS 2018 | Z2: OFERENTE : | AA2: 5 | AB2: =VLOOKUP(AA2,Conformación!$A$5:$N$129,2,FALSE) -> 0
C3: =VLOOKUP(C2,Conformación!$A$5:$N$129,4,FALSE) -> #N/A | I3: =VLOOKUP(I2,Conformación!$A$5:$N$129,4,FALSE) -> #N/A | O3: =VLOOKUP(O2,Conformación!$A$5:$N$129,4,FALSE) -> (Luis Rafael Castillo Vargas 60% - JORGE HEDDY MENESES RENGIFO 40% - 0%- 0%- 0%) | U3: =VLOOKUP(U2,Conformación!$A$5:$N$129,4,FALSE) -> (WILLIAM CARDONA OLMOS SAS 30% - William Cardona Olmos 70% - 0%- 0%- 0%) | AA3: =VLOOKUP(AA2,Conformación!$A$5:$N$129,4,FALSE) -> ( 0% - 0% - 0%- 0%- 0%)
A6: DOCUMENTO | C6: SI | D6: NO | E6: Folio/fecha/valor/M2/SMMLV | F6: OBSERVACIONES | G6: DOCUMENTO | I6: SI | J6: NO | K6: Folio/fecha/valor/M2/SMMLV | L6: OBSERVACIONES | M6: DOCUMENTO | O6: SI | P6: NO | Q6: Folio/fecha/valor/M2/SMMLV | R6: OBSERVACIONES | S6: DOCUMENTO | U6: SI | V6: NO | W6: Folio/fecha/valor/M2/SMMLV | X6: OBSERVACIONES | Y6: DOCUMENTO | AA6: SI | AB6: NO | AC6: Folio/fecha/valor/M2/SMMLV | AD6: OBSERVACIONES
A7: REQUISITOS MÍNIMOS EXIGIDOS | G7: REQUISITOS MÍNIMOS EXIGIDOS | M7: REQUISITOS MÍNIMOS EXIGIDOS | S7: REQUISITOS MÍNIMOS EXIGIDOS | Y7: REQUISITOS MÍNIMOS EXIGIDOS
A8: 5,1,1 | B8: ASPECTOS JURIDICOS | G8: 5,1,1 | H8: ASPECTOS JURIDICOS | M8: 5,1,1 | N8: ASPECTOS JURIDICOS | S8: 5,1,1 | T8: ASPECTOS JURIDICOS | Y8: 5,1,1 | Z8: ASPECTOS JURIDICOS
A9: 5.1.1.1 | B9: Carta de Presentación de la Oferta | C9: X | E9: 2 A 4 | F9: =IF(C9="X","CUMPLE","NO CUMPLE") -> CUMPLE | G9: 5.1.1.1 | H9: Carta de Presentación de la Oferta | I9: X | K9: 1 A 3 | L9: =IF(I9="X","CUMPLE","NO CUMPLE") -> CUMPLE | M9: 5.1.1.1 | N9: Carta de Presentación de la Oferta | R9: =IF(O9="X","CUMPLE","NO CUMPLE") -> NO CUMPLE | S9: 5.1.1.1 | T9: Carta de Presentación de la Oferta | X9: =IF(U9="X","CUMPLE","NO CUMPLE") -> NO CUMPLE | Y9: 5.1.1.1 | Z9: Carta de Presentación de la Oferta | AD9: =IF(AA9="X","CUMPLE","NO CUMPLE") -> NO CUMPLE
A10: 5.1.1.2 | B10: Acreditación de la Existencia y Representación Legal | C10: X | E10: 10 A 21 | F10: =IF(C10="X","CUMPLE","NO CUMPLE") -> CUMPLE | G10: 5.1.1.2 | H10: Acreditación de la Existencia y Representación Legal | I10: X | K10: 8 A 12 | L10: =IF(I10="X","CUMPLE","NO CUMPLE") -> CUMPLE | M10: 5.1.1.2 | N10: Acreditación de la Existencia y Representación Legal | R10: =IF(O10="X","CUMPLE","NO CUMPLE") -> NO CUMPLE | S10: 5.1.1.2 | T10: Acreditación de la Existencia y Representación Legal | X10: =IF(U10="X","CUMPLE","NO CUMPLE") -> NO CUMPLE | Y10: 5.1.1.2 | Z10: Acreditación de la Existencia y Representación Legal | AD10: =IF(AA10="X","CUMPLE","NO CUMPLE") -> NO CUMPLE
A11: 5.1.1.3 | B11: Documento de Constitución del Consorcio o Unión Temporal | C11: X | E11: 22 A 23 | F11: =IF(C11="X","CUMPLE","NO CUMPLE") -> CUMPLE | G11: 5.1.1.3 | H11: Documento de Constitución del Consorcio o Unión Temporal | I11: X | K11: 13 A 14 | L11: =IF(I11="X","CUMPLE","NO CUMPLE") -> CUMPLE | M11: 5.1.1.3 | N11: Documento de Constitución del Consorcio o Unión Temporal | R11: =IF(O11="X","CUMPLE","NO CUMPLE") -> NO CUMPLE | S11: 5.1.1.3 | T11: Documento de Constitución del Consorcio o Unión Temporal | X11: =IF(U11="X","CUMPLE","NO CUMPLE") -> NO CUMPLE | Y11: 5.1.1.3 | Z11: Documento de Constitución del Consorcio o Unión Temporal | AD11: =IF(AA11="X","CUMPLE","NO CUMPLE") -> NO CUMPLE
A12: 5.1.1.4 | B12: RUP Registro Único del Proponente (30 Días) | C12: X | E12: 24 A 82 | F12: =IF(C12="X","CUMPLE","NO CUMPLE") -> CUMPLE | G12: 5.1.1.4 | H12: RUP Registro Único del Proponente (30 Días) | I12: X | K12: 15 A 39 | L12: =IF(I12="X","CUMPLE","NO CUMPLE") -> CUMPLE | M12: 5.1.1.4 | N12: RUP Registro Único del Proponente (30 Días) | R12: =IF(O12="X","CUMPLE","NO CUMPLE") -> NO CUMPLE | S12: 5.1.1.4 | T12: RUP Registro Único del Proponente (30 Días) | X12: =IF(U12="X","CUMPLE","NO CUMPLE") -> NO CUMPLE | Y12: 5.1.1.4 | Z12: RUP Registro Único del Proponente (30 Días) | AD12: =IF(AA12="X","CUMPLE","NO CUMPLE") -> NO CUMPLE
A13: 5.1.1.5 | B13: Garantia de Seriedad de la oferta | C13: X | E13: 84 A 90 | F13: =IF(C13="X","CUMPLE","NO CUMPLE") -> CUMPLE | G13: 5.1.1.5 | H13: Garantia de Seriedad de la oferta | I13: X | K13: 44 A 47 | L13: =IF(I13="X","CUMPLE","NO CUMPLE") -> CUMPLE | M13: 5.1.1.5 | N13: Garantia de Seriedad de la oferta | R13: =IF(O13="X","CUMPLE","NO CUMPLE") -> NO CUMPLE | S13: 5.1.1.5 | T13: Garantia de Seriedad de la oferta | X13: =IF(U13="X","CUMPLE","NO CUMPLE") -> NO CUMPLE | Y13: 5.1.1.5 | Z13: Garantia de Seriedad de la oferta | AD13: =IF(AA13="X","CUMPLE","NO CUMPLE") -> NO CUMPLE
A14: 5.1.1.6 | B14: Certificación de Pagos al Sistema de Seguridad Social y de Aportes Parafiscales | C14: X | E14: 92 A 96 | F14: =IF(C14="X","CUMPLE","NO CUMPLE") -> CUMPLE | G14: 5.1.1.6 | H14: Certificación de Pagos al Sistema de Seguridad Social y de Aportes Parafiscales | I14: X | K14: 40 A 43 | L14: =IF(I14="X","CUMPLE","NO CUMPLE") -> CUMPLE | M14: 5.1.1.6 | N14: Certificación de Pagos al Sistema de Seguridad Social y de Aportes Parafiscales | R14: =IF(O14="X","CUMPLE","NO CUMPLE") -> NO CUMPLE | S14: 5.1.1.6 | T14: Certificación de Pagos al Sistema de Seguridad Social y de Aportes Parafiscales | X14: =IF(U14="X","CUMPLE","NO CUMPLE") -> NO CUMPLE | Y14: 5.1.1.6 | Z14: Certificación de Pagos al Sistema de Seguridad Social y de Aportes Parafiscales | AD14: =IF(AA14="X","CUMPLE","NO CUMPLE") -> NO CUMPLE
A15: 5.1.1.8 | B15: Verificación de no inclusión en el boletín de responsables fiscales | C15: X | E15: 98 A 104 | F15: =IF(C15="X","CUMPLE","NO CUMPLE") -> CUMPLE | G15: 5.1.1.8 | H15: Verificación de no inclusión en el boletín de responsables fiscales | I15: X | K15: 48 A 49 | L15: =IF(I15="X","CUMPLE","NO CUMPLE") -> CUMPLE | M15: 5.1.1.8 | N15: Verificación de no inclusión en el boletín de responsables fiscales | R15: =IF(O15="X","CUMPLE","NO CUMPLE") -> NO CUMPLE | S15: 5.1.1.8 | T15: Verificación de no inclusión en el boletín de responsables fiscales | X15: =IF(U15="X","CUMPLE","NO CUMPLE") -> NO CUMPLE | Y15: 5.1.1.8 | Z15: Verificación de no inclusión en el boletín de responsables fiscales | AD15: =IF(AA15="X","CUMPLE","NO CUMPLE") -> NO CUMPLE
A16: 5.1.1.9 | B16: Verificación del sistema de información de registro de sanciones y causas de inhabilidad (SIRI) de la Procuraduría General De La Nación | C16: X | F16: =IF(C16="X","CUMPLE","NO CUMPLE") -> CUMPLE | G16: 5.1.1.9 | H16: Verificación del sistema de información de registro de sanciones y causas de inhabilidad (SIRI) de la Procuraduría General De La Nación | I16: X | L16: =IF(I16="X","CUMPLE","NO CUMPLE") -> CUMPLE | M16: 5.1.1.9 | N16: Verificación del sistema de información de registro de sanciones y causas de inhabilidad (SIRI) de la Procuraduría General De La Nación | R16: =IF(O16="X","CUMPLE","NO CUMPLE") -> NO CUMPLE | S16: 5.1.1.9 | T16: Verificación del sistema de información de registro de sanciones y causas de inhabilidad (SIRI) de la Procuraduría General De La Nación | X16: =IF(U16="X","CUMPLE","NO CUMPLE") -> NO CUMPLE | Y16: 5.1.1.9 | Z16: Verificación del sistema de información de registro de sanciones y causas de inhabilidad (SIRI) de la Procuraduría General De La Nación | AD16: =IF(AA16="X","CUMPLE","NO CUMPLE") -> NO CUMPLE
A17: 5.1.1.10 | B17: Verificación de antecedentes judiciales del Ministerio De Defensa Nacional – Policía Nacional. | C17: X | F17: =IF(C17="X","CUMPLE","NO CUMPLE") -> CUMPLE | G17: 5.1.1.10 | H17: Verificación de antecedentes judiciales del Ministerio De Defensa Nacional – Policía Nacional. | I17: X | L17: =IF(I17="X","CUMPLE","NO CUMPLE") -> CUMPLE | M17: 5.1.1.10 | N17: Verificación de antecedentes judiciales del Ministerio De Defensa Nacional – Policía Nacional. | R17: =IF(O17="X","CUMPLE","NO CUMPLE") -> NO CUMPLE | S17: 5.1.1.10 | T17: Verificación de antecedentes judiciales del Ministerio De Defensa Nacional – Policía Nacional. | X17: =IF(U17="X","CUMPLE","NO CUMPLE") -> NO CUMPLE | Y17: 5.1.1.10 | Z17: Verificación de antecedentes judiciales del Ministerio De Defensa Nacional – Policía Nacional. | AD17: =IF(AA17="X","CUMPLE","NO CUMPLE") -> NO CUMPLE
A18: DOCUMENTACIÓN ACLARATORIA ENTREGADA POR LOS OFERENTES DE LOS ASPECTOS JURÍDICOS | G18: DOCUMENTACIÓN ACLARATORIA ENTREGADA POR LOS OFERENTES DE LOS ASPECTOS JURÍDICOS | M18: DOCUMENTACIÓN ACLARATORIA ENTREGADA POR LOS OFERENTES DE LOS ASPECTOS JURÍDICOS | S18: DOCUMENTACIÓN ACLARATORIA ENTREGADA POR LOS OFERENTES DE LOS ASPECTOS JURÍDICOS | Y18: DOCUMENTACIÓN ACLARATORIA ENTREGADA POR LOS OFERENTES DE LOS ASPECTOS JURÍDICOS
A19: CONCLUSIÓN EVALUACION ASPECTOS JURÍDICOS | C19: =+IF(AND(F9="CUMPLE",F10="CUMPLE",F11="CUMPLE",F12="CUMPLE",F13="CUMPLE",F14="CUMPLE",F15="CUMPLE",F16="CUMPLE",F17="CUMPLE"),"CUMPLE","NO CUMPLE") -> CUMPLE | G19: CONCLUSIÓN EVALUACION ASPECTOS JURÍDICOS | I19: =+IF(AND(L9="CUMPLE",L10="CUMPLE",L11="CUMPLE",L12="CUMPLE",L13="CUMPLE",L14="CUMPLE",L15="CUMPLE",L16="CUMPLE",L17="CUMPLE"),"CUMPLE","NO CUMPLE") -> CUMPLE | M19: CONCLUSIÓN EVALUACION ASPECTOS JURÍDICOS | O19: =+IF(AND(R9="CUMPLE",R10="CUMPLE",R11="CUMPLE",R12="CUMPLE",R13="CUMPLE",R14="CUMPLE",R15="CUMPLE",R16="CUMPLE",R17="CUMPLE"),"CUMPLE","NO CUMPLE") -> NO CUMPLE | S19: CONCLUSIÓN EVALUACION ASPECTOS JURÍDICOS | U19: =+IF(AND(X9="CUMPLE",X10="CUMPLE",X11="CUMPLE",X12="CUMPLE",X13="CUMPLE",X14="CUMPLE",X15="CUMPLE",X16="CUMPLE",X17="CUMPLE"),"CUMPLE","NO CUMPLE") -> NO CUMPLE | Y19: CONCLUSIÓN EVALUACION ASPECTOS JURÍDICOS | AA19: =+IF(AND(AD9="CUMPLE",AD10="CUMPLE",AD11="CUMPLE",AD12="CUMPLE",AD13="CUMPLE",AD14="CUMPLE",AD15="CUMPLE",AD16="CUMPLE",AD17="CUMPLE"),"CUMPLE","NO CUMPLE") -> NO CUMPLE
A21: 5.1.2 | B21: REQUISITOS HABILITANTES FINANCIEROS | G21: 3.2.2. | H21: CAPACIDAD FINANCIERA | M21: 3.2.2. | N21: CAPACIDAD FINANCIERA | S21: 3.2.2. | T21: CAPACIDAD FINANCIERA | Y21: 3.2.2. | Z21: CAPACIDAD FINANCIERA
B22: RUP Registro Único del Proponente (30 Días) (FECHA DE CADA UNO DE LOS INTEGRANTES) | C22: X | E22: 42607 | F22: =IF(C22="X","CUMPLE","NO CUMPLE") -> CUMPLE | H22: RUP Registro Único del Proponente (30 Días) (FECHA DE CADA UNO DE LOS INTEGRANTES) | I22: X | K22: 03/08/2016 10/08/2016 | L22: =IF(I22="X","CUMPLE","NO CUMPLE") -> CUMPLE | N22: RUP Registro Único del Proponente (30 Días) (FECHA DE CADA UNO DE LOS INTEGRANTES) | R22: =IF(O22="X","CUMPLE","NO CUMPLE") -> NO CUMPLE | T22: RUP Registro Único del Proponente (30 Días) (FECHA DE CADA UNO DE LOS INTEGRANTES) | X22: =IF(U22="X","CUMPLE","NO CUMPLE") -> NO CUMPLE | Z22: RUP Registro Único del Proponente (30 Días) (FECHA DE CADA UNO DE LOS INTEGRANTES) | AD22: =IF(AA22="X","CUMPLE","NO CUMPLE") -> NO CUMPLE
B23: CT = ≥ 50% PEE (60% PEE SIN ANTICIPO) | C23: X | E23: SI | F23: =IF(E23="SI","CUMPLE","NO CUMPLE") -> CUMPLE | H23: CT = ≥ 50% PEE (60% PEE SIN ANTICIPO) | I23: x | K23: SI | L23: =IF(K23="SI","CUMPLE","NO CUMPLE") -> CUMPLE | N23: CT = ≥ 50% PEE (60% PEE SIN ANTICIPO) | O23: X | R23: =IF(Q23="SI","CUMPLE","NO CUMPLE") -> NO CUMPLE | T23: CT = ≥ 50% PEE (60% PEE SIN ANTICIPO) | U23: X | X23: =IF(W23="SI","CUMPLE","NO CUMPLE") -> NO CUMPLE | Z23: CT = ≥ 50% PEE (60% PEE SIN ANTICIPO) | AA23: X | AD23: =IF(AC23="SI","CUMPLE","NO CUMPLE") -> NO CUMPLE
B24: LIQ = AC / PC ≥ 2.0 | C24: X | E24: SI | F24: =IF(E24="SI","CUMPLE","NO CUMPLE") -> CUMPLE | H24: LIQ = AC / PC ≥ 2.0 | I24: x | K24: SI | L24: =IF(K24="SI","CUMPLE","NO CUMPLE") -> CUMPLE | N24: LIQ = AC / PC ≥ 2.0 | O24: X | R24: =IF(Q24="SI","CUMPLE","NO CUMPLE") -> NO CUMPLE | T24: LIQ = AC / PC ≥ 2.0 | U24: X | X24: =IF(W24="SI","CUMPLE","NO CUMPLE") -> NO CUMPLE | Z24: LIQ = AC / PC ≥ 1,0 | AA24: X | AD24: =IF(AC24="SI","CUMPLE","NO CUMPLE") -> NO CUMPLE
B25: NE = PT / AT ≤ 0.50 | C25: X | E25: SI | F25: =IF(E25="SI","CUMPLE","NO CUMPLE") -> CUMPLE | H25: NE = PT / AT ≤ 0.50 | I25: x | K25: SI | L25: =IF(K25="SI","CUMPLE","NO CUMPLE") -> CUMPLE | N25: NE = PT / AT ≤ 0.50 | O25: X | R25: =IF(Q25="SI","CUMPLE","NO CUMPLE") -> NO CUMPLE | T25: NE = PT / AT ≤ 0.50 | U25: X | X25: =IF(W25="SI","CUMPLE","NO CUMPLE") -> NO CUMPLE | Z25: NE = PT / AT ≤ 0,70 | AA25: X | AD25: =IF(AC25="SI","CUMPLE","NO CUMPLE") -> NO CUMPLE
B26: RCI = UO/GI ≥ 2.0 | C26: X | E26: SI | F26: =IF(E26="SI","CUMPLE","NO CUMPLE") -> CUMPLE | H26: RCI = UO/GI ≥ 2.0 | I26: x | K26: SI | L26: =IF(K26="SI","CUMPLE","NO CUMPLE") -> CUMPLE | N26: RCI = UO/GI ≥ 2.0 | O26: X | R26: =IF(Q26="SI","CUMPLE","NO CUMPLE") -> NO CUMPLE | T26: RCI = UO/GI ≥ 2.0 | U26: X | X26: =IF(W26="SI","CUMPLE","NO CUMPLE") -> NO CUMPLE | Z26: RCI = UO/GI ≥ 2.0 | AA26: X | AD26: =IF(AC26="SI","CUMPLE","NO CUMPLE") -> NO CUMPLE
B27: RP = UO/P ≥ 8% | C27: X | E27: SI | F27: =IF(E27="SI","CUMPLE","NO CUMPLE") -> CUMPLE | H27: RP = UO/P ≥ 8% | I27: x | K27: SI | L27: =IF(K27="SI","CUMPLE","NO CUMPLE") -> CUMPLE | N27: RP = UO/P ≥ 8% | O27: X | R27: =IF(Q27="SI","CUMPLE","NO CUMPLE") -> NO CUMPLE | T27: RP = UO/P ≥ 8% | U27: X | X27: =IF(W27="SI","CUMPLE","NO CUMPLE") -> NO CUMPLE | Z27: RP = UO/P ≥ 8% | AA27: X | AD27: =IF(AC27="SI","CUMPLE","NO CUMPLE") -> NO CUMPLE
B28: RA = UO/AT ≥ 5% | C28: X | E28: SI | F28: =IF(E28="SI","CUMPLE","NO CUMPLE") -> CUMPLE | H28: RA = UO/AT ≥ 5% | I28: x | K28: SI | L28: =IF(K28="SI","CUMPLE","NO CUMPLE") -> CUMPLE | N28: RA = UO/AT ≥ 5% | O28: X | R28: =IF(Q28="SI","CUMPLE","NO CUMPLE") -> NO CUMPLE | T28: RA = UO/AT ≥ 5% | U28: X | X28: =IF(W28="SI","CUMPLE","NO CUMPLE") -> NO CUMPLE | Z28: RA = UO/AT ≥ 5% | AA28: X | AD28: =IF(AC28="SI","CUMPLE","NO CUMPLE") -> NO CUMPLE
A29: DOCUMENTACIÓN ACLARATORIA ENTREGADA POR LOS OFERENTES DE LA CAPACIDAD FINANCIERA | C29: NO SE REQUIRIO | G29: DOCUMENTACIÓN ACLARATORIA ENTREGADA POR LOS OFERENTES DE LA CAPACIDAD FINANCIERA | M29: DOCUMENTACIÓN ACLARATORIA ENTREGADA POR LOS OFERENTES DE LA CAPACIDAD FINANCIERA | S29: DOCUMENTACIÓN ACLARATORIA ENTREGADA POR LOS OFERENTES DE LA CAPACIDAD FINANCIERA | Y29: DOCUMENTACIÓN ACLARATORIA ENTREGADA POR LOS OFERENTES DE LA CAPACIDAD FINANCIERA
A30: CONCLUSIÓN EVALUACION CAPACIDAD FINANCIERA | C30: =+IF(AND(F22="CUMPLE",F23="CUMPLE",F24="CUMPLE",F25="CUMPLE",F26="CUMPLE",F27="CUMPLE",F28="CUMPLE"),"CUMPLE","NO CUMPLE") -> CUMPLE | G30: CONCLUSIÓN EVALUACION CAPACIDAD FINANCIERA | I30: =+IF(AND(L22="CUMPLE",L23="CUMPLE",L24="CUMPLE",L25="CUMPLE",L26="CUMPLE",L27="CUMPLE",L28="CUMPLE"),"CUMPLE","NO CUMPLE") -> CUMPLE | M30: CONCLUSIÓN EVALUACION CAPACIDAD FINANCIERA | O30: =+IF(AND(R22="CUMPLE",R23="CUMPLE",R24="CUMPLE",R25="CUMPLE",R26="CUMPLE",R27="CUMPLE",R28="CUMPLE"),"CUMPLE","NO CUMPLE") -> NO CUMPLE | S30: CONCLUSIÓN EVALUACION CAPACIDAD FINANCIERA | U30: =+IF(AND(X22="CUMPLE",X23="CUMPLE",X24="CUMPLE",X25="CUMPLE",X26="CUMPLE",X27="CUMPLE",X28="CUMPLE"),"CUMPLE","NO CUMPLE") -> NO CUMPLE | Y30: CONCLUSIÓN EVALUACION CAPACIDAD FINANCIERA | AA30: =+IF(AND(AD22="CUMPLE",AD23="CUMPLE",AD24="CUMPLE",AD25="CUMPLE",AD26="CUMPLE",AD27="CUMPLE",AD28="CUMPLE"),"CUMPLE","NO CUMPLE") -> NO CUMPLE
B32: EXPERIENCIA ESPECÍFICA | G32: 3.2.3 | H32: EXPERIENCIA ESPECÍFICA | M32: 3.2.3 | N32: EXPERIENCIA ESPECÍFICA | S32: 3.2.3 | T32: EXPERIENCIA ESPECÍFICA | Y32: 3.2.3 | Z32: EXPERIENCIA ESPECÍFICA
A34: 3.2.3.3. | B34: Capacidad de contratación (K) y capacidad residual (Kr) – Formato 06 | G34: 3.2.3.3. | H34: Capacidad de contratación (K) y capacidad residual (Kr) – Formato 06 | M34: 3.2.3.3. | N34: Capacidad de contratación (K) y capacidad residual (Kr) – Formato 06 | S34: 3.2.3.3. | T34: Capacidad de contratación (K) y capacidad residual (Kr) – Formato 06 | Y34: 3.2.3.3. | Z34: Capacidad de contratación (K) y capacidad residual (Kr) – Formato 06
B35: 80% del valor del PEE (Para el caso que el oferente acepte el anticipo) 100% del valor del PEE (Para el caso que el oferente prescinda del anticipo) | C35: X | F35: =IF(C35="X","CUMPLE","NO CUMPLE") -> CUMPLE | H35: 80% del valor del PEE (Para el caso que el oferente acepte el anticipo) 100% del valor del PEE (Para el caso que el oferente prescinda del anticipo) | I35: X | L35: =IF(I35="X","CUMPLE","NO CUMPLE") -> CUMPLE | N35: 80% del valor del PEE (Para el caso que el oferente acepte el anticipo) 100% del valor del PEE (Para el caso que el oferente prescinda del anticipo) | R35: =IF(O35="X","CUMPLE","NO CUMPLE") -> NO CUMPLE | T35: 80% del valor del PEE (Para el caso que el oferente acepte el anticipo) 100% del valor del PEE (Para el caso que el oferente prescinda del anticipo) | X35: =IF(U35="X","CUMPLE","NO CUMPLE") -> NO CUMPLE | Z35: 80% del valor del PEE (Para el caso que el oferente acepte el anticipo) 100% del valor del PEE (Para el caso que el oferente prescinda del anticipo) | AD35: =IF(AA35="X","CUMPLE","NO CUMPLE") -> NO CUMPLE
A36: 5.1.3 | B36: EXPERIENCIA ESPECÍFICA DEL OFERENTE | H36: EXPERIENCIA ESPECÍFICA DEL OFERENTE | N36: EXPERIENCIA ESPECÍFICA DEL OFERENTE | T36: EXPERIENCIA ESPECÍFICA DEL OFERENTE | Z36: EXPERIENCIA ESPECÍFICA DEL OFERENTE
B37: =+'Exp. oferente'!A6 -> El oferente debe acreditar en su oferta, que cuenta con experiencia específica en: CONSTRUCCIÓN DE EDIFICACIONES Y/O AMPLIACIÓN DE EDIFICACIONES Y/O DE MEJORAMIENTO INTEGRAL DE VIVIENDA Y/O CONSTRUCCIÓN DE REDES DE ALCANTARILLADO PLUVIAL Y/O AMPLIACIÓN DE REDES DE ALCANTARILLADO PLUVIAL, Y/O PROYECTOS DE CONSTRUCCIÓN DE REDES INTRADOMICILIARIA DE ACUEDUCTO Y/O PROYECTOS DE CONSTRUCCIÓN DE REDES INTRADOMICILIARIA DE ALCANTARILLADO Y/O CONSTRUCCIÓN DE REDES DOMICILIARIAS DE ACUEDUCTO Y/O CONSTRUCCIÓN DE REDES DOMICILIARIAS DE ALCANTARILLADO Y/O CONSTRUCCIÓN DE REDES ALCANTARILLADO Y/O AMPLIACIÓN Y/O OPTIMIZACIÓN DE REDES ALCANTARILLADO Y/O CONSTRUCCIÓN DE REDES DE ACUEDUCTO Y/O AMPLIACIÓN Y/U OPTIMIZACIÓN DE REDES ACUEDUCTO. | F37: =+IF(AND(C38="X",C39="X",C40="X",C41="X",C42="X"),"CUMPLE","NO CUMPLE") -> CUMPLE | H37: =+'Exp. oferente'!A6 -> El oferente debe acreditar en su oferta, que cuenta con experiencia específica en: CONSTRUCCIÓN DE EDIFICACIONES Y/O AMPLIACIÓN DE EDIFICACIONES Y/O DE MEJORAMIENTO INTEGRAL DE VIVIENDA Y/O CONSTRUCCIÓN DE REDES DE ALCANTARILLADO PLUVIAL Y/O AMPLIACIÓN DE REDES DE ALCANTARILLADO PLUVIAL, Y/O PROYECTOS DE CONSTRUCCIÓN DE REDES INTRADOMICILIARIA DE ACUEDUCTO Y/O PROYECTOS DE CONSTRUCCIÓN DE REDES INTRADOMICILIARIA DE ALCANTARILLADO Y/O CONSTRUCCIÓN DE REDES DOMICILIARIAS DE ACUEDUCTO Y/O CONSTRUCCIÓN DE REDES DOMICILIARIAS DE ALCANTARILLADO Y/O CONSTRUCCIÓN DE REDES ALCANTARILLADO Y/O AMPLIACIÓN Y/O OPTIMIZACIÓN DE REDES ALCANTARILLADO Y/O CONSTRUCCIÓN DE REDES DE ACUEDUCTO Y/O AMPLIACIÓN Y/U OPTIMIZACIÓN DE REDES ACUEDUCTO. | L37: =+IF(AND(I38="X",I39="X",I40="X",I41="X",I42="X"),"CUMPLE","NO CUMPLE") -> CUMPLE | N37: =+'Exp. oferente'!A6 -> El oferente debe acreditar en su oferta, que cuenta con experiencia específica en: CONSTRUCCIÓN DE EDIFICACIONES Y/O AMPLIACIÓN DE EDIFICACIONES Y/O DE MEJORAMIENTO INTEGRAL DE VIVIENDA Y/O CONSTRUCCIÓN DE REDES DE ALCANTARILLADO PLUVIAL Y/O AMPLIACIÓN DE REDES DE ALCANTARILLADO PLUVIAL, Y/O PROYECTOS DE CONSTRUCCIÓN DE REDES INTRADOMICILIARIA DE ACUEDUCTO Y/O PROYECTOS DE CONSTRUCCIÓN DE REDES INTRADOMICILIARIA DE ALCANTARILLADO Y/O CONSTRUCCIÓN DE REDES DOMICILIARIAS DE ACUEDUCTO Y/O CONSTRUCCIÓN DE REDES DOMICILIARIAS DE ALCANTARILLADO Y/O CONSTRUCCIÓN DE REDES ALCANTARILLADO Y/O AMPLIACIÓN Y/O OPTIMIZACIÓN DE REDES ALCANTARILLADO Y/O CONSTRUCCIÓN DE REDES DE ACUEDUCTO Y/O AMPLIACIÓN Y/U OPTIMIZACIÓN DE REDES ACUEDUCTO. | R37: =+IF(AND(O38="X",O39="X",O40="X",O41="X",O42="X"),"CUMPLE","NO CUMPLE") -> NO CUMPLE | T37: =+'Exp. oferente'!A6 -> El oferente debe acreditar en su oferta, que cuenta con experiencia específica en: CONSTRUCCIÓN DE EDIFICACIONES Y/O AMPLIACIÓN DE EDIFICACIONES Y/O DE MEJORAMIENTO INTEGRAL DE VIVIENDA Y/O CONSTRUCCIÓN DE REDES DE ALCANTARILLADO PLUVIAL Y/O AMPLIACIÓN DE REDES DE ALCANTARILLADO PLUVIAL, Y/O PROYECTOS DE CONSTRUCCIÓN DE REDES INTRADOMICILIARIA DE ACUEDUCTO Y/O PROYECTOS DE CONSTRUCCIÓN DE REDES INTRADOMICILIARIA DE ALCANTARILLADO Y/O CONSTRUCCIÓN DE REDES DOMICILIARIAS DE ACUEDUCTO Y/O CONSTRUCCIÓN DE REDES DOMICILIARIAS DE ALCANTARILLADO Y/O CONSTRUCCIÓN DE REDES ALCANTARILLADO Y/O AMPLIACIÓN Y/O OPTIMIZACIÓN DE REDES ALCANTARILLADO Y/O CONSTRUCCIÓN DE REDES DE ACUEDUCTO Y/O AMPLIACIÓN Y/U OPTIMIZACIÓN DE REDES ACUEDUCTO. | X37: =+IF(AND(U38="X",U39="X",U40="X",U41="X",U42="X"),"CUMPLE","NO CUMPLE") -> NO CUMPLE | Z37: =+'Exp. oferente'!A6 -> El oferente debe acreditar en su oferta, que cuenta con experiencia específica en: CONSTRUCCIÓN DE EDIFICACIONES Y/O AMPLIACIÓN DE EDIFICACIONES Y/O DE MEJORAMIENTO INTEGRAL DE VIVIENDA Y/O CONSTRUCCIÓN DE REDES DE ALCANTARILLADO PLUVIAL Y/O AMPLIACIÓN DE REDES DE ALCANTARILLADO PLUVIAL, Y/O PROYECTOS DE CONSTRUCCIÓN DE REDES INTRADOMICILIARIA DE ACUEDUCTO Y/O PROYECTOS DE CONSTRUCCIÓN DE REDES INTRADOMICILIARIA DE ALCANTARILLADO Y/O CONSTRUCCIÓN DE REDES DOMICILIARIAS DE ACUEDUCTO Y/O CONSTRUCCIÓN DE REDES DOMICILIARIAS DE ALCANTARILLADO Y/O CONSTRUCCIÓN DE REDES ALCANTARILLADO Y/O AMPLIACIÓN Y/O OPTIMIZACIÓN DE REDES ALCANTARILLADO Y/O CONSTRUCCIÓN DE REDES DE ACUEDUCTO Y/O AMPLIACIÓN Y/U OPTIMIZACIÓN DE REDES ACUEDUCTO. | AD37: =+IF(AND(AA38="X",AA39="X",AA40="X",AA41="X",AA42="X"),"CUMPLE","NO CUMPLE") -> NO CUMPLE
B38: =+'Exp. oferente'!E24 -> LAS OBRAS DE CONSTRUCCION DE AULAS TEMPORALES, MANTENIMIENTO CORRECTIVO Y REPARACION ESTRUCTURAL, PARA ATENDER LAS AFECTACIONES DE LAS INFRAESTRUCTURAS EDUCATIVAS DEL DEPARTAMENTO DEL TOLIMA, PRODUCIDAS POR LA OLA INVERNAL DEL 2010, CONTRATACION QUE SE REALIZA EN EL MARCO DE LA FASE 1 Y 2 DEL PLAN DE ACCION DEL SECTOR EDUCATIVO, EMERGENCIA INVERNAL 2010-2011, DE ACUERDO CON LA DESCRIPCION, ESPECIFICACIONES Y DEMAS CONDICIONES ESTABLECIDAS EN EL PRESENTE DOCUMENTO E INFORMACION TECNICA SUMINISTRADA POR FONADE. | C38: X | E38: =+CONCATENATE('Exp. oferente'!G24,CHAR(10),TEXT('Exp. oferente'!F24,"DD"),"/",TEXT('Exp. oferente'!F24,"MMMM"),"/",TEXT('Exp. oferente'!F24,"YYYY"), CHAR(10),DOLLAR('Exp. oferente'!H24)) -> 16/agosto/2011 XDR2,000,000,000.00 | H38: =+'Exp. oferente'!#REF! -> #REF! | I38: X | K38: =+CONCATENATE('Exp. oferente'!G48,CHAR(10),TEXT('Exp. oferente'!F48,"DD"),"/",TEXT('Exp. oferente'!F48,"MMMM"),"/",TEXT('Exp. oferente'!F48,"YYYY"), CHAR(10),DOLLAR('Exp. oferente'!H48)) -> 08/agosto/2012 XDR3,978,496,918.00 | N38: =+'Exp. oferente'!E48 -> Construcción de la segunda etapa de la Unidad Intermedia de salud de los Barrios del Sur en el Municipio de Ibagué, Departamento del Tolima. | Q38: =+CONCATENATE('Exp. oferente'!G71,CHAR(10),TEXT('Exp. oferente'!F71,"DD"),"/",TEXT('Exp. oferente'!F71,"MMMM"),"/",TEXT('Exp. oferente'!F71,"YYYY"), CHAR(10),DOLLAR('Exp. oferente'!H71)) -> 00/enero/1900 XDR0.00 | T38: =+'Exp. oferente'!E90 -> 0 | W38: =+CONCATENATE('Exp. oferente'!G90,CHAR(10),TEXT('Exp. oferente'!F90,"DD"),"/",TEXT('Exp. oferente'!F90,"MMMM"),"/",TEXT('Exp. oferente'!F90,"YYYY"), CHAR(10),DOLLAR('Exp. oferente'!H90)) -> 00/enero/1900 XDR0.00 | Z38: =+'Exp. oferente'!E114 -> 0 | AC38: =+CONCATENATE('Exp. oferente'!G114,CHAR(10),TEXT('Exp. oferente'!F114,"DD"),"/",TEXT('Exp. oferente'!F114,"MMMM"),"/",TEXT('Exp. oferente'!F114,"YYYY"), CHAR(10),DOLLAR('Exp. oferente'!H114)) -> 00/enero/1900 XDR0.00
B39: =+'Exp. oferente'!E25 -> CONSTRUCCION ALCANTARILLADO PLUVIAL CARRERA 9 ENTRE CALLE 6 Y TRANSVERSAL 7 MUNICIPIO DE AQUITANIA. | C39: X | E39: =+CONCATENATE('Exp. oferente'!J25,CHAR(10),TEXT('Exp. oferente'!F25,"DD"),"/",TEXT('Exp. oferente'!F25,"MMMM"),"/",TEXT('Exp. oferente'!F25,"YYYY"), CHAR(10),DOLLAR('Exp. oferente'!H25)) -> 14/diciembre/2011 XDR232,719,242.12 | H39: =+'Exp. oferente'!#REF! -> #REF! | I39: X | K39: =+CONCATENATE('Exp. oferente'!G49,CHAR(10),TEXT('Exp. oferente'!F49,"DD"),"/",TEXT('Exp. oferente'!F49,"MMMM"),"/",TEXT('Exp. oferente'!F49,"YYYY"), CHAR(10),DOLLAR('Exp. oferente'!H49)) -> 23/marzo/2014 XDR3,089,446,186.00 | N39: =+'Exp. oferente'!E49 -> Ejecución de los diseños y estudios técnicos y construcción de un centro de desarrollo infantil (CDI) en el Municipio de Palmira - Valle del Cauca, para 500 cupos. | Q39: =+CONCATENATE('Exp. oferente'!G72,CHAR(10),TEXT('Exp. oferente'!F72,"DD"),"/",TEXT('Exp. oferente'!F72,"MMMM"),"/",TEXT('Exp. oferente'!F72,"YYYY"), CHAR(10),DOLLAR('Exp. oferente'!H72)) -> 00/enero/1900 XDR0.00 | T39: =+'Exp. oferente'!E91 -> 0 | W39: =+CONCATENATE('Exp. oferente'!G91,CHAR(10),TEXT('Exp. oferente'!F91,"DD"),"/",TEXT('Exp. oferente'!F91,"MMMM"),"/",TEXT('Exp. oferente'!F91,"YYYY"), CHAR(10),DOLLAR('Exp. oferente'!H91)) -> 00/enero/1900 XDR0.00 | Z39: =+'Exp. oferente'!E115 -> 0 | AC39: =+CONCATENATE('Exp. oferente'!G115,CHAR(10),TEXT('Exp. oferente'!F115,"DD"),"/",TEXT('Exp. oferente'!F115,"MMMM"),"/",TEXT('Exp. oferente'!F115,"YYYY"), CHAR(10),DOLLAR('Exp. oferente'!H115)) -> 00/enero/1900 XDR0.00
B40: =+'Exp. oferente'!E26 -> DISEÑOS, ESTUDIOS TECNICOS Y CONSTRUCCION DE DOCE (12) AULAS Y UNA (1) BATERIA SANITARIA EN EL INSTITUTO TECNICO AGROPECUARIO DEL MUNICIPIO DE UMBITABOYACA, POR EL SISTEMA DE PRECIO GLOBAL FIJO. | C40: X | E40: =+CONCATENATE('Exp. oferente'!G26,CHAR(10),TEXT('Exp. oferente'!F26,"DD"),"/",TEXT('Exp. oferente'!F26,"MMMM"),"/",TEXT('Exp. oferente'!F26,"YYYY"), CHAR(10),DOLLAR('Exp. oferente'!H26)) -> 23/septiembre/2008 XDR574,644,165.97 | H40: =+'Exp. oferente'!#REF! -> #REF! | I40: X | K40: =+CONCATENATE('Exp. oferente'!G50,CHAR(10),TEXT('Exp. oferente'!F50,"DD"),"/",TEXT('Exp. oferente'!F50,"MMMM"),"/",TEXT('Exp. oferente'!F50,"YYYY"), CHAR(10),DOLLAR('Exp. oferente'!H50)) -> 06/mayo/2013 XDR1,194,089,150.00 | N40: =+'Exp. oferente'!E50 -> Construcción de la Manija (A) San Antonio Carpeta 8-B 106/ Planos 1 de 2 y colector de la Tuza Carpeta 8-BG-9/ Planos 1 y 2 de 9 a cargo del convenio interadministrativo de cooperación No. 0073 del 23 de junio de 2011. | Q40: =+CONCATENATE('Exp. oferente'!G73,CHAR(10),TEXT('Exp. oferente'!F73,"DD"),"/",TEXT('Exp. oferente'!F73,"MMMM"),"/",TEXT('Exp. oferente'!F73,"YYYY"), CHAR(10),DOLLAR('Exp. oferente'!H73)) -> 00/enero/1900 XDR0.00 | T40: =+'Exp. oferente'!E92 -> 0 | W40: =+CONCATENATE('Exp. oferente'!G92,CHAR(10),TEXT('Exp. oferente'!F92,"DD"),"/",TEXT('Exp. oferente'!F92,"MMMM"),"/",TEXT('Exp. oferente'!F92,"YYYY"), CHAR(10),DOLLAR('Exp. oferente'!H92)) -> 00/enero/1900 XDR0.00 | Z40: =+'Exp. oferente'!E116 -> 0 | AC40: =+CONCATENATE('Exp. oferente'!G116,CHAR(10),TEXT('Exp. oferente'!F116,"DD"),"/",TEXT('Exp. oferente'!F116,"MMMM"),"/",TEXT('Exp. oferente'!F116,"YYYY"), CHAR(10),DOLLAR('Exp. oferente'!H116)) -> 00/enero/1900 XDR0.00
B41: =+'Exp. oferente'!E27 -> 0 | C41: X | E41: =+CONCATENATE('Exp. oferente'!G27,CHAR(10),TEXT('Exp. oferente'!F27,"DD"),"/",TEXT('Exp. oferente'!F27,"MMMM"),"/",TEXT('Exp. oferente'!F27,"YYYY"), CHAR(10),DOLLAR('Exp. oferente'!H27)) -> 00/enero/1900 XDR0.00 | H41: =+'Exp. oferente'!E51 -> Construccion del Parque Educativo en los Municipios de San Luis y San Francisco en el Departamneto de Antioquia | I41: X | K41: =+CONCATENATE('Exp. oferente'!G51,CHAR(10),TEXT('Exp. oferente'!F51,"DD"),"/",TEXT('Exp. oferente'!F51,"MMMM"),"/",TEXT('Exp. oferente'!F51,"YYYY"), CHAR(10),DOLLAR('Exp. oferente'!H51)) -> 04/julio/2015 XDR3,978,635,872.00 | N41: =+'Exp. oferente'!E74 -> 0 | Q41: =+CONCATENATE('Exp. oferente'!G74,CHAR(10),TEXT('Exp. oferente'!F74,"DD"),"/",TEXT('Exp. oferente'!F74,"MMMM"),"/",TEXT('Exp. oferente'!F74,"YYYY"), CHAR(10),DOLLAR('Exp. oferente'!H74)) -> 00/enero/1900 XDR0.00 | T41: =+'Exp. oferente'!E93 -> 0 | W41: =+CONCATENATE('Exp. oferente'!G93,CHAR(10),TEXT('Exp. oferente'!F93,"DD"),"/",TEXT('Exp. oferente'!F93,"MMMM"),"/",TEXT('Exp. oferente'!F93,"YYYY"), CHAR(10),DOLLAR('Exp. oferente'!H93)) -> 00/enero/1900 XDR0.00 | Z41: =+'Exp. oferente'!E117 -> 0 | AC41: =+CONCATENATE('Exp. oferente'!G117,CHAR(10),TEXT('Exp. oferente'!F117,"DD"),"/",TEXT('Exp. oferente'!F117,"MMMM"),"/",TEXT('Exp. oferente'!F117,"YYYY"),CHAR(10),DOLLAR('Exp. oferente'!H117)) -> 00/enero/1900 XDR0.00
B42: =+'Exp. oferente'!E28 -> 0 | C42: X | E42: =+CONCATENATE('Exp. oferente'!G28,CHAR(10),TEXT('Exp. oferente'!F28,"DD"),"/",TEXT('Exp. oferente'!F28,"MMMM"),"/",TEXT('Exp. oferente'!F28,"YYYY"), CHAR(10),DOLLAR('Exp. oferente'!H28)) -> 00/enero/1900 XDR0.00 | H42: =+'Exp. oferente'!E52 -> Construccion del Parque Educativo del Municipio de Arboletes en el Departamento de Antioquia | I42: X | K42: =+CONCATENATE('Exp. oferente'!G52,CHAR(10),TEXT('Exp. oferente'!F52,"DD"),"/",TEXT('Exp. oferente'!F52,"MMMM"),"/",TEXT('Exp. oferente'!F52,"YYYY"), CHAR(10),DOLLAR('Exp. oferente'!H52)) -> 31/diciembre/2015 XDR2,009,269,125.00 | N42: =+'Exp. oferente'!E75 -> 0 | Q42: =+CONCATENATE('Exp. oferente'!G75,CHAR(10),TEXT('Exp. oferente'!F75,"DD"),"/",TEXT('Exp. oferente'!F75,"MMMM"),"/",TEXT('Exp. oferente'!F75,"YYYY"), CHAR(10),DOLLAR('Exp. oferente'!H75)) -> 00/enero/1900 XDR0.00 | T42: =+'Exp. oferente'!E94 -> 0 | W42: =+CONCATENATE('Exp. oferente'!G94,CHAR(10),TEXT('Exp. oferente'!F94,"DD"),"/",TEXT('Exp. oferente'!F94,"MMMM"),"/",TEXT('Exp. oferente'!F94,"YYYY"), CHAR(10),DOLLAR('Exp. oferente'!H94)) -> 00/enero/1900 XDR0.00 | Z42: =+'Exp. oferente'!E118 -> 0 | AC42: =+CONCATENATE('Exp. oferente'!G118,CHAR(10),TEXT('Exp. oferente'!F118,"DD"),"/",TEXT('Exp. oferente'!F118,"MMMM"),"/",TEXT('Exp. oferente'!F118,"YYYY"), CHAR(10),DOLLAR('Exp. oferente'!H118)) -> 00/enero/1900 XDR0.00
B43: =+'Exp. oferente'!A7 -> La experiencia debe ser acreditada con la ejecución de mínimo uno (01) y máximo cinco (05) contratos. | F43: =+IF(AND(C44="X"),"CUMPLE","NO CUMPLE") -> CUMPLE | H43: =+'Exp. oferente'!A7 -> La experiencia debe ser acreditada con la ejecución de mínimo uno (01) y máximo cinco (05) contratos. | L43: =+IF(AND(I44="X"),"CUMPLE","NO CUMPLE") -> CUMPLE | N43: =+'Exp. oferente'!A7 -> La experiencia debe ser acreditada con la ejecución de mínimo uno (01) y máximo cinco (05) contratos. | R43: =+IF(AND(O44="X"),"CUMPLE","NO CUMPLE") -> NO CUMPLE | T43: =+'Exp. oferente'!A7 -> La experiencia debe ser acreditada con la ejecución de mínimo uno (01) y máximo cinco (05) contratos. | X43: =+IF(AND(U44="X"),"CUMPLE","NO CUMPLE") -> NO CUMPLE | Z43: =+'Exp. oferente'!A7 -> La experiencia debe ser acreditada con la ejecución de mínimo uno (01) y máximo cinco (05) contratos. | AD43: =+IF(AND(AA44="X"),"CUMPLE","NO CUMPLE") -> NO CUMPLE
C44: X | I44: X
B45: =+'Exp. oferente'!A8 -> Los contratos aportados deben sumar, en su conjunto, un valor igual o superior a 2.0 veces el valor del POE para cada grupo, expresado en SMMLV. | F45: =+IF(AND(C46="X"),"CUMPLE","NO CUMPLE") -> CUMPLE | H45: =+'Exp. oferente'!A8 -> Los contratos aportados deben sumar, en su conjunto, un valor igual o superior a 2.0 veces el valor del POE para cada grupo, expresado en SMMLV. | L45: =+IF(AND(I46="X"),"CUMPLE","NO CUMPLE") -> CUMPLE | N45: =+'Exp. oferente'!A8 -> Los contratos aportados deben sumar, en su conjunto, un valor igual o superior a 2.0 veces el valor del POE para cada grupo, expresado en SMMLV. | R45: =+IF(AND(O46="X"),"CUMPLE","NO CUMPLE") -> NO CUMPLE | T45: =+'Exp. oferente'!A8 -> Los contratos aportados deben sumar, en su conjunto, un valor igual o superior a 2.0 veces el valor del POE para cada grupo, expresado en SMMLV. | X45: =+IF(AND(U46="X"),"CUMPLE","NO CUMPLE") -> NO CUMPLE | Z45: =+'Exp. oferente'!A8 -> Los contratos aportados deben sumar, en su conjunto, un valor igual o superior a 2.0 veces el valor del POE para cada grupo, expresado en SMMLV. | AD45: =+IF(AND(AA46="X"),"CUMPLE","NO CUMPLE") -> NO CUMPLE
C46: X | I46: X
A47: DOCUMENTACIÓN ACLARATORIA ENTREGADA POR LOS OFERENTES DE LA EXPERIENCIA ESPECÍFICA | G47: DOCUMENTACIÓN ACLARATORIA ENTREGADA POR LOS OFERENTES DE LA EXPERIENCIA ESPECÍFICA | M47: DOCUMENTACIÓN ACLARATORIA ENTREGADA POR LOS OFERENTES DE LA EXPERIENCIA ESPECÍFICA | S47: DOCUMENTACIÓN ACLARATORIA ENTREGADA POR LOS OFERENTES DE LA EXPERIENCIA ESPECÍFICA | Y47: DOCUMENTACIÓN ACLARATORIA ENTREGADA POR LOS OFERENTES DE LA EXPERIENCIA ESPECÍFICA
A48: CONCLUSIÓN EVALUACION EXPERIENCIA ESPECÍFICA | C48: =+IF(AND(F37="CUMPLE",F43="CUMPLE",F45="CUMPLE"),"CUMPLE","NO CUMPLE") -> CUMPLE | G48: CONCLUSIÓN EVALUACION EXPERIENCIA ESPECÍFICA | I48: =+IF(AND(L37="CUMPLE",L43="CUMPLE",L45="CUMPLE"),"CUMPLE","NO CUMPLE") -> CUMPLE | M48: CONCLUSIÓN EVALUACION EXPERIENCIA ESPECÍFICA | O48: =+IF(AND(R37="CUMPLE",R43="CUMPLE",R45="CUMPLE"),"CUMPLE","NO CUMPLE") -> NO CUMPLE | S48: CONCLUSIÓN EVALUACION EXPERIENCIA ESPECÍFICA | U48: =+IF(AND(X37="CUMPLE",X43="CUMPLE",X45="CUMPLE"),"CUMPLE","NO CUMPLE") -> NO CUMPLE | Y48: CONCLUSIÓN EVALUACION EXPERIENCIA ESPECÍFICA | AA48: =+IF(AND(AD37="CUMPLE",AD43="CUMPLE",AD45="CUMPLE"),"CUMPLE","NO CUMPLE") -> NO CUMPLE
A49: CONCLUSIÓN DEL OFERENTE | C49: =+IF(AND(F19="CUMPLE",F30="CUMPLE",F48="CUMPLE"),"CUMPLE","NO CUMPLE") -> NO CUMPLE | G49: CONCLUSIÓN DEL OFERENTE | I49: =+IF(AND(L19="CUMPLE",L30="CUMPLE",L48="CUMPLE"),"CUMPLE","NO CUMPLE") -> NO CUMPLE | M49: CONCLUSIÓN DEL OFERENTE | O49: =+IF(AND(R19="CUMPLE",R30="CUMPLE",R48="CUMPLE"),"CUMPLE","NO CUMPLE") -> NO CUMPLE | S49: CONCLUSIÓN DEL OFERENTE | U49: =+IF(AND(X19="CUMPLE",X30="CUMPLE",X48="CUMPLE"),"CUMPLE","NO CUMPLE") -> NO CUMPLE | Y49: CONCLUSIÓN DEL OFERENTE | AA49: =+IF(AND(AD19="CUMPLE",AD30="CUMPLE",AD48="CUMPLE"),"CUMPLE","NO CUMPLE") -> NO CUMPLE
A51: CAUSALES DE RECHAZO (SI APLICA) | G51: CAUSALES DE RECHAZO (SI APLICA) | M51: CAUSALES DE RECHAZO (SI APLICA) | S51: CAUSALES DE RECHAZO (SI APLICA) | Y51: CAUSALES DE RECHAZO (SI APLICA)
A52: OBSERVACIONES ADICIONALES | G52: OBSERVACIONES ADICIONALES | M52: OBSERVACIONES ADICIONALES | S52: OBSERVACIONES ADICIONALES | Y52: OBSERVACIONES ADICIONALES
A53: CONCLUSIÓN FINAL DE LA EVALUACIÓN DEL OFERENTE | C53: NO CUMPLE | G53: CONCLUSIÓN FINAL DE LA EVALUACIÓN DEL OFERENTE | I53: NO CUMPLE | M53: CONCLUSIÓN FINAL DE LA EVALUACIÓN DEL OFERENTE | O53: NO CUMPLE | S53: CONCLUSIÓN FINAL DE LA EVALUACIÓN DEL OFERENTE | U53: NO CUMPLE | Y53: CONCLUSIÓN FINAL DE LA EVALUACIÓN DEL OFERENTE | AA53: NO CUMPLE
A586: NO CUMPLE | G586: NO CUMPLE | M586: NO CUMPLE | S586: NO CUMPLE | Y586: NO CUMPLE
A587: CUMPLE | G587: CUMPLE | M587: CUMPLE | S587: CUMPLE | Y587: CUMPLE
A588: PENDIENTE | G588: PENDIENTE | M588: PENDIENTE | S588: PENDIENTE | Y588: PENDIENTE
A589: NO HABILITADO | G589: NO HABILITADO | M589: NO HABILITADO | S589: NO HABILITADO | Y589: NO HABILITADO
A590: HABILITADO | G590: HABILITADO | M590: HABILITADO | S590: HABILITADO | Y590: HABILITADO
A591: RECHAZADO | G591: RECHAZADO | M591: RECHAZADO | S591: RECHAZADO | Y591: RECHAZADO
A592: PENDIENTE | G592: PENDIENTE | M592: PENDIENTE | S592: PENDIENTE | Y592: PENDIENTE

Sheet Exp. oferente ADICIONAL
A1: =+'K-Kr Constructor'!A1:F1 -> FONDO FINANCIERO DE PROYECTOS DE DESARROLLO – FONADE CLIENTE: MINISTERIO DE VIVIENDA, CIUDAD Y TERRITORIO OBJETO: “DIAGNÓSTICO, CONCERTACIÓN, PLAN DE INTERVENCIÓN Y EJECUCIÓN DE LA CONSTRUCCIÓN DEL PROGRAMA DE CONEXIONES INTRADOMICIALIARIAS, EN LOS MUNICIPIOS DE: PUERTO BERRIO – ANTIOQUIA, COTORRA Y LA APARTADA” CONVOCATORIA PÚBLICA CPU 022-2018 GRUPO N° 3 LA APARTADA - CORDOBA
T2: AÑO | U2: SMMLV
A3: EXPERIENCIA ADICIONAL TÉCNICA DEL OFERENTE | T3: 1984 | U3: 11298
T4: 1985 | U4: 13557.6
A5: El oferente debe acreditar en su oferta, que cuenta con experiencia específica en: | T5: 1986 | U5: 16811.4
A6: Con la presentación de mínimo un (1) contrato, ADICIONAL a los presentados para la verificación técnica; dentro del numeral 5.1.3. del presente documento, cuyo objeto sea en CONSTRUCCIÓN DE REDES ALCANTARILLADO Y/O AMPLIACIÓN Y/U OPTIMIZACIÓN DE REDES ALCANTARILLADO Y/O CONSTRUCCIÓN DE REDES DE ACUEDUCTO Y/O AMPLIACIÓN Y/U OPTIMIZACIÓN DE REDES ACUEDUCTO, se le otorgará puntaje. | K6: 20 | L6: =+I15*25% -> 382.37648 | T6: 1987 | U6: 20509.8 | W6: 0.25
A7: a) Con la presentación de un (1) contrato, ADICIONAL a los presentados para la verificación técnica; descritos en el numeral 5.1.3. y que dentro de su alcance se haya ejecutado la Construcción Y/O Mejoramiento Y/O Ejecución Y/O Adecuación De Redes Intradomiciliarias. | K7: 10 | L7: =+I15/2 -> 764.75295 | T7: 1987 | U7: 20509.8 | W7: 0.5
A8: b) Con la presentación de dos (2) contratos, ADICIONALES a los presentados para la verificación técnica; descritos en el numeral 5.1.3. y que dentro de su alcance se haya ejecutado la Construcción Y/O Mejoramiento Y/O Ejecución Y/O Adecuación De Redes Intradomiciliarias. | K8: 20 | L8: =+I15*75% -> 1147.1294 | T8: 1987 | U8: 20509.8 | W8: 0.75
A9: c) Con la presentación de mínimo tres (3) contratos, ADICIONALES a los presentados para la verificación técnica; descritos en el numeral 5.1.3 y que dentro de su alcance se haya ejecutado la Construcción Y/O Mejoramiento Y/O Ejecución Y/O Adecuación De Redes Intradomiciliarias | K9: 30 | T9: 1987 | U9: 20509.8
T10: 1987 | U10: 20509.8
T11: 1987 | U11: 20509.8
K12: 30 | T12: 1987 | U12: 20509.8
T13: 1988 | U13: 25637.4
I14: SMMLV | J14: =+I15 -> 1529.5059 | K14: 10 | T14: 1989 | U14: 32559.6
E15: Ser igual o superior al valor del POE, expresado en SMMLV | F15: =+H16/H17 -> 1529.5059 | I15: =H16/H17 -> 1529.5059 | J15: =+I15*1.5 -> 2294.2589 | K15: 20 | T15: 1990 | U15: 41025
E16: Fecha maxima certificación | G16: presup.of | H16: =+'K-Kr Constructor'!B5 -> 1194914256 | I16: SMMLV | J16: =+I15*2 -> 3059.0118 | K16: 30 | T16: 1991 | U16: 51716.1
G17: SMMLV 2017 | H17: =+'K-Kr Constructor'!B4 -> 781242 | T17: 1992 | U17: 65190
T18: 1993 | U18: 81510
T19: 1994 | U19: 98700
B20: Oferente | C20: 3 | D20: =VLOOKUP(C20,Conformación!$A$5:$N$129,2,FALSE) -> CONSORCIO INTRA | T20: 1995 | U20: 118933.5
D21: =VLOOKUP(C20,Conformación!$A$5:$N$129,4,FALSE) -> (Luis Rafael Castillo Vargas 60% - JORGE HEDDY MENESES RENGIFO 40% - 0%- 0%- 0%) | T21: 1996 | U21: 142125
N22: INTEGRANTES | T22: 1997 | U22: 172005
N23: =+F38 -> Luis Rafael Castillo Vargas | O23: =+F39 -> JORGE HEDDY MENESES RENGIFO | P23: =+F40 -> 0 | Q23: =+F41 -> 0 | R23: =+F42 -> 0 | T23: 1998 | U23: 203826
A24: No | B24: PROPIETARIO O ENTIDAD CONTRATANTE | C24: APORTADA POR | D24: % en Cto | E24: OBJETO | F24: Fecha de Terminación | G24: Folio | H24: VALOR | I24: =+I$14 -> SMMLV | J24: CALIFICACION | L24: RUP | N24: =+IF(C25=$N$23,I25,0) -> 0 | O24: =+IF(C25=$O$23,I25,0) -> 1014.6104 | P24: =+IF(C25=$P$23,I25,0) -> 0 | Q24: =+IF(C25=$Q$23,I25,0) -> 0 | R24: =+IF(C25=$R$23,I25,0) -> 0 | T24: 1999 | U24: 236460
A25: 1 | B25: FONADE | C25: JORGE HEDDY MENESES RENGIFO | D25: 0.25 | E25: DIAGNOSTICO (SIC), CONCERTACION, PLAN DE INTERVENCION Y EJECUCION DEL PROGRAMA DE CONEXIONES INTRADOMICILIARIAS EN FLORENCIA - CAQUETA (SIC)-GRUPO 14. | F25: 41698 | H25: 2500000000 | I25: =IF(F25=0,0,IF(F25<$F$14,"FUERA DE TIEMPO",H25*D25/VLOOKUP(YEAR(F25),$T$3:$U$43,2,0))) -> 1014.6104 | J25: 10 | K25: 1 | L25: 94 | N25: =+IF(C26=$N$23,I26,0) -> 0 | O25: =+IF(C26=$O$23,I26,0) -> 347.91029 | P25: =+IF(C26=$P$23,I26,0) -> 0 | Q25: =+IF(C26=$Q$23,I26,0) -> 0 | R25: =+IF(C26=$R$23,I26,0) -> 0 | T25: 2000 | U25: 260100
A26: 2 | B26: FONADE | C26: JORGE HEDDY MENESES RENGIFO | D26: 1 | E26: ESTUDIOS, DISEÑOS Y CONSTRUCCION DE DOS (2) AULAS Y UNA (1) BATERIA SANITARIA EN EL CENTRO EDUCATIVO "EL DENÉN" DEL MUNICIPIO DE CARTAGENA DEL CHAIRA, DEPARTAMENTO DEL CAQUETA, POR EL SISTEMA DE PRECIO GLOBAL FIJO | F26: 39655 | H26: 160560600 | I26: =IF(F26=0,0,IF(F26<$F$14,"FUERA DE TIEMPO",H26*D26/VLOOKUP(YEAR(F26),$T$3:$U$40,2,0))) -> 347.91029 | J26: 10 | K26: =+IF(I26>=$I$15,1,0) -> 0 | L26: 8 | N26: =+IF(C27=$N$23,I27,0) -> 0 | O26: =+IF(C27=$O$23,I27,0) -> 795.8433 | P26: =+IF(C27=$P$23,I27,0) -> 0 | Q26: =+IF(C27=$Q$23,I27,0) -> 0 | R26: =+IF(C27=$R$23,I27,0) -> 0 | T26: 2001 | U26: 286000
A27: 3 | B27: FONADE | C27: JORGE HEDDY MENESES RENGIFO | D27: 0.4 | E27: LOS ESTUDIOS TECNICOS, DISEÑOS Y CONSTRUCCION DE HOGARES MULTIPLES PARA EL ICBF Y EL MINISTERIO DE EDUCACION NACIONAL, POR EL SISTEMA DE PRECIO GLOBAL FIJO EN EL MUNICIPIO DE YUMBO, EN EL DEPARTAMENTO DEL VALLE. | F27: 40745 | H27: 1065634180 | I27: =IF(F27=0,0,IF(F27<$F$14,"FUERA DE TIEMPO",H27*D27/VLOOKUP(YEAR(F27),$T$3:$U$46,2,0))) -> 795.8433 | J27: 10 | K27: =+IF(I27>=$I$15,1,0) -> 0 | L27: 15 | N27: =+IF(C29=$N$23,I29,0) -> 0 | O27: =+IF(C29=$O$23,I29,0) -> 0 | P27: =+IF(C29=$P$23,I29,0) -> 0 | Q27: =+IF(C29=$Q$23,I29,0) -> 0 | R27: =+IF(C29=$R$23,I29,0) -> 0 | T27: 2002 | U27: 309000
A28: 4 | B28: FONADE | C28: JORGE HEDDY MENESES RENGIFO | D28: 1 | E28: CONSTRUCCION ALCANTARILLADO SANITARIO CARRERA 1 ENTRE CALLE 3 Y 6, MUNICIPIO DE GAMEZA, BOYACA. | F28: 41201 | H28: 2.3719484e+08 | I28: =IF(F28=0,0,IF(F28<$F$14,"FUERA DE TIEMPO",H28*D28/VLOOKUP(YEAR(F28),$T$3:$U$46,2,0))) -> 418.55451 | J28: 20 | L28: 51
A29: 5 | I29: =IF(F29=0,0,IF(F29<$F$14,"FUERA DE TIEMPO",H29*D29/VLOOKUP(YEAR(F29),$T$3:$U$42,2,0))) -> 0 | K29: =+IF(I29>=$I$15,1,0) -> 0 | L29: 6 | N29: =+IF(C30=$N$23,I30,0) -> 0 | O29: =+IF(C30=$O$23,I30,0) -> 0 | P29: =+IF(C30=$P$23,I30,0) -> 0 | Q29: =+IF(C30=$Q$23,I30,0) -> 0 | R29: =+IF(C30=$R$23,I30,0) -> 0 | T29: 2003 | U29: 332000
A30: 5 | I30: =IF(F30=0,0,IF(F30<$F$14,"FUERA DE TIEMPO",H30*D30/VLOOKUP(YEAR(F30),$T$3:$U$39,2,0))) -> 0 | K30: =+IF(I30>=$I$15,1,0) -> 0 | N30: =+IF(C31=$N$23,I31,0) -> 0 | O30: =+IF(C31=$O$23,I31,0) -> 0 | P30: =+IF(C31=$P$23,I31,0) -> 0 | Q30: =+IF(C31=$Q$23,I31,0) -> 0 | R30: =+IF(C31=$R$23,I31,0) -> 0 | T30: 2004 | U30: 358000
A31: 6 | I31: =IF(F31=0,0,IF(F31<$F$14,"FUERA DE TIEMPO",H31*D31/VLOOKUP(YEAR(F31),$T$3:$U$38,2,0))) -> 0 | K31: =+IF(I31>=$I$15,1,0) -> 0 | N31: =+IF(C32=$N$23,I32,0) -> 0 | O31: =+IF(C32=$O$23,I32,0) -> 0 | P31: =+IF(C32=$P$23,I32,0) -> 0 | Q31: =+IF(C32=$Q$23,I32,0) -> 0 | R31: =+IF(C32=$R$23,I32,0) -> 0 | T31: 2005 | U31: 381500
A32: 7 | I32: =IF(F32=0,0,IF(F32<$F$14,"FUERA DE TIEMPO",H32*D32/VLOOKUP(YEAR(F32),$T$3:$U$38,2,0))) -> 0 | K32: =+IF(I32>=$I$15,1,0) -> 0 | N32: =+IF(C33=$N$23,I33,0) -> 0 | O32: =+IF(C33=$O$23,I33,0) -> 0 | P32: =+IF(C33=$P$23,I33,0) -> 0 | Q32: =+IF(C33=$Q$23,I33,0) -> 0 | R32: =+IF(C33=$R$23,I33,0) -> 0 | T32: 2006 | U32: 408000
A33: 8 | I33: =IF(F33=0,0,IF(F33<$F$14,"FUERA DE TIEMPO",H33*D33/VLOOKUP(YEAR(F33),$T$3:$U$38,2,0))) -> 0 | K33: =+IF(I33>=$I$15,1,0) -> 0 | N33: =+IF(C34=$N$23,I34,0) -> 0 | O33: =+IF(C34=$O$23,I34,0) -> 0 | P33: =+IF(C34=$P$23,I34,0) -> 0 | Q33: =+IF(C34=$Q$23,I34,0) -> 0 | R33: =+IF(C34=$R$23,I34,0) -> 0 | T33: 2007 | U33: 433700
A34: 9 | I34: =IF(F34=0,0,IF(F34<$F$14,"FUERA DE TIEMPO",H34*D34/VLOOKUP(YEAR(F34),$T$3:$U$38,2,0))) -> 0 | K34: =+IF(I34>=$I$15,1,0) -> 0 | N34: =SUM(N24:N33) -> 0 | O34: =SUM(O24:O33) -> 2158.364 | P34: =SUM(P24:P33) -> 0 | Q34: =SUM(Q24:Q33) -> 0 | R34: =SUM(R24:R33) -> 0 | T34: 2008 | U34: 461500
A35: 10 | I35: =IF(F35=0,0,IF(F35<$F$14,"FUERA DE TIEMPO",H35*D35/VLOOKUP(YEAR(F35),$T$3:$U$38,2,0))) -> 0 | K35: =+IF(I35>=$I$15,1,0) -> 0 | T35: 2009 | U35: 496900
I36: TOTAL | J36: 0 | K36: =SUM(K25:K35) -> 1 | T36: 2010 | U36: 515000
B37: NOTA: VERIFICAR QUE LOS CONTRATOS ESTEN EN EL RUP | I37: =+IF(OR(K36=0,I43>=1),"NO CUMPLE","CUMPLE") -> CUMPLE | T37: 2011 | U37: 535600
F38: =VLOOKUP(C20,Conformación!$A$5:$N$129,5,FALSE) -> Luis Rafael Castillo Vargas | G38: =VLOOKUP(C20,Conformación!$A$5:$N$129,6,FALSE) -> 0.6 | H38: =+N34 -> 0 | I38: =+IF(H38<MAX(H38:H42),"",IF(H38=MAX(H38:H42)*AND(SUM(H38:H42)>MAX(H38:H42))*AND((G38>=0.51)),"V.Bo.",IF(H38=MAX(H38:H42)*AND(H38=SUM(H38:H42))*AND(G38>=0.6),"V.Bo.","NO CUMPLE"))) | T38: 2012 | U38: 566700
F39: =VLOOKUP(C20,Conformación!$A$5:$N$129,7,FALSE) -> JORGE HEDDY MENESES RENGIFO | G39: =VLOOKUP(C20,Conformación!$A$5:$N$129,8,FALSE) -> 0.4 | H39: =+O34 -> 2158.364 | T39: 2013 | U39: 589500
F40: =VLOOKUP(C20,Conformación!$A$5:$N$129,9,FALSE) -> 0 | G40: =VLOOKUP(C20,Conformación!$A$5:$N$129,10,FALSE) -> 0 | H40: =+P34 -> 0 | I40: =+IF(H40<MAX(H38:H42),"",IF(H40=MAX(H38:H42)*AND(SUM(H38:H42)>MAX(H38:H42))*AND((G40>0.51)),"V.Bo.",IF(H40=MAX(H38:H42)*AND(H40=SUM(H38:H42))*AND(G40>=0.6),"V.Bo.","NO CUMPLE"))) | T40: 2014 | U40: 616000
F41: =VLOOKUP(C20,Conformación!$A$5:$N$129,11,FALSE) -> 0 | G41: =VLOOKUP(C20,Conformación!$A$5:$N$129,12,FALSE) -> 0 | H41: =+Q34 -> 0 | I41: =+IF(H41<MAX(H38:H42),"",IF(H41=MAX(H38:H42)*AND(SUM(H38:H42)>MAX(H38:H42))*AND((G41>0.51)),"V.Bo.",IF(H41=MAX(H38:H42)*AND(H41=SUM(H38:H42))*AND(G41>=0.6),"V.Bo.","NO CUMPLE"))) | T41: 2015 | U41: 644350
F42: =VLOOKUP(C20,Conformación!$A$5:$N$129,13,FALSE) -> 0 | G42: =VLOOKUP(C20,Conformación!$A$5:$N$129,14,FALSE) -> 0 | H42: =+R34 -> 0 | I42: =+IF(H42<MAX(H38:H42),"",IF(H42=MAX(H38:H42)*AND(SUM(H38:H42)>MAX(H38:H42))*AND((G42>0.51)),"V.Bo.",IF(H42=MAX(H38:H42)*AND(H42=SUM(H38:H42))*AND(G42>=0.6),"V.Bo.","NO CUMPLE"))) | T42: 2016 | U42: 689454
I43: 0 | T43: 2017 | U43: 717737
AC44: =+H38*G38 -> 0
B45: Oferente | C45: 4 | D45: =VLOOKUP(C45,Conformación!$A$5:$N$129,2,FALSE) -> CONSORCIO INTRADOMICILIARIAS 2018
D46: =VLOOKUP(C45,Conformación!$A$5:$N$129,4,FALSE) -> (WILLIAM CARDONA OLMOS SAS 30% - William Cardona Olmos 70% - 0%- 0%- 0%)
N47: INTEGRANTES
N48: =+F61 -> WILLIAM CARDONA OLMOS SAS | O48: =+F62 -> William Cardona Olmos | P48: =+F63 -> 0 | Q48: =+F64 -> 0 | R48: =+F65 -> 0
A49: No | B49: PROPIETARIO O ENTIDAD CONTRATANTE | C49: APORTADA POR | D49: % en Cto | E49: OBJETO | F49: Fecha de Terminación | G49: Folio | H49: VALOR | I49: =+I$14 -> SMMLV | J49: CALIFICACION | N49: =+IF(C50=$N$48,I50,0) -> 0 | O49: =+IF(C50=$O$48,I50,0) -> 709.84334 | P49: =+IF(C50=$P$48,I50,0) -> 0 | Q49: =+IF(C50=$Q$48,I50,0) -> 0 | R49: =+IF(C50=$R$48,I50,0) -> 0
A50: 1 | B50: EDAT SA ESP | C50: WILLIAM CARDONA OLMOS | D50: 1 | E50: Construcción alcantarillado sanitario vereda San Pedro, Municipio de Dolores - Departamento del Tolima | F50: 40046 | H50: 352721158 | I50: =IF(F50=0,0,IF(F50<$F$14,"FUERA DE TIEMPO",H50*D50/VLOOKUP(YEAR(F50),$T$3:$U$42,2,0))) -> 709.84334 | K50: 1 | N50: =+IF(C51=$N$48,I51,0) -> 0 | O50: =+IF(C51=$O$48,I51,0) -> 3797.0736 | P50: =+IF(C51=$P$48,I51,0) -> 0 | Q50: =+IF(C51=$Q$48,I51,0) -> 0 | R50: =+IF(C51=$R$48,I51,0) -> 0
A51: 2 | B51: FONADE | C51: WILLIAM CARDONA OLMOS | D51: 1 | E51: Diagnostico, concertacion, plan de Inversion y ejecucion de conexiones intradomiciliarias en diferentes municipios del pais Grupo 1-Barrancabermeja | F51: 41586 | H51: 2238374887 | I51: =IF(F51=0,0,IF(F51<$F$14,"FUERA DE TIEMPO",H51*D51/VLOOKUP(YEAR(F51),$T$3:$U$42,2,0))) -> 3797.0736 | K51: 1 | N51: =+IF(C52=$N$48,I52,0) -> 0 | O51: =+IF(C52=$O$48,I52,0) -> 84.257101 | P51: =+IF(C52=$P$48,I52,0) -> 0 | Q51: =+IF(C52=$Q$48,I52,0) -> 0 | R51: =+IF(C52=$R$48,I52,0) -> 0
A52: 3 | B52: Gobernacion del Tolima | C52: WILLIAM CARDONA OLMOS | D52: 1 | E52: Contratar la Construccion de Mejoramiento de Vivienda urbana para el municipio de Alvarado en el Departamento del Tolima en el desarrollo del proyecto Construccion y mejoramiento de vivienda urbana en el Departamento del Tolima | F52: 41484 | H52: 49669561 | I52: =IF(F52=0,0,IF(F52<$F$14,"FUERA DE TIEMPO",H52*D52/VLOOKUP(YEAR(F52),$T$3:$U$43,2,0))) -> 84.257101 | K52: 1 | N52: =+IF(C53=$N$48,I53,0) -> 0 | O52: =+IF(C53=$O$48,I53,0) -> 20.631589 | P52: =+IF(C53=$P$48,I53,0) -> 0 | Q52: =+IF(C53=$Q$48,I53,0) -> 0 | R52: =+IF(C53=$R$48,I53,0) -> 0
A53: 4 | B53: Gobernacion del Tolima | C53: WILLIAM CARDONA OLMOS | D53: 0.4 | E53: Contratar la construccion de mejoramientos de vivienda urbana para el municipio de Piedras en el departamento del Tolima, en el desarrollo del proyecto Construccion y mejoramiento de vivienda urbana en el Departamento del Tolima | F53: 41484 | H53: 30405805 | I53: =IF(F53=0,0,IF(F53<$F$14,"FUERA DE TIEMPO",H53*D53/VLOOKUP(YEAR(F53),$T$3:$U$42,2,0))) -> 20.631589 | K53: =+IF(I53>=$I$15,1,0) -> 0 | N53: =+IF(C54=$N$48,I54,0) -> 0 | O53: =+IF(C54=$O$48,I54,0) -> 0 | P53: =+IF(C54=$P$48,I54,0) -> 0 | Q53: =+IF(C54=$Q$48,I54,0) -> 0 | R53: =+IF(C54=$R$48,I54,0) -> 0
A54: 5 | I54: =IF(F54=0,0,IF(F54<$F$14,"FUERA DE TIEMPO",H54*D54/VLOOKUP(YEAR(F54),$T$3:$U$42,2,0))) -> 0 | K54: =+IF(I54>=$I$15,1,0) -> 0 | N54: =+IF(C55=$N$48,I55,0) -> 0 | O54: =+IF(C55=$O$48,I55,0) -> 0 | P54: =+IF(C55=$P$48,I55,0) -> 0 | Q54: =+IF(C55=$Q$48,I55,0) -> 0 | R54: =+IF(C55=$R$48,I55,0) -> 0
A55: 6 | I55: =IF(F55=0,0,IF(F55<$F$14,"FUERA DE TIEMPO",H55*D55/VLOOKUP(YEAR(F55),$T$3:$U$38,2,0))) -> 0 | K55: =+IF(I55>=$I$15,1,0) -> 0 | N55: =+IF(C56=$N$48,I56,0) -> 0 | O55: =+IF(C56=$O$48,I56,0) -> 0 | P55: =+IF(C56=$P$48,I56,0) -> 0 | Q55: =+IF(C56=$Q$48,I56,0) -> 0 | R55: =+IF(C56=$R$48,I56,0) -> 0
A56: 7 | I56: =IF(F56=0,0,IF(F56<$F$14,"FUERA DE TIEMPO",H56*D56/VLOOKUP(YEAR(F56),$T$3:$U$38,2,0))) -> 0 | K56: =+IF(I56>=$I$15,1,0) -> 0 | N56: =+IF(C57=$N$48,I57,0) -> 0 | O56: =+IF(C57=$O$48,I57,0) -> 0 | P56: =+IF(C57=$P$48,I57,0) -> 0 | Q56: =+IF(C57=$Q$48,I57,0) -> 0 | R56: =+IF(C57=$R$48,I57,0) -> 0
A57: 8 | I57: =IF(F57=0,0,IF(F57<$F$14,"FUERA DE TIEMPO",H57*D57/VLOOKUP(YEAR(F57),$T$3:$U$38,2,0))) -> 0 | K57: =+IF(I57>=$I$15,1,0) -> 0 | N57: =+IF(C58=$N$48,I58,0) -> 0 | O57: =+IF(C58=$O$48,I58,0) -> 0 | P57: =+IF(C58=$P$48,I58,0) -> 0 | Q57: =+IF(C58=$Q$48,I58,0) -> 0 | R57: =+IF(C58=$R$48,I58,0) -> 0
A58: 9 | I58: =IF(F58=0,0,IF(F58<$F$14,"FUERA DE TIEMPO",H58*D58/VLOOKUP(YEAR(F58),$T$3:$U$38,2,0))) -> 0 | K58: =+IF(I58>=$I$15,1,0) -> 0 | N58: =SUM(N49:N57) -> 0 | O58: =SUM(O49:O57) -> 4611.8056 | P58: =SUM(P49:P57) -> 0 | Q58: =SUM(Q49:Q57) -> 0 | R58: =SUM(R49:R57) -> 0
I59: TOTAL | J59: 50 | K59: =SUM(K50:K58) -> 3
I60: =+IF(OR(K59=0,I66>=1),"NO CUMPLE","CUMPLE") -> CUMPLE
F61: =VLOOKUP(C45,Conformación!$A$5:$N$129,5,FALSE) -> WILLIAM CARDONA OLMOS SAS | G61: =VLOOKUP(C45,Conformación!$A$5:$N$129,6,FALSE) -> 0.3 | H61: =+N58 -> 0 | I61: =+IF(H61<MAX(H61:H65),"",IF(H61=MAX(H61:H65)*AND(SUM(H61:H65)>MAX(H61:H65))*AND((G61>0.5)),"V.Bo.",IF(H61=MAX(H61:H65)*AND(H61=SUM(H61:H65))*AND(G61>=0.6),"V.Bo.","NO CUMPLE")))
F62: =VLOOKUP(C45,Conformación!$A$5:$N$129,7,FALSE) -> William Cardona Olmos | G62: =VLOOKUP(C45,Conformación!$A$5:$N$129,8,FALSE) -> 0.7 | H62: =+O58 -> 4611.8056
F63: =VLOOKUP(C45,Conformación!$A$5:$N$129,9,FALSE) -> 0 | G63: =VLOOKUP(C45,Conformación!$A$5:$N$129,10,FALSE) -> 0 | H63: =+P58 -> 0 | I63: =+IF(H63<MAX(H61:H65),"",IF(H63=MAX(H61:H65)*AND(SUM(H61:H65)>MAX(H61:H65))*AND((G63>0.5)),"V.Bo.",IF(H63=MAX(H61:H65)*AND(H63=SUM(H61:H65))*AND(G63>=0.6),"V.Bo.","NO CUMPLE")))
F64: =VLOOKUP(C45,Conformación!$A$5:$N$129,11,FALSE) -> 0 | G64: =VLOOKUP(C45,Conformación!$A$5:$N$129,12,FALSE) -> 0 | H64: =+Q58 -> 0 | I64: =+IF(H64<MAX(H61:H65),"",IF(H64=MAX(H61:H65)*AND(SUM(H61:H65)>MAX(H61:H65))*AND((G64>0.5)),"V.Bo.",IF(H64=MAX(H61:H65)*AND(H64=SUM(H61:H65))*AND(G64>=0.6),"V.Bo.","NO CUMPLE")))
F65: =VLOOKUP(C45,Conformación!$A$5:$N$129,13,FALSE) -> 0 | G65: =VLOOKUP(C45,Conformación!$A$5:$N$129,14,FALSE) -> 0 | H65: =+R58 -> 0 | I65: =+IF(H65<MAX(H61:H65),"",IF(H65=MAX(H61:H65)*AND(SUM(H61:H65)>MAX(H61:H65))*AND((G65>0.5)),"V.Bo.",IF(H65=MAX(H61:H65)*AND(H65=SUM(H61:H65))*AND(G65>=0.6),"V.Bo.","NO CUMPLE")))
I66: 0
B68: Oferente | C68: 1 | D68: =VLOOKUP(C68,Conformación!$A$5:$N$129,2,FALSE) -> #N/A
D69: =VLOOKUP(C68,Conformación!$A$5:$N$129,4,FALSE) -> #N/A
N70: INTEGRANTES
N71: =+F84 -> #N/A | O71: =+F85 -> #N/A | P71: =+F86 -> #N/A | Q71: =+F87 -> #N/A | R71: =+F88 -> #N/A
A72: No | B72: PROPIETARIO O ENTIDAD CONTRATANTE | C72: APORTADA POR | D72: % en Cto | E72: OBJETO | F72: Fecha de Terminación | G72: Folio | H72: VALOR | I72: =+I$14 -> SMMLV | J72: CALIFICACION | N72: =+IF(C73=$N$71,I73,0) -> #N/A | O72: =+IF(C73=$O$71,I73,0) -> #N/A | P72: =+IF(C73=$P$71,I73,0) -> #N/A | Q72: =+IF(C73=$Q$71,I73,0) -> #N/A | R72: =+IF(C73=$R$71,I73,0) -> #N/A
A73: 1 | B73: GOBERNACION DE BOYACA | C73: CONVIALQUI S.A.S | D73: 0.9 | E73: Construcción alcantarillado vereda Teguaneque, Municipio de Turmeque, Departamento de Boyacá. | F73: 39647 | G73: N/A | H73: 46119197 | I73: =IF(F73=0,0,IF(F73<$F$14,"FUERA DE TIEMPO",H73*D73/VLOOKUP(YEAR(F73),$T$3:$U$39,2,0))) -> 89.939929 | K73: 1 | L73: CTO N 29 EN EL RUP | N73: =+IF(C74=$N$71,I74,0) -> #N/A | O73: =+IF(C74=$O$71,I74,0) -> #N/A | P73: =+IF(C74=$P$71,I74,0) -> #N/A | Q73: =+IF(C74=$Q$71,I74,0) -> #N/A | R73: =+IF(C74=$R$71,I74,0) -> #N/A
A74: 2 | B74: GOBERNACION DE BOYACA | C74: CONVIALQUI S.A.S | D74: 1 | E74: Construcción de 5 unidades sanitarias y manejo de aguas residuales a 5 familias de estrato uno y dos del Municipio de Jenesano, Departamento de Boyacá | F74: 40051 | G74: N/A | H74: 65316875 | I74: =IF(F74=0,0,IF(F74<$F$14,"FUERA DE TIEMPO",H74*D74/VLOOKUP(YEAR(F74),$T$3:$U$39,2,0))) -> 131.44873 | K74: 1 | N74: =+IF(C75=$N$71,I75,0) -> #N/A | O74: =+IF(C75=$O$71,I75,0) -> #N/A | P74: =+IF(C75=$P$71,I75,0) -> #N/A | Q74: =+IF(C75=$Q$71,I75,0) -> #N/A | R74: =+IF(C75=$R$71,I75,0) -> #N/A
A75: 3 | B75: GOBERNACION DE BOYACA | C75: CONVIALQUI S.A.S | D75: 1 | E75: Construcción de 25 unidades sanitarias en el sector rural del Municipio de Saboya, Departamento de Boyacá | F75: 40133 | G75: N/A | H75: 146934375 | I75: =IF(F75=0,0,IF(F75<$F$14,"FUERA DE TIEMPO",H75*D75/VLOOKUP(YEAR(F75),$T$3:$U$43,2,0))) -> 295.7021 | K75: 1 | N75: =+IF(C76=$N$71,I76,0) -> #N/A | O75: =+IF(C76=$O$71,I76,0) -> #N/A | P75: =+IF(C76=$P$71,I76,0) -> #N/A | Q75: =+IF(C76=$Q$71,I76,0) -> #N/A | R75: =+IF(C76=$R$71,I76,0) -> #N/A | U75: =+H73/U39 -> 78.234431
A76: 4 | B76: GOBERNACION DE BOYACA | C76: CONVIALQUI S.A.S | D76: 0.5 | E76: Construcción de unidades sanitarias y manejo de aguas residuales a 30 familias de estratos uno y dos del Municipio de Mongua, Departamento de Boyacá. | F76: 40092 | G76: N/A | H76: 194721300 | I76: =IF(F76=0,0,IF(F76<$F$14,"FUERA DE TIEMPO",H76*D76/VLOOKUP(YEAR(F76),$T$3:$U$44,2,0))) -> 195.9361 | K76: 1 | N76: =+IF(C77=$N$71,I77,0) -> #N/A | O76: =+IF(C77=$O$71,I77,0) -> #N/A | P76: =+IF(C77=$P$71,I77,0) -> #N/A | Q76: =+IF(C77=$Q$71,I77,0) -> #N/A | R76: =+IF(C77=$R$71,I77,0) -> #N/A
A77: 5 | I77: =IF(F77=0,0,IF(F77<$F$14,"FUERA DE TIEMPO",H77*D77/VLOOKUP(YEAR(F77),$T$3:$U$43,2,0))) -> 0 | K77: =+IF(I77>=$I$15,1,0) -> 0 | N77: =+IF(C78=$N$71,I78,0) -> #N/A | O77: =+IF(C78=$O$71,I78,0) -> #N/A | P77: =+IF(C78=$P$71,I78,0) -> #N/A | Q77: =+IF(C78=$Q$71,I78,0) -> #N/A | R77: =+IF(C78=$R$71,I78,0) -> #N/A
A78: 6 | I78: =IF(F78=0,0,IF(F78<$F$14,"FUERA DE TIEMPO",H78*D78/VLOOKUP(YEAR(F78),$T$3:$U$43,2,0))) -> 0 | K78: =+IF(I78>=$I$15,1,0) -> 0 | N78: =+IF(C79=$N$71,I79,0) -> #N/A | O78: =+IF(C79=$O$71,I79,0) -> #N/A | P78: =+IF(C79=$P$71,I79,0) -> #N/A | Q78: =+IF(C79=$Q$71,I79,0) -> #N/A | R78: =+IF(C79=$R$71,I79,0) -> #N/A
A79: 7 | I79: =IF(F79=0,0,IF(F79<$F$14,"FUERA DE TIEMPO",H79*D79/VLOOKUP(YEAR(F79),$T$3:$U$38,2,0))) -> 0 | K79: =+IF(I79>=$I$15,1,0) -> 0 | N79: =+IF(C80=$N$71,I80,0) -> #N/A | O79: =+IF(C80=$O$71,I80,0) -> #N/A | P79: =+IF(C80=$P$71,I80,0) -> #N/A | Q79: =+IF(C80=$Q$71,I80,0) -> #N/A | R79: =+IF(C80=$R$71,I80,0) -> #N/A
A80: 8 | I80: =IF(F80=0,0,IF(F80<$F$14,"FUERA DE TIEMPO",H80*D80/VLOOKUP(YEAR(F80),$T$3:$U$38,2,0))) -> 0 | K80: =+IF(I80>=$I$15,1,0) -> 0 | N80: =+IF(C81=$N$71,I81,0) -> #N/A | O80: =+IF(C81=$O$71,I81,0) -> #N/A | P80: =+IF(C81=$P$71,I81,0) -> #N/A | Q80: =+IF(C81=$Q$71,I81,0) -> #N/A | R80: =+IF(C81=$R$71,I81,0) -> #N/A
A81: 9 | I81: =IF(F81=0,0,IF(F81<$F$14,"FUERA DE TIEMPO",H81*D81/VLOOKUP(YEAR(F81),$T$3:$U$38,2,0))) -> 0 | K81: =+IF(I81>=$I$15,1,0) -> 0 | N81: =SUM(N72:N80) -> #N/A | O81: =SUM(O72:O80) -> #N/A | P81: =SUM(P72:P80) -> #N/A | Q81: =SUM(Q72:Q80) -> #N/A | R81: =SUM(R72:R80) -> #N/A
I82: TOTAL | K82: =SUM(K73:K81) -> 4
I83: =+IF(OR(K82=0,I89>=1),"NO CUMPLE","CUMPLE") -> CUMPLE
F84: =VLOOKUP(C68,Conformación!$A$5:$N$129,5,FALSE) -> #N/A | G84: =VLOOKUP(C68,Conformación!$A$5:$N$129,6,FALSE) -> #N/A | H84: =+N81 -> #N/A | I84: =+IF(H84<MAX(H84:H88),"",IF(H84=MAX(H84:H88)*AND(SUM(H84:H88)>MAX(H84:H88))*AND((G84>=0.51)),"V.Bo.",IF(H84=MAX(H84:H88)*AND(H84=SUM(H84:H88))*AND(G84>=0.6),"V.Bo.","NO CUMPLE"))) -> #N/A
F85: =VLOOKUP(C68,Conformación!$A$5:$N$129,7,FALSE) -> #N/A | G85: =VLOOKUP(C68,Conformación!$A$5:$N$129,8,FALSE) -> #N/A | H85: =+O81 -> #N/A | I85: =+IF(H85<MAX(H84:H88),"",IF(H85=MAX(H84:H88)*AND(SUM(H84:H88)>MAX(H84:H88))*AND((G85>=0.51)),"V.Bo.",IF(H85=MAX(H84:H88)*AND(H85=SUM(H84:H88))*AND(G85>=0.6),"V.Bo.","NO CUMPLE"))) -> #N/A
F86: =VLOOKUP(C68,Conformación!$A$5:$N$129,9,FALSE) -> #N/A | G86: =VLOOKUP(C68,Conformación!$A$5:$N$129,10,FALSE) -> #N/A | H86: =+P81 -> #N/A | I86: =+IF(H86<MAX(H84:H88),"",IF(H86=MAX(H84:H88)*AND(SUM(H84:H88)>MAX(H84:H88))*AND((G86>0.5)),"V.Bo.",IF(H86=MAX(H84:H88)*AND(H86=SUM(H84:H88))*AND(G86>=0.6),"V.Bo.","NO CUMPLE"))) -> #N/A
F87: =VLOOKUP(C68,Conformación!$A$5:$N$129,11,FALSE) -> #N/A | G87: =VLOOKUP(C68,Conformación!$A$5:$N$129,12,FALSE) -> #N/A | H87: =+Q81 -> #N/A | I87: =+IF(H87<MAX(H84:H88),"",IF(H87=MAX(H84:H88)*AND(SUM(H84:H88)>MAX(H84:H88))*AND((G87>0.5)),"V.Bo.",IF(H87=MAX(H84:H88)*AND(H87=SUM(H84:H88))*AND(G87>=0.6),"V.Bo.","NO CUMPLE"))) -> #N/A
F88: =VLOOKUP(C68,Conformación!$A$5:$N$129,13,FALSE) -> #N/A | G88: =VLOOKUP(C68,Conformación!$A$5:$N$129,14,FALSE) -> #N/A | H88: =+R81 -> #N/A | I88: =+IF(H88<MAX(H84:H88),"",IF(H88=MAX(H84:H88)*AND(SUM(H84:H88)>MAX(H84:H88))*AND((G88>0.5)),"V.Bo.",IF(H88=MAX(H84:H88)*AND(H88=SUM(H84:H88))*AND(G88>=0.6),"V.Bo.","NO CUMPLE"))) -> #N/A
I89: =+COUNTIF(I84:I88,"NO CUMPLE") -> 0
B91: Oferente | C91: 4 | D91: =VLOOKUP(C91,Conformación!$A$5:$N$129,2,FALSE) -> CONSORCIO INTRADOMICILIARIAS 2018 | I91: =IF(LEN(F96)>0,H96*D96/LOOKUP(YEAR(F96),$T$3:$U$35),"")
D92: =VLOOKUP(C91,Conformación!$A$5:$N$129,4,FALSE) -> (WILLIAM CARDONA OLMOS SAS 30% - William Cardona Olmos 70% - 0%- 0%- 0%)
N93: INTEGRANTES
N94: =+F108 -> WILLIAM CARDONA OLMOS SAS | O94: =+F109 -> William Cardona Olmos | P94: =+F110 -> 0 | Q94: =+F111 -> 0 | R94: =+F112 -> 0
A95: No | B95: PROPIETARIO O ENTIDAD CONTRATANTE | C95: APORTADA POR | D95: % en Cto | E95: OBJETO | F95: Fecha de Terminación | G95: Folio | H95: VALOR | I95: =+I$14 -> SMMLV | J95: CALIFICACION | N95: =+IF(C96=$N$94,I96,0) -> 0 | O95: =+IF(C96=$O$94,I96,0) -> 0 | P95: =+IF(C96=$P$94,I96,0) -> 0 | Q95: =+IF(C96=$Q$94,I96,0) -> 0 | R95: =+IF(C96=$R$94,I96,0) -> 0
A96: 1 | I96: =IF(F96=0,0,IF(F96<$F$14,"FUERA DE TIEMPO",H96*D96/VLOOKUP(YEAR(F96),$T$3:$U$42,2,0))) -> 0 | K96: =+IF(I96>=$I$15,1,0) -> 0 | N96: =+IF(C97=$N$94,I97,0) -> 0 | O96: =+IF(C97=$O$94,I97,0) -> 0 | P96: =+IF(C97=$P$94,I97,0) -> 0 | Q96: =+IF(C97=$Q$94,I97,0) -> 0 | R96: =+IF(C97=$R$94,I97,0) -> 0
A97: 2 | I97: =IF(F97=0,0,IF(F97<$F$14,"FUERA DE TIEMPO",H97*D97/VLOOKUP(YEAR(F97),$T$3:$U$42,2,0))) -> 0 | K97: =+IF(I97>=$I$15,1,0) -> 0 | N97: =+IF(C98=$N$94,I98,0) -> 0 | O97: =+IF(C98=$O$94,I98,0) -> 0 | P97: =+IF(C98=$P$94,I98,0) -> 0 | Q97: =+IF(C98=$Q$94,I98,0) -> 0 | R97: =+IF(C98=$R$94,I98,0) -> 0
A98: 3 | I98: =IF(F98=0,0,IF(F98<$F$14,"FUERA DE TIEMPO",H98*D98/VLOOKUP(YEAR(F98),$T$3:$U$42,2,0))) -> 0 | K98: =+IF(I98>=$I$15,1,0) -> 0 | N98: =+IF(C99=$N$94,I99,0) -> 0 | O98: =+IF(C99=$O$94,I99,0) -> 0 | P98: =+IF(C99=$P$94,I99,0) -> 0 | Q98: =+IF(C99=$Q$94,I99,0) -> 0 | R98: =+IF(C99=$R$94,I99,0) -> 0
A99: 4 | I99: =IF(F99=0,0,IF(F99<$F$14,"FUERA DE TIEMPO",H99*D99/VLOOKUP(YEAR(F99),$T$3:$U$42,2,0))) -> 0 | K99: =+IF(I99>=$I$15,1,0) -> 0 | N99: =+IF(C100=$N$94,I100,0) -> 0 | O99: =+IF(C100=$O$94,I100,0) -> 0 | P99: =+IF(C100=$P$94,I100,0) -> 0 | Q99: =+IF(C100=$Q$94,I100,0) -> 0 | R99: =+IF(C100=$R$94,I100,0) -> 0
A100: 5 | I100: =IF(F100=0,0,IF(F100<$F$14,"FUERA DE TIEMPO",H100*D100/VLOOKUP(YEAR(F100),$T$3:$U$42,2,0))) -> 0 | K100: =+IF(I100>=$I$15,1,0) -> 0 | N100: =+IF(C101=$N$94,I101,0) -> 0 | O100: =+IF(C101=$O$94,I101,0) -> 0 | P100: =+IF(C101=$P$94,I101,0) -> 0 | Q100: =+IF(C101=$Q$94,I101,0) -> 0 | R100: =+IF(C101=$R$94,I101,0) -> 0
A101: 6 | I101: =IF(F101=0,0,IF(F101<$F$14,"FUERA DE TIEMPO",H101*D101/VLOOKUP(YEAR(F101),$T$3:$U$42,2,0))) -> 0 | K101: =+IF(I101>=$I$15,1,0) -> 0 | N101: =+IF(C102=$N$94,I102,0) -> 0 | O101: =+IF(C102=$O$94,I102,0) -> 0 | P101: =+IF(C102=$P$94,I102,0) -> 0 | Q101: =+IF(C102=$Q$94,I102,0) -> 0 | R101: =+IF(C102=$R$94,I102,0) -> 0
A102: 7 | I102: =IF(F102=0,0,IF(F102<$F$14,"FUERA DE TIEMPO",H102*D102/VLOOKUP(YEAR(F102),$T$3:$U$42,2,0))) -> 0 | K102: =+IF(I102>=$I$15,1,0) -> 0 | N102: =+IF(C103=$N$94,I103,0) -> 0 | O102: =+IF(C103=$O$94,I103,0) -> 0 | P102: =+IF(C103=$P$94,I103,0) -> 0 | Q102: =+IF(C103=$Q$94,I103,0) -> 0 | R102: =+IF(C103=$R$94,I103,0) -> 0
...

Sheet JURIDICO CONSORCIO INTRA
A1: VERIFICACIÓN DE REQUISITOS JURÍDICOS
A2: PROCESO DE SELECCIÓN – CONVOCATORIA PUBLICA CPU 022-2018
A3: CIERRE 29 DE MAYO DE 2018
A4: GRUPO 3
A5: Oferente: CONSORCIO INTRA- LUIS RAFAEL CASTILLO VARGAS - 79.105.236 (LUIS RAFAEL CASTILLO VARGAS - 79.105.236 - 60% y JORGE HEDDY MENESES RENGIFO - 14.233.101 - 40%)
A7: CONSORCIO INTRA- LUIS RAFAEL CASTILLO VARGAS - 79.105.236
A8: SITUACIÓN A VERIFICAR | B8: ACCIÓN VERIFICABLE | C8: SI | D8: NO | E8: N/A | F8: SOLICITUD DE ACLARACIONES | G8: SI | H8: NO | I8: SUBSANES | J8: INFORME FINAL
A9: Nombre Proveedor Secop II | B9: El nombre del proveedor con el cual se presenta la oferta es el mismo con el cual se encuentra registrado en el SECOP II. | C9: X | F9: CUMPLE | I9: CUMPLE | J9: CUMPLE
A10: Carta de presentación de la oferta | B10: Fecha de la carta (no superior a la fecha del cierre) | C10: X | F10: CUMPLE | I10: CUMPLE | J10: CUMPLE
B11: Oferta avalada por (Ingeniero Civil) o el oferente o su representante legal acredita alguna de estas profesiones | C11: X
B12: C.C. Tarj profesional certificado de vigencia y antecedentes | C12: X
B13: Carta de presentación de la oferta firmada por el oferente y/o representante legal o persona autorizada en el formato 01 | C13: X
B14: Persona jurídica: Tener la calidad de representante legal o apoderado del oferente, Facultad expresa de actuar en nombre y representación del mismo.(presentar la oferta, celebrar el contrato y liquidarlo. Autorización junta de socios o asamblea general de accionistas, firmar o cuantia | C14: X
B15: Verificar el # requiere anticipo (verificar si el proceso lo contempla) | C15: X
B16: Consorcio o unión temporal Facultad expresa para actuar en su nombre y representación presentar la oferta, celebrar el contrato y liquidarlo. | C16: X
B17: El nombre del oferente es igual al denominado en el documento consorcial o Certificado de Representación legal | C17: X
B18: verificar si se presenta al Grupo - 3 | C18: X
B19: El documento está conforme al publicado en SECOP II | C19: X
A20: Garantía de seriedad de la Oferta | B20: Objeto y No. proceso | C20: X | F20: De Conformidad con los numerales 5.1.1.5. -Garantía de Seriedad de la Oferta- con firma del Tomador y el numeral 11.1 Garantía de Seriedad de la Oferta de las Reglas de Participación, el cual indica que: "El oferente deberá anexar a su oferta, a favor del Fondo Financiero de Proyectos de Desarrollo – FONADE, una garantía que ampare la seriedad de su oferta, por un valor equivalente, como mínimo, al diez por ciento (10%) del valor del presupuesto oficial total estimado del grupo a presentarse, con una vigencia de tres (3) meses contada a partir de la fecha indicada en el cronograma general para el cierre del proceso. En caso de otorgar la garantía mediante póliza de seguros, la cual deberá corresponder a la Póliza de Cumplimiento ANTE ENTIDADES PÚBLICAS CON RÉGIMEN PRIVADO DE CONTRATACIÓN (Esta condición debe constar en la póliza o en una certificación anexa y se debe adjuntar el clausulado correspondiente al Cumplimiento ante Entidades Públicas con Régimen Privado de Contratación, de FONADE) a (...). La garantía deberá tener la firma del tomado y anexar el recibo de pago original. De acuerdo a lo anterior, el oferente deberá anexar el recibo de pago. | G20: x | I20: CUMPLE | J20: CUMPLE
B21: se expidió: “ante entidades públicas con régimen privado de contratación” | C21: x
B22: Corresponde la cuantía asegurada POE (10% $125.989.366,70) | C22: X
B23: Corresponde la vigencia 3 MESES - 29-08-2018 | C23: X
B24: Corresponde el amparo de SERIEDAD DE LA OFERTA | C24: X
B25: El tomador es el oferente. | C25: X
B26: El asegurado y/o beneficiario es la entidad contratante: FONADE con el NIT 899.999.316-1 | C26: X
B27: Está firmada por el representante legal o la persona autorizada. | C27: X
B28: Aporta el clausulado | C28: X
B29: Acredita el pago de la prima de la garantía mediante recibo de caja ORIGINAL | D29: X
B30: Se especifican los porcentajes de participación, identificación y nombres de los miembros del Consorcio o de la Unión Temporal | C30: X
B31: verificar si indica a que grupos se presenta DEBE SER INDIVIDUAL X GRUPOS | D31: X
A32: Documento Consorcial | B32: Numero del Proceso y objeto | C32: X | F32: De conformidad con el literal a) del numeral 5.1.1.3. Documento de constitución del consorcio o unión temporal, del Complemento Reglas de participación el cual indica que: "a. Identificación de cada uno de sus integrantes: Nombre o razón social, tipo y número del documento de identificación y domicilio." De conformidad con lo anterior se solicita al CONSORCIO aclarar el Documento Consocial, teniendo en cuenta que se debe indicar el domicilio de cada uno de los integrantes, asi mismo a que grupo se esta presentando. | G32: X | I32: CUMPLE | J32: CUMPLE
B33: Allega documento de constitución del consorcio o unión temporal, suscrita por cada uno de sus integrantes (representantes legales de las firmas) | C33: X
B34: a. Identificación de cada uno de sus integrantes: Nombre o razón social, tipo y número del documento de identificación y domicilio. | D34: x
B35: b. Designación del representante: Deberá allegarse su identificación. | C35: X
B36: c. % participacion en la oferta y en la ejecución del contrato de cada uno de los integrantes de la forma asociativa | C36: X
B37: d. duración no es inferior a la duración del contrato y un (1) año más. | C37: X
B38: e. facultades referentes a la etapa precontractual, contractual y postcontractual: Presentación oferta y representación del consorcio o unión temporal en todas las diligencias del proceso de selección. Suscribir el contrato y sus modificaciones, Suscribir el acta de terminación, liquidación o cierre y notificarse del acta de liquidación unilateral | C38: X
A39: Antecedentes Judiciales | B39: Verificación de antecedentes judiciales del Ministerio De Defensa Nacional policia nacional - Representate Legal | C39: X | F39: CUMPLE | I39: CUMPLE | J39: CUMPLE
A40: Antecedentes Contraloría | B40: Verificación de no inclusión en el boletín de responsables fiscales - Representante Legal y Empresa | C40: X | F40: CUMPLE | I40: CUMPLE | J40: CUMPLE
A41: Antecedentes Procuraduría | B41: Verificación del sistema de información de registro de sancionesy causas de inhabilidad (SIRI) de la Procuraduría General de la Nación Representante Legal y Empresa | C41: X | F41: CUMPLE | I41: CUMPLE | J41: CUMPLE
A42: Verificación de Medidas correctivas | B42: Verificación de Medidas correctivas (Ley 1801 de 2016 - art. 183 - https://srvpsi.policia.gov.co/PSC/frm_cnp_consulta.aspx) | C42: X | F42: CUMPLE | I42: CUMPLE | J42: CUMPLE
A43: Ofac | B43: Verificación la lista ofac | C43: X | F43: CUMPLE | I43: CUMPLE | J43: CUMPLE
A44: MULTAS CON FONADE | B44: • Cuando el oferente o alguno de los integrantes del consorcio o unión temporal o, alguno de sus representantes legales haya sido objeto de exigibilidad de cláusula penal de apremio y/o cláusula penal pecuniaria por parte de FONADE en los últimos cinco (5) años. • Cuando FONADE haya hecho exigible la garantía de cumplimiento al contratista con ocasión de conductas imputables a este, en los últimos cinco (5) años. | C44: X | F44: CUMPLE | I44: CUMPLE | J44: CUMPLE
A45: Cedula de ciudadanía Representante Legal | B45: cedula de ciudadanía Representante Legal - LEGIBLE | C45: x | F45: CUMPLE | I45: CUMPLE | J45: CUMPLE
A46: Manifestación de No Incursión en Prácticas Anticompetitivas (Formato 19) | B46: El oferente persona natural, jurídica nacional o extranjera y cada uno de sus integrantes cuando se trate de Consorcio o Unión Temporal, no puede (n) encontrarse incurso (s) en prácticas de colusión o en acuerdos restrictivos de la competencia con otras empresas o con el mercado. Para ello el oferente manifestará bajo la gravedad de juramento ésta circunstancia y deberá diligenciar el Formato No. 19 - CERTIFICADO DE MANIFESTACIÓN DE NO INCURSIÓN EN PRÁCTICAS ANTICOMPETITIVAS, adjunto al presente documento, el cual deberá ser suscrito en documento individual por el oferente persona natural o por el representante legal según sea el caso debidamente facultado para tal fin y por todos los miembros en caso de ser oferente plural. | C46: X | F46: CUMPLE | I46: CUMPLE | J46: CUMPLE
A47: CONCEPTO DE VERIFICACIÓN | B47: EL OFERENTE (CUMPLE, NO CUMPLE) CON LOS REQUISITOS DE CARÁCTER JURÍDICO ESTABLECIDOS EN LAS REGLAS DE PARTICIPACION | F47: NO CUMPLE | I47: NO CUMPLE | J47: NO CUMPLE
A49: RESUMEN EVALUACIÓN JURIDICA
H50: SUBSANES | J50: INFORME FINAL
A51: =+A10 -> Carta de presentación de la oferta
A52: =+A20 -> Garantía de seriedad de la Oferta
A53: =+#REF! -> #REF!
A54: =+A45 -> Cedula de ciudadanía Representante Legal
A55: =+#REF! -> #REF!
A56: =+#REF! -> #REF!
A57: =+#REF! -> #REF!
A58: =+#REF! -> #REF!
A59: =+#REF! -> #REF!
A60: =+#REF! -> #REF!
A61: =+#REF! -> #REF!
A62: =+#REF! -> #REF!
A63: =+#REF! -> #REF!
A64: =+A46 -> Manifestación de No Incursión en Prácticas Anticompetitivas (Formato 19)
A65: CONCLUSIÓN EVALUACIÓN ASPECTOS JURÍDICOS
A66: Verificación: | B66: LUZ MYRIAM ROMERO PAEZ - Comité Evaluador Jurídico
A68: RESUMEN EVALUACIÓN JURIDICA | C68: =+A7 -> CONSORCIO INTRA- LUIS RAFAEL CASTILLO VARGAS - 79.105.236
A69: SITUACION A VERIFICAR | C69: SOLICITUD ACLARACIONES | G69: SUBSANES | J69: INFORME FINAL
A70: =+A9 -> Nombre Proveedor Secop II | C70: CUMPLE | H70: CUMPLE | J70: CUMPLE
A71: =+A10 -> Carta de presentación de la oferta | C71: CUMPLE | H71: CUMPLE | J71: CUMPLE
A72: =+A20 -> Garantía de seriedad de la Oferta | C72: NO CUMPLE | H72: CUMPLE | J72: CUMPLE
A73: =+A32 -> Documento Consorcial | C73: NO CUMPLE | H73: CUMPLE | J73: CUMPLE
A74: =+A39 -> Antecedentes Judiciales | C74: CUMPLE | H74: CUMPLE | J74: CUMPLE
A75: =+A40 -> Antecedentes Contraloría | C75: CUMPLE | H75: CUMPLE | J75: CUMPLE
A76: =+A41 -> Antecedentes Procuraduría | C76: CUMPLE | H76: CUMPLE | J76: CUMPLE
A77: =+A42 -> Verificación de Medidas correctivas | C77: CUMPLE | H77: CUMPLE | J77: CUMPLE
A78: =+A43 -> Ofac | C78: CUMPLE | H78: CUMPLE | J78: CUMPLE
A79: =+A44 -> MULTAS CON FONADE | C79: CUMPLE | H79: CUMPLE | J79: CUMPLE
A80: =+A45 -> Cedula de ciudadanía Representante Legal | C80: CUMPLE | H80: CUMPLE | J80: CUMPLE
A81: =+A46 -> Manifestación de No Incursión en Prácticas Anticompetitivas (Formato 19) | C81: CUMPLE | H81: CUMPLE | J81: CUMPLE
A82: CONCLUSIÓN EVALUACIÓN ASPECTOS JURÍDICOS | C82: NO CUMPLE | H82: CUMPLE | J82: CUMPLE
A86: LUIS RAFAEL CASTILLO VARGAS - 79.105.236 - 60%
A87: SITUACIÓN A VERIFICAR | B87: ACCIÓN VERIFICABLE | C87: SI | D87: NO | E87: N/A | F87: SOLICITUD DE ACLARACIONES | G87: SI | H87: NO | I87: SUBSANES | J87: INFORME FINAL
A88: Nombre Proveedor Secop II | B88: El nombre del proveedor con el cual se presenta la oferta es el mismo con el cual se encuentra registrado en el SECOP II. | C88: X | F88: CUMPLE | I88: CUMPLE | J88: CUMPLE
A89: Registro Mercantil- Persona Natural | B89: La sociedad tiene vigencia igual al plazo del contrato a celebrar y un (1) año más | C89: X | F89: CUMPLE | I89: CUMPLE | J89: CUMPLE
B90: El Representante Legal está autorizado y/o facultado para comprometer la sociedad por el monto de la oferta (cuando de acuerdo con el certificado de existencia y representación legal requiera de la autorización expresa de la Junta Directiva o sea apoderado) | C90: X
B91: Dentro del objeto social de la sociedad se enmarca la actividad, objeto del proceso de contratación. | C91: X
B92: Matrícula renovada 2018 | C92: X
B93: No sea superior a 30 días calendario anteriores al cierre | C93: X
A94: Cedula de ciudadanía Representante Legal | B94: cedula de ciudadanía Representante Legal - LEGIBLE | C94: X | F94: CUMPLE | I94: CUMPLE | J94: CUMPLE
A95: RUP Registro Único del Proponente (30 Días) | B95: Fecha de expedición no puede ser superior a 30 DÍAS CALENDARIO, contados a partir de la fecha señalada para la finalización del término para presentar oferta. | C95: X | F95: CUMPLE | I95: CUMPLE | J95: CUMPLE
B96: nombre de la empresa | C96: X
B97: actualizado y vigente (renovado 2018) al momento de la finalización del registro de entrega de ofertas | C97: X
B98: clasificación por tamaño de la empresa: (pequeña, mediana) | C98: X
B99: CAUSAL DE RECHAZO: Cinco (5) o más multas durante la ejecución de uno (1) o varios contratos durante una misma vigencia fiscal con una o varias Entidades estatales; Cuando el contratista haya sido objeto de declaratorias de incumplimiento contractual en por los menos dos (2) contratos durante una misma vigencia fiscal, con una o varias Entidades estatales, imposición de dos (2) multas y un (1) incumplimiento durante una misma vigencia fiscal, con una o varias Entidades estatales | C99: X
A100: MULTAS CON FONADE | B100: • Cuando el oferente o alguno de los integrantes del consorcio o unión temporal o, alguno de sus representantes legales haya sido objeto de exigibilidad de cláusula penal de apremio y/o cláusula penal pecuniaria por parte de FONADE en los últimos cinco (5) años. • Cuando FONADE haya hecho exigible la garantía de cumplimiento al contratista con ocasión de conductas imputables a este, en los últimos cinco (5) años. | C100: X | F100: CUMPLE | I100: CUMPLE | J100: CUMPLE
A101: Otros documentos | B101: RUT actualizado (Nov 21-2012 .) | C101: X | F101: CUMPLE | I101: CUMPLE | J101: CUMPLE
B102: Certificación Bancaria,(verificar que sea la cuenta que se indica el el formato FAP 801) | C102: X | F102: CUMPLE | I102: CUMPLE | J102: CUMPLE
B103: Formato de vinculación FAP 801 (Versión para diligenciar en línea). Fecha Balance 31/12/2017 Nombre Firma Huella | C103: X | F103: CUMPLE | I103: CUMPLE | J103: CUMPLE
A104: Certificado de pagos al Sistema de Seguridad Social y Aportes Parafiscales | B104: Cuando el oferente sea persona natural deberá adjuntar una certificación emitida por la entidad promotora de salud, pensión y riesgos laborales, expedida dentro de los 30 días calendario anteriores a la fecha señalada para la finalización del término para presentar ofertas, que demuestre estar afiliado al sistema de seguridad social en salud y en pensiones o fotocopia de las planillas de pago en donde conste que se encuentra al día por este concepto para la fecha de cierre del presente proceso, el valor cancelado, el periodo de cotización, la fecha de pago y la entidad promotora de salud y riesgos laborales a la que se encuentre afiliado cuando a ello haya lugar, en los términos del Literal a) del Artículo 2 de la Ley 1562 de 2012. En el caso de que tenga personal a su cargo, deberá acreditar la correspondiente declaración juramentada (Ley 789 de 2002), incluida la contribución al Fondo Nacional de Formación Profesional de la Industria de la Construcción (FIC), conforme lo señalado por el Decreto 2375 de 1974 y la Resolución 2370 de 2008, cuando a ello haya lugar o en su defecto la declaración de no estar obligado al pago de dicha contribución. (Verificar que aplica. Aplica para constructores o suministros de elementos de construcción) | D104: X | F104: De conformidad con el numeral 5.1.1.6. -Certificación de pagos al sistema de seguridad social y de aportes parafiscales - el cual indica que: "Cuando el oferente sea persona natural deberá adjuntar una certificación emitida por la entidad promotora de salud, pensión y riesgos laborales, expedida dentro de los 30 días calendario anteriores a la fecha señalada para la finalización del término para presentar ofertas, que demuestre estar afiliado al sistema de seguridad social en salud y en pensiones o fotocopia de las planillas de pago en donde conste que se encuentra al día por este concepto para la fecha de cierre del presente proceso, el valor cancelado, el periodo de cotización, la fecha de pago y la entidad promotora de salud y riesgos laborales a la que se encuentre afiliado cuando a ello haya lugar, en los términos del Literal a) del Artículo 2 de la Ley 1562 de 2012. En el caso de que tenga personal a su cargo, deberá acreditar la correspondiente declaración juramentada (Ley 789 de 2002), incluida la contribución al Fondo Nacional de Formación Profesional de la Industria de la Construcción (FIC), conforme lo señalado por el Decreto 2375 de 1974 y la Resolución 2370 de 2008, cuando a ello haya lugar o en su defecto la declaración de no estar obligado al pago de dicha contribución. Una vez verificada la certificación del integrante del consorcio LUIS CASTILLO, no indica que su personal está a paz y salvo con la contribución al Fondo Nacional de Formación Profesional de la Industria de la Construcción (FIC), o en su defecto la declaración de no estar obligado al pago de dicha contribución de su personal , asímismo está debe estar expedida por el integrante del consorcio. Por otro lado, se verificó las planillas aportadas por el integrante del consorcio LUIS CASTILLO no evidenció el pago pago en donde conste que se encuentra al día por este concepto para la fecha de cierre del presente proceso, el valor cancelado, el periodo de cotización, la fecha de pago y la entidad promotora de salud y riesgos laborales a la que se encuentre afiliado cuando a ello haya lugar, integrante del consorcio LUIS CASTILLO. De acuerdo con lo anterior, el integrante del consorcio LUIS CASTILLO debe incluir en la certificación que su personal está a paz y salvo con la contribución al Fondo Nacional de Formación Profesional de la Industria de la Construcción (FIC), o en su defecto la declaración de no estar obligado al pago de dicha contribución de su personal expedida por LUIS CASTILLO, asímismo adjuntar una certificación emitida por la entidad promotora de salud, pensión y riesgos laborales, expedida dentro de los 30 días calendario anteriores a la fecha señalada para la finalización del término para presentar ofertas, que demuestre estar afiliado al sistema de seguridad social en salud y en pensiones o fotocopia de las planillas de pago en donde conste que se encuentra al día por este concepto para la fecha de cierre del presente proceso, el valor cancelado, el periodo de cotización, la fecha de pago y la entidad promotora de salud y riesgos laborales a la que se encuentre afiliado cuando a ello haya lugar. | G104: X | I104: CUMPLE | J104: CUMPLE
B105: Cédula de Ciudadanía del revisor Fiscal (Obligados a tener revisor fiscal en 2017 : La Declaración Profesional Nº 7 del Consejo Técnico de la Contaduría Pública define a la revisoría fiscal como un órgano de fiscalización que en interés de la comunidad, bajo la dirección y responsabilidad del revisor fiscal y con sujeción a las normas de auditoría generalmente aceptadas, le corresponde dictaminar los estados financieros y revisar y evaluar sistemáticamente sus componentes y elementos que integran el control interno, en forma oportuna e independiente en los términos que le señala la ley, los estatutos y los pronunciamientos profesionales. ¿Quiénes están obligados a tener revisor fiscal? De manera general, deberán llevar revisor fiscal las sociedades a que se refiere el artículo 203 del código de comercio, es decir: -) Las sociedades por acciones. -) Las sucursales de compañías extranjeras. -) Las sociedades en las que, por ley o por los estatutos, la administración no corresponda a todos los socios, cuando así lo disponga cualquier número de socios excluidos de la administración que representen no menos del veinte por ciento del capital. De igual modo, el parágrafo 2 del artículo 13 de la Ley 43 de 1990, la cual dice: “Será obligatorio tener Revisor fiscal en todas las sociedades comerciales, de cualquier naturaleza, cuyos activos brutos a 31 de diciembre del año inmediatamente anterior sean o excedan el equivalente de cinco mil salarios mínimos y/o cuyos ingresos brutos durante el año inmediatamente anterior sean o excedan al equivalente a tres mil salarios mínimos.” Partiendo de esto, las sociedades comerciales que tengan activos iguales o superiores a 5.000 salarios mínimos vigentes en 2016 o ingresos brutos iguales o superiores a 3.000 salarios mínimos vigentes en 2016, estarán obligados a tener revisor fiscal. Además de las mencionadas anteriormente, las siguientes son algunas entidades que también deben tener revisor fiscal: -) Sociedades de economía mixta. -) Empresas de servicios públicos domiciliarios. -) Propiedades Horizontales Mixtas o comerciales. -) Cajas De compensación Familiar. -) Fondos Ganaderos. -) Asociaciones de autores. - -) Asociaciones Gremiales Agropecuarias. -) Fondos Mutuos de inversión. -) Las Cámaras de comercio. -) Asociaciones, Fundaciones e instituciones de utilidad común. -) Instituciones no oficiales de educación. -) Empresas comunitarias. -) Corporaciones Autónomas Regionales: CAUSAL DE RECHAZO: Cuando el oferente de acuerdo con la normatividad vigente se encuentre obligado a tener revisor fiscal y no cuente con este o su nombramiento no se encuentre registrado en el certificado de existencia y representación legal de la persona jurídica. | E105: X
B106: Tarjeta Profesional del revisor Fiscal | E106: X
...

Sheet JURID CONSCIO INTRADMICIL 2018
A1: VERIFICACIÓN DE REQUISITOS JURÍDICOS
A2: PROCESO DE SELECCIÓN – CONVOCATORIA PUBLICA CPU 022-2018
A3: CIERRE 29 DE MAYO DE 2018
A4: GRUPO 3
A5: Oferente: CONSORCIO INTRADOMICIALIARIAS 2018- WILLIAM CARDONA OLMOS - 79.958.441 (WILLIAM CARDONA OLMOS - 79.958.441 - 70% - y WILLIAM CARDONA OLMOS S.A.S - 900.584.205-5 - 30% WILLIAM CARDONA OLMOS - 79.958.441- Representante Legal)
A7: CONSORCIO INTRADOMICIALIARIAS 2018- WILLIAM CARDONA OLMOS - 79.958.441 Representante Legal
A8: SITUACIÓN A VERIFICAR | B8: ACCIÓN VERIFICABLE | C8: SI | D8: NO | E8: N/A | F8: SOLICITUD DE ACLARACIONES | G8: SI | H8: NO | I8: SUBSANES | J8: INFORME FINAL
A9: Nombre Proveedor Secop II | B9: El nombre del proveedor con el cual se presenta la oferta es el mismo con el cual se encuentra registrado en el SECOP II. | C9: X | F9: CUMPLE | I9: CUMPLE | J9: CUMPLE
A10: Carta de presentación de la oferta | B10: Fecha de la carta (no superior a la fecha del cierre) | C10: X | F10: De conformidad con el numeral 5.1.1.1 -Carta de presentación- el Consorcio en el penúltimo párrafo del documento indica que: "Los abajo firmantes declaramos que NO hemos recibido todos los documentos y anexos descritos en las reglas de participación, así como las adendas a los mismos.", sin embargo el Comite Evaluador solicita al oferente corregir este enunciado, toda vez que, la Entidad dio a conocer a los oferentes los documentos que hacen parte del presente proceso, así como las Adendas, documentos que fueron publicados en la plataforma del SECOP II y son de conocimiento público, por lo anterior, deberá subsanar. | G10: x | I10: CUMPLE | J10: CUMPLE
B11: Oferta avalada por (Ingeniero Civil) o el oferente o su representante legal acredita alguna de estas profesiones | C11: X
B12: C.C. Tarj profesional certificado de vigencia y antecedentes | C12: X
B13: Carta de presentación de la oferta firmada por el oferente y/o representante legal o persona autorizada en el formato 01 | C13: X
B14: Persona jurídica: Tener la calidad de representante legal o apoderado del oferente, Facultad expresa de actuar en nombre y representación del mismo.(presentar la oferta, celebrar el contrato y liquidarlo. Autorización junta de socios o asamblea general de accionistas, firmar o cuantia | C14: X
B15: Verificar el # requiere anticipo (verificar si el proceso lo contempla) | C15: X
B16: Consorcio o unión temporal Facultad expresa para actuar en su nombre y representación presentar la oferta, celebrar el contrato y liquidarlo. | C16: X
B17: El nombre del oferente es igual al denominado en el documento consorcial o Certificado de Representación legal | C17: X
B18: verificar si se presenta al Grupo - 2 | C18: x
B19: El documento está conforme al publicado en SECOP II | D19: X
A20: Garantía de seriedad de la Oferta | B20: Objeto y No. proceso | C20: X | F20: De conformidad ocn el numeral 5.1.1.5. Garantía de seriedad de la oferta - del complemento de Reglas de Participación en el que indica que: "(…) En caso de otorgar la garantía mediante póliza de seguros, la cual deberá corresponder a la Póliza de Cumplimiento ANTE ENTIDADES PÚBLICAS CON RÉGIMEN PRIVADO DE CONTRATACIÓN (Esta condición debe constar en la póliza o en una certificación anexa (...)" una vez el comite evaluador verifica la garantía encuentra contradicción entre el titulo de la misma la cual establece que es: "POLIZA DE CUMPLIMIENTO ANTE ENTIDADES PÚBLICAS CON RÉGIMEN PRIVADO DE CONTRATACIÓN" y en el cuerpo de la misma estable: "TIPO DE PÓLIZA: OFICIAL ANTE ENTIDADES ESTALES", por lo anterior, se solicita aclarar el régimen de la misma. | G20: x | I20: CUMPLE | J20: CUMPLE
B21: se expidió: “ante entidades públicas con régimen privado de contratación” | D21: X
B22: Corresponde la cuantía asegurada POE (10% $125.989.366,70) | C22: X
B23: Corresponde la vigencia 3 MESES - 29-08-2018 | C23: X
B24: Corresponde el amparo de SERIEDAD DE LA OFERTA | C24: X
B25: El tomador es el oferente. | C25: X
B26: El asegurado y/o beneficiario es la entidad contratante: FONADE con el NIT 899.999.316-1 | C26: X
B27: Está firmada por el representante legal o la persona autorizada. | C27: X
B28: Aporta el clausulado | C28: X
B29: Acredita el pago de la prima de la garantía mediante recibo de caja ORIGINAL | C29: x
B30: Se especifican los porcentajes de participación, identificación y nombres de los miembros del Consorcio o de la Unión Temporal | C30: X
B31: verificar si indica a que grupos se presenta DEBE SER INDIVIDUAL X GRUPOS | C31: X
A32: Documento Consorcial | B32: Numero del Proceso y objeto | C32: X | F32: CUMPLE | I32: CUMPLE | J32: CUMPLE
B33: Allega documento de constitución del consorcio o unión temporal, suscrita por cada uno de sus integrantes (representantes legales de las firmas) | C33: X
B34: a. Identificación de cada uno de sus integrantes: Nombre o razón social, tipo y número del documento de identificación y domicilio. | C34: x
B35: b. Designación del representante: Deberá allegarse su identificación. | C35: X
B36: c. % participacion en la oferta y en la ejecución del contrato de cada uno de los integrantes de la forma asociativa | C36: X
B37: d. duración no es inferior a la duración del contrato y un (1) año más. | C37: X
B38: e. facultades referentes a la etapa precontractual, contractual y postcontractual: Presentación oferta y representación del consorcio o unión temporal en todas las diligencias del proceso de selección. Suscribir el contrato y sus modificaciones, Suscribir el acta de terminación, liquidación o cierre y notificarse del acta de liquidación unilateral | C38: X
A39: Cedula de ciudadanía Representante Legal | B39: cedula de ciudadanía Representante Legal - LEGIBLE | C39: x | F39: CUMPLE | I39: CUMPLE | J39: CUMPLE
A40: Manifestación de No Incursión en Prácticas Anticompetitivas (Formato 19) | B40: El oferente persona natural, jurídica nacional o extranjera y cada uno de sus integrantes cuando se trate de Consorcio o Unión Temporal, no puede (n) encontrarse incurso (s) en prácticas de colusión o en acuerdos restrictivos de la competencia con otras empresas o con el mercado. Para ello el oferente manifestará bajo la gravedad de juramento ésta circunstancia y deberá diligenciar el Formato No. 19 - CERTIFICADO DE MANIFESTACIÓN DE NO INCURSIÓN EN PRÁCTICAS ANTICOMPETITIVAS, adjunto al presente documento, el cual deberá ser suscrito en documento individual por el oferente persona natural o por el representante legal según sea el caso debidamente facultado para tal fin y por todos los miembros en caso de ser oferente plural. | C40: X | F40: CUMPLE | I40: CUMPLE | J40: CUMPLE
A41: CONCEPTO DE VERIFICACIÓN | B41: EL OFERENTE (CUMPLE, NO CUMPLE) CON LOS REQUISITOS DE CARÁCTER JURÍDICO ESTABLECIDOS EN LAS REGLAS DE PARTICIPACION | F41: NO CUMPLE | G41: CUMPLE | J41: CUMPLE
A43: RESUMEN EVALUACIÓN JURIDICA
H44: SUBSANES | J44: INFORME FINAL
A45: =+A10 -> Carta de presentación de la oferta
A46: =+A20 -> Garantía de seriedad de la Oferta
A47: =+#REF! -> #REF!
A48: =+A39 -> Cedula de ciudadanía Representante Legal
A49: =+#REF! -> #REF!
A50: =+#REF! -> #REF!
A51: =+#REF! -> #REF!
A52: =+#REF! -> #REF!
A53: =+#REF! -> #REF!
A54: =+#REF! -> #REF!
A55: =+#REF! -> #REF!
A56: =+#REF! -> #REF!
A57: =+#REF! -> #REF!
A58: =+A40 -> Manifestación de No Incursión en Prácticas Anticompetitivas (Formato 19)
A59: CONCLUSIÓN EVALUACIÓN ASPECTOS JURÍDICOS
A60: Verificación: | B60: LUZ MYRIAM ROMERO PAEZ - Comité Evaluador Jurídico
A62: RESUMEN EVALUACIÓN JURIDICA CONSORCIO INTRADOMICIALIARIAS 2018
A63: SITUACION A VERIFICAR | C63: SOLICITUD ACLARACIONES | G63: SUBSANES | J63: INFORME FINAL
A64: =+A9 -> Nombre Proveedor Secop II | C64: CUMPLE | G64: CUMPLE | J64: CUMPLE
A65: =+A10 -> Carta de presentación de la oferta | C65: NO CUMPLE | G65: CUMPLE | J65: CUMPLE
A66: =+A20 -> Garantía de seriedad de la Oferta | C66: NO CUMPLE | G66: CUMPLE | J66: CUMPLE
A67: =+A32 -> Documento Consorcial | C67: CUMPLE | G67: CUMPLE | J67: CUMPLE
A68: =+A39 -> Cedula de ciudadanía Representante Legal | C68: CUMPLE | G68: CUMPLE | J68: CUMPLE
A69: =+A40 -> Manifestación de No Incursión en Prácticas Anticompetitivas (Formato 19) | C69: CUMPLE | G69: CUMPLE | J69: CUMPLE
A70: CONCLUSIÓN EVALUACIÓN ASPECTOS JURÍDICOS | C70: NO CUMPLE | G70: CUMPLE | J70: CUMPLE
A74: WILLIAM CARDONA OLMOS - 79.958.441 - 70%
A75: SITUACIÓN A VERIFICAR | B75: ACCIÓN VERIFICABLE | C75: SI | D75: NO | E75: N/A | F75: SOLICITUD DE ACLARACIONES | G75: SI | H75: NO | I75: SUBSANES | J75: INFORME FINAL
A76: Nombre Proveedor Secop II | B76: El nombre del proveedor con el cual se presenta la oferta es el mismo con el cual se encuentra registrado en el SECOP II. | C76: X | F76: CUMPLE | I76: CUMPLE | J76: CUMPLE
A77: Registro Mercantil- Persona Natural | B77: La sociedad tiene vigencia igual al plazo del contrato a celebrar y un (1) año más | E77: X | F77: N/A | I77: N/A | J77: N/A
B78: El Representante Legal está autorizado y/o facultado para comprometer la sociedad por el monto de la oferta (cuando de acuerdo con el certificado de existencia y representación legal requiera de la autorización expresa de la Junta Directiva o sea apoderado) | E78: X
B79: Dentro del objeto social de la sociedad se enmarca la actividad, objeto del proceso de contratación. | E79: X
B80: Matrícula renovada 2018 | E80: X
B81: No sea superior a 30 días calendario anteriores al cierre | E81: X
A82: Cedula de ciudadanía Representante Legal | B82: cedula de ciudadanía Representante Legal - LEGIBLE | C82: X | F82: CUMPLE | I82: CUMPLE | J82: CUMPLE
A83: RUP Registro Único del Proponente (30 Días) | B83: Fecha de expedición no puede ser superior a 30 DÍAS CALENDARIO, contados a partir de la fecha señalada para la finalización del término para presentar oferta. | C83: X | F83: CUMPLE | I83: CUMPLE | J83: CUMPLE
B84: nombre de la empresa | C84: X
B85: actualizado y vigente (renovado 2018) al momento de la finalización del registro de entrega de ofertas | C85: X
B86: clasificación por tamaño de la empresa: (pequeña, mediana) | C86: X
B87: CAUSAL DE RECHAZO: Cinco (5) o más multas durante la ejecución de uno (1) o varios contratos durante una misma vigencia fiscal con una o varias Entidades estatales; Cuando el contratista haya sido objeto de declaratorias de incumplimiento contractual en por los menos dos (2) contratos durante una misma vigencia fiscal, con una o varias Entidades estatales, imposición de dos (2) multas y un (1) incumplimiento durante una misma vigencia fiscal, con una o varias Entidades estatales | C87: X
A88: MULTAS CON FONADE | B88: • Cuando el oferente o alguno de los integrantes del consorcio o unión temporal o, alguno de sus representantes legales haya sido objeto de exigibilidad de cláusula penal de apremio y/o cláusula penal pecuniaria por parte de FONADE en los últimos cinco (5) años. • Cuando FONADE haya hecho exigible la garantía de cumplimiento al contratista con ocasión de conductas imputables a este, en los últimos cinco (5) años. | C88: X | F88: CUMPLE | I88: CUMPLE | J88: CUMPLE
A89: Otros documentos | B89: RUT actualizado (Nov 21-2012 .) | C89: X | F89: CUMPLE | I89: CUMPLE | J89: CUMPLE
B90: Certificación Bancaria,(verificar que sea la cuenta que se indica el el formato FAP 801) | C90: X | F90: CUMPLE | I90: CUMPLE | J90: CUMPLE
B91: Formato de vinculación FAP 801 (Versión para diligenciar en línea). Fecha Balance 31/12/2017 Nombre Firma Huella | D91: X | F91: Teniendo en cuenta que la presente solicitud no es objeto de causal de rechazo, de acuerdo con la verificación realizada por el Comite Evaluador y de conformidad con el numeral 5.1.18 -Otros Documentos- del Complemento de Reglas de Participación, se solicita al integrante del Consorcio WILLIAM CARDONA OLMOS aclarar la actividad del numeral 7 -Declaraciòn de origen y destino de Bienes y Fondos del FAP 801 de conformidad con la actividad del RUP, asi mismo debe diligenciar en su totalidad el numeral 11 (Nombre completo, cédula de Ciudadanía, huella y firma del representante legal). | G91: X | I91: En caso de ser aceptada la oferta el integrante del consorcio WILLIAM CARDONA OLMOS aclarar la actividad del numeral 7 -Declaraciòn de origen y destino de Bienes y Fondos del FAP 801 de conformidad con la actividad del RUP, asi mismo debe diligenciar en su totalidad el numeral 11 (Nombre completo, cédula de Ciudadanía, huella y firma del representante legal).
A92: Certificado de pagos al Sistema de Seguridad Social y Aportes Parafiscales | B92: Cuando el oferente sea persona natural deberá adjuntar una certificación emitida por la entidad promotora de salud, pensión y riesgos laborales, expedida dentro de los 30 días calendario anteriores a la fecha señalada para la finalización del término para presentar ofertas, que demuestre estar afiliado al sistema de seguridad social en salud y en pensiones o fotocopia de las planillas de pago en donde conste que se encuentra al día por este concepto para la fecha de cierre del presente proceso, el valor cancelado, el periodo de cotización, la fecha de pago y la entidad promotora de salud y riesgos laborales a la que se encuentre afiliado cuando a ello haya lugar, en los términos del Literal a) del Artículo 2 de la Ley 1562 de 2012. En el caso de que tenga personal a su cargo, deberá acreditar la correspondiente declaración juramentada (Ley 789 de 2002), incluida la contribución al Fondo Nacional de Formación Profesional de la Industria de la Construcción (FIC), conforme lo señalado por el Decreto 2375 de 1974 y la Resolución 2370 de 2008, cuando a ello haya lugar o en su defecto la declaración de no estar obligado al pago de dicha contribución. (Verificar que aplica. Aplica para constructores o suministros de elementos de construcción) | C92: X | F92: De conformidad con el numeral 5.1.1.6. -Certificación de pagos al sistema de seguridad social y de aportes parafiscales - el cual indica que: "(...) Cuando el oferente sea persona natural // En el caso de que tenga personal a su cargo, deberá acreditar la correspondiente declaración juramentada (Ley 789 de 2002), incluida la contribución al Fondo Nacional de Formación Profesional de la Industria de la Construcción (FIC), conforme lo señalado por el Decreto 2375 de 1974 y la Resolución 2370 de 2008, cuando a ello haya lugar o en su defecto la declaración de no estar obligado al pago de dicha contribución. (...), una vez verificada la certificación del integrante del consorcio William Cardona, no indica que su personal está a paz y salvo con los sistemas de salud, pension y ARL y con la contribución al Fondo Nacional de Formación Profesional de la Industria de la Construcción (FIC), o en su defecto la declaración de no estar obligado al pago de dicha contribución de su personal , asímismo está debe estar expedida por el Sr. Cardona. Por otro lado, se verificó que la planilla de Seguridad Social del Sr Cardona corresponde al mes de abril de 2018 y de conformidad con el Decreto 1990 de 2016 según los dos últimos digitos del documento de identidad el pago correspondiente al mes de mayo se debio hacerse el séptimo día del mismo mes, por lo anterior, se solicita que anexe la planilla correspondiente al mes de mayo. | G92: X | I92: CUMPLE | J92: CUMPLE
B93: Cédula de Ciudadanía del revisor Fiscal (Obligados a tener revisor fiscal en 2017 : La Declaración Profesional Nº 7 del Consejo Técnico de la Contaduría Pública define a la revisoría fiscal como un órgano de fiscalización que en interés de la comunidad, bajo la dirección y responsabilidad del revisor fiscal y con sujeción a las normas de auditoría generalmente aceptadas, le corresponde dictaminar los estados financieros y revisar y evaluar sistemáticamente sus componentes y elementos que integran el control interno, en forma oportuna e independiente en los términos que le señala la ley, los estatutos y los pronunciamientos profesionales. ¿Quiénes están obligados a tener revisor fiscal? De manera general, deberán llevar revisor fiscal las sociedades a que se refiere el artículo 203 del código de comercio, es decir: -) Las sociedades por acciones. -) Las sucursales de compañías extranjeras. -) Las sociedades en las que, por ley o por los estatutos, la administración no corresponda a todos los socios, cuando así lo disponga cualquier número de socios excluidos de la administración que representen no menos del veinte por ciento del capital. De igual modo, el parágrafo 2 del artículo 13 de la Ley 43 de 1990, la cual dice: “Será obligatorio tener Revisor fiscal en todas las sociedades comerciales, de cualquier naturaleza, cuyos activos brutos a 31 de diciembre del año inmediatamente anterior sean o excedan el equivalente de cinco mil salarios mínimos y/o cuyos ingresos brutos durante el año inmediatamente anterior sean o excedan al equivalente a tres mil salarios mínimos.” Partiendo de esto, las sociedades comerciales que tengan activos iguales o superiores a 5.000 salarios mínimos vigentes en 2016 o ingresos brutos iguales o superiores a 3.000 salarios mínimos vigentes en 2016, estarán obligados a tener revisor fiscal. Además de las mencionadas anteriormente, las siguientes son algunas entidades que también deben tener revisor fiscal: -) Sociedades de economía mixta. -) Empresas de servicios públicos domiciliarios. -) Propiedades Horizontales Mixtas o comerciales. -) Cajas De compensación Familiar. -) Fondos Ganaderos. -) Asociaciones de autores. - -) Asociaciones Gremiales Agropecuarias. -) Fondos Mutuos de inversión. -) Las Cámaras de comercio. -) Asociaciones, Fundaciones e instituciones de utilidad común. -) Instituciones no oficiales de educación. -) Empresas comunitarias. -) Corporaciones Autónomas Regionales: CAUSAL DE RECHAZO: Cuando el oferente de acuerdo con la normatividad vigente se encuentre obligado a tener revisor fiscal y no cuente con este o su nombramiento no se encuentre registrado en el certificado de existencia y representación legal de la persona jurídica. | E93: X
B94: Tarjeta Profesional del revisor Fiscal | E94: X
B95: Antecedentes Disciplinarios de la Tarjeta del revisor Fiscal (Verificar q este vigente, no tenga sanciones y la fecha de expedicion) | E95: X
A96: Antecedentes Judiciales | B96: Verificación de antecedentes judiciales del Ministerio De Defensa Nacional policia nacional - Representate Legal | C96: X | F96: CUMPLE | I96: CUMPLE | J96: CUMPLE
A97: Antecedentes Contraloría | B97: Verificación de no inclusión en el boletín de responsables fiscales - Representante Legal y Empresa | C97: X | F97: CUMPLE | I97: CUMPLE | J97: CUMPLE
A98: Antecedentes Procuraduría | B98: Verificación del sistema de información de registro de sancionesy causas de inhabilidad (SIRI) de la Procuraduría General de la Nación Representante Legal y Empresa | C98: X | F98: CUMPLE | I98: CUMPLE | J98: CUMPLE
A99: Verificación de Medidas correctivas | B99: Verificación de Medidas correctivas (Ley 1801 de 2016 - art. 183 - https://srvpsi.policia.gov.co/PSC/frm_cnp_consulta.aspx) | C99: X | F99: CUMPLE | I99: CUMPLE | J99: CUMPLE
A100: Ofac | B100: Verificación la lista ofac | C100: X | F100: CUMPLE | I100: CUMPLE | J100: CUMPLE
A101: Manifestación de No Incursión en Prácticas Anticompetitivas (Formato 19) | B101: El oferente persona natural, jurídica nacional o extranjera y cada uno de sus integrantes cuando se trate de Consorcio o Unión Temporal, no puede (n) encontrarse incurso (s) en prácticas de colusión o en acuerdos restrictivos de la competencia con otras empresas o con el mercado. Para ello el oferente manifestará bajo la gravedad de juramento ésta circunstancia y deberá diligenciar el Formato No. 19 - CERTIFICADO DE MANIFESTACIÓN DE NO INCURSIÓN EN PRÁCTICAS ANTICOMPETITIVAS, adjunto al presente documento, el cual deberá ser suscrito en documento individual por el oferente persona natural o por el representante legal según sea el caso debidamente facultado para tal fin y por todos los miembros en caso de ser oferente plural. | D101: X | F101: De conformidad con el numeral 5.1.1.12. - Manifestación de No Incursión en Prácticas Anticompetitivas (Formato 19), el cual indica que: "El oferente persona natural, jurídica nacional o extranjera y cada uno de sus integrantes cuando se trate de Consorcio o Unión Temporal, no puede(n) encontrarse incurso(s) en prácticas de colusión o en acuerdos restrictivos de la competencia con otras empresas o con el mercado. Para ello el oferente manifestará bajo la gravedad de juramento ésta circunstancia y deberá diligenciar el Formato No. 19 - CERTIFICADO DE MANIFESTACIÓN DE NO INCURSIÓN EN PRÁCTICAS ANTICOMPETITIVAS, adjunto al presente documento, el cual deberá ser suscrito en documento individual por el oferente persona natural o por el representante legal según sea el caso debidamente facultado para tal fin y por todos los miembros en caso de ser oferente plural., de acuerdo con lo anterior, se solicita aportar el documento al integrante del Consorcio William Cardona. | G101: X | I101: CUMPLE | J101: CUMPLE
A102: CONCEPTO DE VERIFICACIÓN | B102: EL OFERENTE (CUMPLE, NO CUMPLE) CON LOS REQUISITOS DE CARÁCTER JURÍDICO ESTABLECIDOS EN LAS REGLAS DE PARTICIPACION | F102: NO CUMPLE | I102: CUMPLE | J102: CUMPLE
A104: RESUMEN EVALUACIÓN JURIDICA
H105: SUBSANES | J105: INFORME FINAL
A106: =+#REF! -> #REF!
A107: =+#REF! -> #REF!
...

Sheet FINANC CONSORCIO INTRA
A2: =+'[9]Datos Basicos'!B2 -> CPU - 022 - 2018 | I2: PERSONA JURIDICA
I3: PERSONA NATURAL
A4: =+'[9]Datos Basicos'!B4 -> FONDO FINANCIERO DE PROYECTOS DE DESARROLLO – FONADE MINISTERIO DE VIVIENDA, CIUDAD Y TERRITORIO LA APARTADA (CORD.) - GRUPO 3 215041 CONVOCATORIA PÚBLICA “DIAGNÓSTICO, CONCERTACIÓN, PLAN DE INTERVENCIÓN Y EJECUCIÓN DE LA CONSTRUCCIÓN DEL PROGRAMA DE CONEXIONES INTRADOMICIALIARIAS, EN LOS MUNICIPIOS DE: PUERTO BERRIO – ANTIOQUIA, COTORRA Y LA APARTADA – CÓRDOBA”.
I5: INSCRIPCION
A6: VERIFICACIÓN DE REQUISITOS FINANCIEROS | I6: RENOVACION
A9: 1. GENERALIDADES DEL CONTRATO
A11: OBJETO | B11: =+'[9]Datos Basicos'!C6 -> “DIAGNÓSTICO, CONCERTACIÓN, PLAN DE INTERVENCIÓN Y EJECUCIÓN DE LA CONSTRUCCIÓN DEL PROGRAMA DE CONEXIONES INTRADOMICIALIARIAS, EN LOS MUNICIPIOS DE: PUERTO BERRIO – ANTIOQUIA, COTORRA Y LA APARTADA – CÓRDOBA”.
A13: OFERENTE | B13: CONSORCIO REDES IM
A15: VALOR INICIAL
A16: ADICIÓN | B16: 0
A17: TOTAL CONTRATO | B17: =+B15+B16 -> 0
A22: 2. REQUISITOS DE CARÁCTER FINANCIERO
A24: REQUISITOS VERIFICACIÓN FINANCIERA
A25: POE | B25: =+'[9]Datos Basicos'!D9 -> 1259893667
A26: =+'[9]Datos Basicos'!B10 -> CAPITAL DE TRABAJO REQUERIDO DE VALOR TOTAL CONTRATO | B26: =+'[9]Datos Basicos'!C10 -> 0.7 | C26: =+B25*B26 -> 8.8192557e+08
A27: =+'[9]Datos Basicos'!B11 -> INDICE DE LIQUIDEZ REQUERIDO | B27: =+'[9]Datos Basicos'!C11 -> ≥ 1.5 | C27: =+'[9]Datos Basicos'!D11 -> 1.5
A28: =+'[9]Datos Basicos'!B12 -> NIVEL DE ENDEUDAMIENTO REQUERIDO | B28: =+'[9]Datos Basicos'!C12 -> ≤ 0.60 | C28: =+'[9]Datos Basicos'!D12 -> 0.6
A29: =+'[9]Datos Basicos'!B13 -> RENTABILIDAD DEL PATRIMONIO | B29: =+'[9]Datos Basicos'!C13 -> ≥ 0.05 | C29: =+'[9]Datos Basicos'!D13 -> 0.05
A30: =+'[9]Datos Basicos'!B14 -> RENTABILIDAD DEL ACTIVO | B30: =+'[9]Datos Basicos'!C14 -> ≥ 0.03 | C30: =+'[9]Datos Basicos'!D14 -> 0.03
A31: =+'[9]Datos Basicos'!B15 -> COBERTURA DE INTERESES | B31: =+'[9]Datos Basicos'!C15 -> ≥ 2.0 | C31: =+'[9]Datos Basicos'!D15 -> 2
A33: 3. VERIFICACION REQUISITOS FINANCIEROS DE | C33: LUIS RAFAEL CASTILLO VARGAS | D33: JORGE HEDDY MENESES RENGIFO
B34: Participacion | C34: 0.6 | D34: =100%-C34 -> 0.4
A35: NIT. | C35: 79.105.236-0 | D35: 14.233.101-7
A36: Clase de persona/sociedad | C36: PERSONA NATURAL | D36: PERSONA JURIDICA
A37: SOCIEDADES EXTRANJERAS SIN SUCURSAL EN COLOMBIA | B37: Presenta último balance con el cierre fiscal del país
B38: La información debe presentarse en moneda colombiana.
B39: Los documentos (balance y demás) deben presentarse en castellano, se acepta traducciones simples a castellano ajdjuntando los documentos en el idioma de origen.
B40: La clasificación de cuentas y conversión a Estados Financieros a moneda funcional Colombiana DEBE SER AVALADA en documento suscrito por Contador Público y Representante Legal o apoderado del oferente en Colombia.
B41: El contador público colombiano que avala la conversión de los Estados Financieros a la moneda funcional colombiana copia de tarjeta profesional y certificación de antecedentes disciplinarios.
B42: En el evento que aplique cuando las prácticas contables de origen de los rubros difieran de las establecidas para calculo de indicadores, se debe aportar junto con la información financiera, certificación de Apoderado y avalado por contador público inscrito en la Junta Central de Contadores con tarjeta profesional y certificacion de antecedentes.
A43: Fecha de expedición certificado | C43: 43230 | D43: 43245
A44: Fecha de inscripcion o renovación: | C44: 43175 | D44: 43201
C45: RENOVACION | D45: RENOVACION
A46: Corte información financiera | C46: 43100 | D46: 43100
A47: RUP VIGENTE Y EN FIRME? | C47: SI | D47: SI
A48: DATOS FINANCIEROS TOMADOS DE CERTIFICADO RUP | B48: Activo corriente | C48: 985610536 | D48: 1235600000
B49: Activo total | C49: 1846858923 | D49: 1585600000
B50: Pasivo corriente | C50: 86720280 | D50: 5200000
B51: Pasivo total | C51: 356646182 | D51: 216000000
B52: Patrimonio | C52: =+C49-C51 -> 1490212741 | D52: =+D49-D51 -> 1369600000
B53: Utilidad Operacional | C53: 388969701 | D53: 260600000
B54: Gasto Intereses | C54: 110536400 | D54: 2100000
A55: CALCULO INDICADORES | B55: Capital de trabajo | C55: =IFERROR((C48+D48)-(C50+D50),0) -> 2129290256
B56: Liquidez | C56: =IFERROR(((C48*$C$34)+(D48*$D$34))/((C50*$C$34)+(D50*$D$34)),0) -> 20.062148
B57: Nivel de Endeudamiento | C57: =IFERROR(((C51*$C$34)+(D51*$D$34))/((C49*$C$34)+(D49*$D$34)),0) -> 0.17240324
B58: Rentabilidad del Patrimonio | C58: =IFERROR(((C53*$C$34)+(D53*$D$34))/((C52*$C$34)+(D52*$D$34)),0) -> 0.23413966
B59: Rentabilidad del Activo | C59: =IFERROR(((C53*$C$34)+(D53*$D$34))/((C49*$C$34)+(D49*$D$34)),0) -> 0.19377323
B60: Cobertura de Intereses | C60: =IFERROR(((C53*$C$34)+(D53*$D$34))/((C54*$C$34)+(D54*$D$34)),0) -> 5.0269888
A61: OBSERVACIONES
A64: INDICADORES FINANCIEROS | B64: CAPITAL DE TRABAJO | C64: INDICE DE LIQUIDEZ
A65: =+B13 -> CONSORCIO REDES IM | B65: =+C55 -> 2129290256 | C65: =+C56 -> 20.062148
A66: RESULTADO | B66: =+IF(C55>C26,"CUMPLE","NO CUMPLE") -> CUMPLE | C66: =+IF(C56>C27,"CUMPLE","NO CUMPLE") -> CUMPLE
A68: NIVEL DE ENDEUDAMIENTO | B68: RENTABILIDAD DEL PATRIMONIO | C68: RENTABILIDAD DEL ACTIVO | D68: COBERTURA DE INTERESES
A69: =+C57 -> 0.17240324 | B69: =+C58 -> 0.23413966 | C69: =+C59 -> 0.19377323 | D69: =+C60 -> 5.0269888
A70: =+IF(C57<C28,"CUMPLE","NO CUMPLE") -> CUMPLE | B70: =+IF(C58>C29,"CUMPLE","NO CUMPLE") -> CUMPLE | C70: =+IF(C59>C30,"CUMPLE","NO CUMPLE") -> CUMPLE | D70: =+IF(C60>C31,"CUMPLE","NO CUMPLE") -> CUMPLE

Sheet FINANC CONS INTRADOMI. 2018
A2: =+'[9]Datos Basicos'!B2 -> CPU - 022 - 2018 | I2: PERSONA JURIDICA
I3: PERSONA NATURAL
A4: =+'[9]Datos Basicos'!B4 -> FONDO FINANCIERO DE PROYECTOS DE DESARROLLO – FONADE MINISTERIO DE VIVIENDA, CIUDAD Y TERRITORIO LA APARTADA (CORD.) - GRUPO 3 215041 CONVOCATORIA PÚBLICA “DIAGNÓSTICO, CONCERTACIÓN, PLAN DE INTERVENCIÓN Y EJECUCIÓN DE LA CONSTRUCCIÓN DEL PROGRAMA DE CONEXIONES INTRADOMICIALIARIAS, EN LOS MUNICIPIOS DE: PUERTO BERRIO – ANTIOQUIA, COTORRA Y LA APARTADA – CÓRDOBA”.
I5: INSCRIPCION
A6: VERIFICACIÓN DE REQUISITOS FINANCIEROS | I6: RENOVACION
A9: 1. GENERALIDADES DEL CONTRATO
A11: OBJETO | B11: =+'[9]Datos Basicos'!C6 -> “DIAGNÓSTICO, CONCERTACIÓN, PLAN DE INTERVENCIÓN Y EJECUCIÓN DE LA CONSTRUCCIÓN DEL PROGRAMA DE CONEXIONES INTRADOMICIALIARIAS, EN LOS MUNICIPIOS DE: PUERTO BERRIO – ANTIOQUIA, COTORRA Y LA APARTADA – CÓRDOBA”.
A13: OFERENTE | B13: CONSORCIO INTRADOMICILIARIAS 2018
A15: VALOR INICIAL
A16: ADICIÓN | B16: 0
A17: TOTAL CONTRATO | B17: =+B15+B16 -> 0
A22: 2. REQUISITOS DE CARÁCTER FINANCIERO
A24: REQUISITOS VERIFICACIÓN FINANCIERA
A25: POE | B25: =+'[9]Datos Basicos'!D9 -> 1259893667
A26: =+'[9]Datos Basicos'!B10 -> CAPITAL DE TRABAJO REQUERIDO DE VALOR TOTAL CONTRATO | B26: =+'[9]Datos Basicos'!C10 -> 0.7 | C26: =+B25*B26 -> 8.8192557e+08
A27: =+'[9]Datos Basicos'!B11 -> INDICE DE LIQUIDEZ REQUERIDO | B27: =+'[9]Datos Basicos'!C11 -> ≥ 1.5 | C27: =+'[9]Datos Basicos'!D11 -> 1.5
A28: =+'[9]Datos Basicos'!B12 -> NIVEL DE ENDEUDAMIENTO REQUERIDO | B28: =+'[9]Datos Basicos'!C12 -> ≤ 0.60 | C28: =+'[9]Datos Basicos'!D12 -> 0.6
A29: =+'[9]Datos Basicos'!B13 -> RENTABILIDAD DEL PATRIMONIO | B29: =+'[9]Datos Basicos'!C13 -> ≥ 0.05 | C29: =+'[9]Datos Basicos'!D13 -> 0.05
A30: =+'[9]Datos Basicos'!B14 -> RENTABILIDAD DEL ACTIVO | B30: =+'[9]Datos Basicos'!C14 -> ≥ 0.03 | C30: =+'[9]Datos Basicos'!D14 -> 0.03
A31: =+'[9]Datos Basicos'!B15 -> COBERTURA DE INTERESES | B31: =+'[9]Datos Basicos'!C15 -> ≥ 2.0 | C31: =+'[9]Datos Basicos'!D15 -> 2
A33: 3. VERIFICACION REQUISITOS FINANCIEROS DE | C33: WILLIAM CARDONA OLMOS | D33: WILLIAM CARDONA OLMOS S.A.S
B34: Participacion | C34: 0.7 | D34: =100%-C34 -> 0.3
A35: NIT. | C35: 79.958.441-4 | D35: 900.584.208-5
A36: Clase de persona/sociedad | C36: PERSONA NATURAL | D36: PERSONA JURIDICA
A37: SOCIEDADES EXTRANJERAS SIN SUCURSAL EN COLOMBIA | B37: Presenta último balance con el cierre fiscal del país
B38: La información debe presentarse en moneda colombiana.
B39: Los documentos (balance y demás) deben presentarse en castellano, se acepta traducciones simples a castellano ajdjuntando los documentos en el idioma de origen.
B40: La clasificación de cuentas y conversión a Estados Financieros a moneda funcional Colombiana DEBE SER AVALADA en documento suscrito por Contador Público y Representante Legal o apoderado del oferente en Colombia.
B41: El contador público colombiano que avala la conversión de los Estados Financieros a la moneda funcional colombiana copia de tarjeta profesional y certificación de antecedentes disciplinarios.
B42: En el evento que aplique cuando las prácticas contables de origen de los rubros difieran de las establecidas para calculo de indicadores, se debe aportar junto con la información financiera, certificación de Apoderado y avalado por contador público inscrito en la Junta Central de Contadores con tarjeta profesional y certificacion de antecedentes.
A43: Fecha de expedición certificado | C43: 43223 | D43: 43222
A44: Fecha de inscripcion o renovación: | C44: 43206 | D44: 43196
C45: RENOVACION | D45: RENOVACION
A46: Corte información financiera | C46: 43100 | D46: 43100
A47: RUP VIGENTE Y EN FIRME? | C47: SI | D47: SI
A48: DATOS FINANCIEROS TOMADOS DE CERTIFICADO RUP | B48: Activo corriente | C48: 5.8615409e+09 | D48: 1.9947277e+09
B49: Activo total | C49: 6.4219071e+09 | D49: 2.1524595e+09
B50: Pasivo corriente | C50: 9.4610804e+08 | D50: 163905095
B51: Pasivo total | C51: 3.3200875e+09 | D51: 1.3705549e+09
B52: Patrimonio | C52: =+C49-C51 -> 3.1018196e+09 | D52: =+D49-D51 -> 7.8190465e+08
B53: Utilidad Operacional | C53: 982780197 | D53: 1.8253032e+08
B54: Gasto Intereses | C54: 238805869 | D54: 41239213
A55: CALCULO INDICADORES | B55: Capital de trabajo | C55: =IFERROR((C48+D48)-(C50+D50),0) -> 6.7462554e+09
B56: Liquidez | C56: =IFERROR(((C48*$C$34)+(D48*$D$34))/((C50*$C$34)+(D50*$D$34)),0) -> 6.6083572
B57: Nivel de Endeudamiento | C57: =IFERROR(((C51*$C$34)+(D51*$D$34))/((C49*$C$34)+(D49*$D$34)),0) -> 0.53203442
B58: Rentabilidad del Patrimonio | C58: =IFERROR(((C53*$C$34)+(D53*$D$34))/((C52*$C$34)+(D52*$D$34)),0) -> 0.30870866
B59: Rentabilidad del Activo | C59: =IFERROR(((C53*$C$34)+(D53*$D$34))/((C49*$C$34)+(D49*$D$34)),0) -> 0.14446503
B60: Cobertura de Intereses | C60: =IFERROR(((C53*$C$34)+(D53*$D$34))/((C54*$C$34)+(D54*$D$34)),0) -> 4.1368069
A61: OBSERVACIONES
A64: INDICADORES FINANCIEROS | B64: CAPITAL DE TRABAJO | C64: INDICE DE LIQUIDEZ
A65: =+B13 -> CONSORCIO INTRADOMICILIARIAS 2018 | B65: =+C55 -> 6.7462554e+09 | C65: =+C56 -> 6.6083572
A66: RESULTADO | B66: =+IF(C55>C26,"CUMPLE","NO CUMPLE") -> CUMPLE | C66: =+IF(C56>C27,"CUMPLE","NO CUMPLE") -> CUMPLE
A68: NIVEL DE ENDEUDAMIENTO | B68: RENTABILIDAD DEL PATRIMONIO | C68: RENTABILIDAD DEL ACTIVO | D68: COBERTURA DE INTERESES
A69: =+C57 -> 0.53203442 | B69: =+C58 -> 0.30870866 | C69: =+C59 -> 0.14446503 | D69: =+C60 -> 4.1368069
A70: =+IF(C57<C28,"CUMPLE","NO CUMPLE") -> CUMPLE | B70: =+IF(C58>C29,"CUMPLE","NO CUMPLE") -> CUMPLE | C70: =+IF(C59>C30,"CUMPLE","NO CUMPLE") -> CUMPLE | D70: =+IF(C60>C31,"CUMPLE","NO CUMPLE") -> CUMPLE

Sheet Hoja1
A3: OBSERVACIONES
A4: =+Conformación!B5 -> CONSORCIO INTRA | B4: INDICAR EL INTEGRANTE DEL CONSORCIO QUE APORTA LA EXPERIENCIA ACREDITADA EN EL FORMATO 03 EN EL 1RO Y 3ER LUGAR, DADO QUE NO ES CLARO EN LOS CERTIFICADOS | C4: INDICAR FECHAS DE SUSPENSIÓN DEL CONTRATO EN EJECUCIÓN REPOTADO POR EL INTEGRANTE INGENIERIA DE NARIÑO Y ASOCIADOS S.A.S. | D4: aportar el formato 15 con la totalidad de los contratos reportados en el rup en el segmento 72 para los integrantes mormalizar e ingenieria de nariño | E4: Aclarar el formato 03 ya que presenta incosistencia en el contrato N° 4 en relación al valor | F4: APORTAR DOCUMENTO EN DONDE SE EVIDENCIE LA DISCRIMINACIÓN DE LOS VALORES PARA LOS ESTUDIOS, DISEÑOS Y CONSTRUCCIÓN EN EL CONTRATO CUYO OBJETO ES "ESTUDIO, DISEÑO Y CONSTRUCCIÓN DEL COLEGIO INTERNADO HORIZONTES EN EL MUNICIPIO DE PUERTO GAITAN - META"
A5: =+Conformación!B6 -> CONSORCIO INTRADOMICILIARIAS 2018 | B5: APORTAR LOS SOPORTES DE LOS CONTRATOS RELACIONADOSEN EL FORMATO 03 PARA ACREDITAR LA EXPERIENCIA ESPECIFICA DEL OFERENTE
A6: =+Conformación!B7 -> 0 | B6: APORTAR DOCUMENTO EN DONDE SE EVIDENCIE LA DISCRIMINACIÓN DE LA OBRA Y DE LA DOTACIÓN EN EL CONTRATO APORTADO PARA ACREDITAR LA EXPERIENCIA ESPECIFICA | C6: aportar el formato 15 con la totalidad de los contratos reportados en el rup en el segmento 72 para el integrante MAQUINAS Y EQUIPOS PARA LA CONSTRUCCIÓN DE COLOMBIA SAS

Sheet Exp. profesionales (años)
A1: =+'K-Kr Constructor'!A1:F1 -> FONDO FINANCIERO DE PROYECTOS DE DESARROLLO – FONADE CLIENTE: MINISTERIO DE VIVIENDA, CIUDAD Y TERRITORIO OBJETO: “DIAGNÓSTICO, CONCERTACIÓN, PLAN DE INTERVENCIÓN Y EJECUCIÓN DE LA CONSTRUCCIÓN DEL PROGRAMA DE CONEXIONES INTRADOMICIALIARIAS, EN LOS MUNICIPIOS DE: PUERTO BERRIO – ANTIOQUIA, COTORRA Y LA APARTADA” CONVOCATORIA PÚBLICA CPU 022-2018 GRUPO N° 3 LA APARTADA - CORDOBA | S1: 1957 | T1: 155.4
S2: 1958 | T2: 155.4
S3: 1959 | T3: 155.4
A4: REQUISITOS MINIMOS - PERSONAL PRINCIPAL REQUERIDO - CUMPLE/ NO CUMPLE | S4: 1960 | T4: 198
S5: 1961
A6: CARGO A DESEMPEÑAR | B6: FORMACIÓN ACADÉMICA | C6: TIEMPO MÍNIMO REQUERIDO DE HABER TERMINADO Y APROBADO ESTUDIOS (EN AÑOS) | E6: AÑOS A ACREDITAR | F6: EXPERIENCIA ESPECÍFICA | S6: 1962 | T6: 300
A7: Director general del proyecto | B7: Arquitecto o Ingeniero civil con postgrado en gerencia y/o dirección de proyectos | C7: 12 | D7: 38508 | E7: 5 | F7: Director General y/o Director y/o coordinador, en Construcción de edificaciones | S7: 1963 | T7: 420
S8: 1964 | T8: 420
S9: 1965 | T9: 420
S10: 1966 | T10: 420
S11: 1967 | T11: 420
S12: 1968 | T12: 420
S13: 1969 | T13: 519
S14: 1970 | T14: 519
S15: 1971 | T15: 519
S16: 1972 | T16: 660
S17: 1973 | T17: 660
S18: 1974 | T18: 900
S19: 1975 | T19: 1200
S20: 1976 | T20: 1560
A21: OFERENTE | B21: 1 | C21: =VLOOKUP(B21,Conformación!$A$5:$N$129,2,FALSE) -> #N/A | S21: 1977 | T21: 1770
C22: =VLOOKUP(B21,Conformación!$A$5:$N$129,4,FALSE) -> #N/A | S22: 1978 | T22: 2580
S23: 1979 | T23: 3450
S24: 1980 | T24: 4500
A25: CARGO | B25: NOMBRE | C25: TARJETA PROFESIONAL | D25: FECHA EXPEDICIÓN | F25: PROFESION | G25: POSGRADO | H25: OBJETO | I25: FECHA INICIO CONTRATO | J25: FECHA TERMINACIÓN CONTRATO | K25: TOTAL DIAS | L25: AÑOS | M25: MESES | N25: DIAS | O25: FOLIO | P25: OBSERVACIONES | S25: 1981 | T25: 5700
A26: =+A7 -> Director general del proyecto | E26: =IF(D26=0,0,IF(D26<D$7,"CUMPLE EL TIEMPO MÍNIMO REQUERIDO DE HABER TERMINADO Y APROBADO ESTUDIOS","NO CUMPLE EL TIEMPO MÍNIMO REQUERIDO DE HABER TERMINADO Y APROBADO ESTUDIOS")) -> 0 | K26: =DAYS360(I26,J26) -> 0 | L26: =ROUNDDOWN(K26/360,0) -> 0 | M26: =ROUNDDOWN((K26-(L26*360))/30,0) -> 0 | N26: =+K26-(L26*360)-(M26*30) -> 0 | S26: 1982 | T26: 7410
K27: =DAYS360(I27,J27) -> 0 | L27: =ROUNDDOWN(K27/360,0) -> 0 | M27: =ROUNDDOWN((K27-(L27*360))/30,0) -> 0 | N27: =+K27-(L27*360)-(M27*30) -> 0 | S27: 1983 | T27: 9261
K28: =DAYS360(I28,J28) -> 0 | L28: =ROUNDDOWN(K28/360,0) -> 0 | M28: =ROUNDDOWN((K28-(L28*360))/30,0) -> 0 | N28: =+K28-(L28*360)-(M28*30) -> 0 | S28: 1984 | T28: 11298
K29: =DAYS360(I29,J29) -> 0 | L29: =ROUNDDOWN(K29/360,0) -> 0 | M29: =ROUNDDOWN((K29-(L29*360))/30,0) -> 0 | N29: =+K29-(L29*360)-(M29*30) -> 0 | S29: 1985 | T29: 13557
K30: =DAYS360(I30,J30) -> 0 | L30: =ROUNDDOWN(K30/360,0) -> 0 | M30: =ROUNDDOWN((K30-(L30*360))/30,0) -> 0 | N30: =+K30-(L30*360)-(M30*30) -> 0 | S30: 1986 | T30: 16811.4
K31: =DAYS360(I31,J31) -> 0 | L31: =ROUNDDOWN(K31/360,0) -> 0 | M31: =ROUNDDOWN((K31-(L31*360))/30,0) -> 0 | N31: =+K31-(L31*360)-(M31*30) -> 0 | S31: 1987 | T31: 20510
K32: =DAYS360(I32,J32) -> 0 | L32: =ROUNDDOWN(K32/360,0) -> 0 | M32: =ROUNDDOWN((K32-(L32*360))/30,0) -> 0 | N32: =+K32-(L32*360)-(M32*30) -> 0 | S32: 1988 | T32: 25637.4
H33: TOTAL | L33: =SUM(L26:L32) -> 0 | M33: =SUM(M26:M32) -> 0 | N33: =SUM(N26:N32) -> 0 | P33: =+IF(L33>=$E$7,"CUMPLE","NO CUMPLE") -> NO CUMPLE | S33: 1989 | T33: 32559.6
S34: 1990 | T34: 41025
S35: 1991 | T35: 51716.1
A36: OFERENTE | B36: 2 | C36: =VLOOKUP(B36,Conformación!$A$5:$N$129,2,FALSE) -> #N/A | S36: 1992 | T36: 65190
C37: =VLOOKUP(B36,Conformación!$A$5:$N$129,4,FALSE) -> #N/A | S37: 1993 | T37: 81510
S38: 1994 | T38: 98700
A39: CARGO | B39: NOMBRE | C39: TARJETA PROFESIONAL | D39: FECHA EXPEDICIÓN | F39: PROFESION | G39: POSGRADO | H39: OBJETO | I39: FECHA INICIO CONTRATO | J39: FECHA TERMINACIÓN CONTRATO | K39: TOTAL DIAS | L39: AÑOS | M39: MESES | N39: DIAS | O39: FOLIO | P39: OBSERVACIONES | S39: 1995 | T39: 118933.5
A40: =A$7 -> Director general del proyecto | E40: =IF(D40=0,0,IF(D40<D$7,"CUMPLE EL TIEMPO MÍNIMO REQUERIDO DE HABER TERMINADO Y APROBADO ESTUDIOS","NO CUMPLE EL TIEMPO MÍNIMO REQUERIDO DE HABER TERMINADO Y APROBADO ESTUDIOS")) -> 0 | K40: =DAYS360(I40,J40) -> 0 | L40: =ROUNDDOWN(K40/360,0) -> 0 | M40: =ROUNDDOWN((K40-(L40*360))/30,0) -> 0 | N40: =+K40-(L40*360)-(M40*30) -> 0 | S40: 1996 | T40: 142125
K41: =DAYS360(I41,J41) -> 0 | L41: =ROUNDDOWN(K41/360,0) -> 0 | M41: =ROUNDDOWN((K41-(L41*360))/30,0) -> 0 | N41: =+K41-(L41*360)-(M41*30) -> 0 | S41: 1997 | T41: 172005
K42: =DAYS360(I42,J42) -> 0 | L42: =ROUNDDOWN(K42/360,0) -> 0 | M42: =ROUNDDOWN((K42-(L42*360))/30,0) -> 0 | N42: =+K42-(L42*360)-(M42*30) -> 0 | S42: 1998 | T42: 203826
K43: =DAYS360(I43,J43) -> 0 | L43: =ROUNDDOWN(K43/360,0) -> 0 | M43: =ROUNDDOWN((K43-(L43*360))/30,0) -> 0 | N43: =+K43-(L43*360)-(M43*30) -> 0 | S43: 1999 | T43: 236460
K44: =DAYS360(I44,J44) -> 0 | L44: =ROUNDDOWN(K44/360,0) -> 0 | M44: =ROUNDDOWN((K44-(L44*360))/30,0) -> 0 | N44: =+K44-(L44*360)-(M44*30) -> 0 | S44: 2000 | T44: 260100
K45: =DAYS360(I45,J45) -> 0 | L45: =ROUNDDOWN(K45/360,0) -> 0 | M45: =ROUNDDOWN((K45-(L45*360))/30,0) -> 0 | N45: =+K45-(L45*360)-(M45*30) -> 0 | S45: 2001 | T45: 286000
K46: =DAYS360(I46,J46) -> 0 | L46: =ROUNDDOWN(K46/360,0) -> 0 | M46: =ROUNDDOWN((K46-(L46*360))/30,0) -> 0 | N46: =+K46-(L46*360)-(M46*30) -> 0 | S46: 2002 | T46: 309000
H47: TOTAL | L47: =SUM(L40:L46) -> 0 | M47: =SUM(M40:M46) -> 0 | N47: =SUM(N40:N46) -> 0 | P47: =+IF(L47>=$E$7,"CUMPLE","NO CUMPLE") -> NO CUMPLE | S47: 2003 | T47: 332000
S48: 2004 | T48: 358000
S49: 2005 | T49: 381500
A50: OFERENTE | B50: 3 | C50: =VLOOKUP(B50,Conformación!$A$5:$N$129,2,FALSE) -> CONSORCIO INTRA | S50: 2006 | T50: 408000
C51: =VLOOKUP(B50,Conformación!$A$5:$N$129,4,FALSE) -> (Luis Rafael Castillo Vargas 60% - JORGE HEDDY MENESES RENGIFO 40% - 0%- 0%- 0%) | S51: 2007 | T51: 433700
S52: 2008 | T52: 461500
A53: CARGO | B53: NOMBRE | C53: TARJETA PROFESIONAL | D53: FECHA EXPEDICIÓN | F53: PROFESION | G53: POSGRADO | H53: OBJETO | I53: FECHA INICIO CONTRATO | J53: FECHA TERMINACIÓN CONTRATO | K53: TOTAL DIAS | L53: AÑOS | M53: MESES | N53: DIAS | O53: FOLIO | P53: OBSERVACIONES | S53: 2009 | T53: 496900
A54: =A$7 -> Director general del proyecto | E54: =IF(D54=0,0,IF(D54<D$7,"CUMPLE EL TIEMPO MÍNIMO REQUERIDO DE HABER TERMINADO Y APROBADO ESTUDIOS","NO CUMPLE EL TIEMPO MÍNIMO REQUERIDO DE HABER TERMINADO Y APROBADO ESTUDIOS")) -> 0 | K54: =DAYS360(I54,J54) -> 0 | L54: =ROUNDDOWN(K54/360,0) -> 0 | M54: =ROUNDDOWN((K54-(L54*360))/30,0) -> 0 | N54: =+K54-(L54*360)-(M54*30) -> 0 | S54: 2010 | T54: 515000
K55: =DAYS360(I55,J55) -> 0 | L55: =ROUNDDOWN(K55/360,0) -> 0 | M55: =ROUNDDOWN((K55-(L55*360))/30,0) -> 0 | N55: =+K55-(L55*360)-(M55*30) -> 0 | S55: 2011 | T55: 535600
K56: =DAYS360(I56,J56) -> 0 | L56: =ROUNDDOWN(K56/360,0) -> 0 | M56: =ROUNDDOWN((K56-(L56*360))/30,0) -> 0 | N56: =+K56-(L56*360)-(M56*30) -> 0 | S56: 2012 | T56: 566700
K57: =DAYS360(I57,J57) -> 0 | L57: =ROUNDDOWN(K57/360,0) -> 0 | M57: =ROUNDDOWN((K57-(L57*360))/30,0) -> 0 | N57: =+K57-(L57*360)-(M57*30) -> 0 | S57: 2013 | T57: 581900
K58: =DAYS360(I58,J58) -> 0 | L58: =ROUNDDOWN(K58/360,0) -> 0 | M58: =ROUNDDOWN((K58-(L58*360))/30,0) -> 0 | N58: =+K58-(L58*360)-(M58*30) -> 0 | S58: 2014 | T58: 616000
K59: =DAYS360(I59,J59) -> 0 | L59: =ROUNDDOWN(K59/360,0) -> 0 | M59: =ROUNDDOWN((K59-(L59*360))/30,0) -> 0 | N59: =+K59-(L59*360)-(M59*30) -> 0 | S59: 2015 | T59: 644350
K60: =DAYS360(I60,J60) -> 0 | L60: =ROUNDDOWN(K60/360,0) -> 0 | M60: =ROUNDDOWN((K60-(L60*360))/30,0) -> 0 | N60: =+K60-(L60*360)-(M60*30) -> 0 | S60: 2016 | T60: 689500
H61: TOTAL | L61: =SUM(L54:L60) -> 0 | M61: =SUM(M54:M60) -> 0 | N61: =SUM(N54:N60) -> 0 | P61: =+IF(L61>=$E$7,"CUMPLE","NO CUMPLE") -> NO CUMPLE | S61: 2017 | T61: 717737
A64: OFERENTE | B64: 4 | C64: =VLOOKUP(B64,Conformación!$A$5:$N$129,2,FALSE) -> CONSORCIO INTRADOMICILIARIAS 2018
C65: =VLOOKUP(B64,Conformación!$A$5:$N$129,4,FALSE) -> (WILLIAM CARDONA OLMOS SAS 30% - William Cardona Olmos 70% - 0%- 0%- 0%)
A67: CARGO | B67: NOMBRE | C67: TARJETA PROFESIONAL | D67: FECHA EXPEDICIÓN | F67: PROFESION | G67: POSGRADO | H67: OBJETO | I67: FECHA INICIO CONTRATO | J67: FECHA TERMINACIÓN CONTRATO | K67: TOTAL DIAS | L67: AÑOS | M67: MESES | N67: DIAS | O67: FOLIO | P67: OBSERVACIONES
A68: =A$7 -> Director general del proyecto | E68: =IF(D68=0,0,IF(D68<D$7,"CUMPLE EL TIEMPO MÍNIMO REQUERIDO DE HABER TERMINADO Y APROBADO ESTUDIOS","NO CUMPLE EL TIEMPO MÍNIMO REQUERIDO DE HABER TERMINADO Y APROBADO ESTUDIOS")) -> 0 | K68: =DAYS360(I68,J68) -> 0 | L68: =ROUNDDOWN(K68/360,0) -> 0 | M68: =ROUNDDOWN((K68-(L68*360))/30,0) -> 0 | N68: =+K68-(L68*360)-(M68*30) -> 0
K69: =DAYS360(I69,J69) -> 0 | L69: =ROUNDDOWN(K69/360,0) -> 0 | M69: =ROUNDDOWN((K69-(L69*360))/30,0) -> 0 | N69: =+K69-(L69*360)-(M69*30) -> 0
K70: =DAYS360(I70,J70) -> 0 | L70: =ROUNDDOWN(K70/360,0) -> 0 | M70: =ROUNDDOWN((K70-(L70*360))/30,0) -> 0 | N70: =+K70-(L70*360)-(M70*30) -> 0
K71: =DAYS360(I71,J71) -> 0 | L71: =ROUNDDOWN(K71/360,0) -> 0 | M71: =ROUNDDOWN((K71-(L71*360))/30,0) -> 0 | N71: =+K71-(L71*360)-(M71*30) -> 0
K72: =DAYS360(I72,J72) -> 0 | L72: =ROUNDDOWN(K72/360,0) -> 0 | M72: =ROUNDDOWN((K72-(L72*360))/30,0) -> 0 | N72: =+K72-(L72*360)-(M72*30) -> 0
K73: =DAYS360(I73,J73) -> 0 | L73: =ROUNDDOWN(K73/360,0) -> 0 | M73: =ROUNDDOWN((K73-(L73*360))/30,0) -> 0 | N73: =+K73-(L73*360)-(M73*30) -> 0
K74: =DAYS360(I74,J74) -> 0 | L74: =ROUNDDOWN(K74/360,0) -> 0 | M74: =ROUNDDOWN((K74-(L74*360))/30,0) -> 0 | N74: =+K74-(L74*360)-(M74*30) -> 0
H75: TOTAL | L75: =SUM(L68:L74) -> 0 | M75: =SUM(M68:M74) -> 0 | N75: =SUM(N68:N74) -> 0 | P75: =+IF(L75>=$E$7,"CUMPLE","NO CUMPLE") -> NO CUMPLE
A78: OFERENTE | B78: 5 | C78: =VLOOKUP(B78,Conformación!$A$5:$N$129,2,FALSE) -> 0
C79: =VLOOKUP(B78,Conformación!$A$5:$N$129,4,FALSE) -> ( 0% - 0% - 0%- 0%- 0%)
A81: CARGO | B81: NOMBRE | C81: TARJETA PROFESIONAL | D81: FECHA EXPEDICIÓN | F81: PROFESION | G81: POSGRADO | H81: OBJETO | I81: FECHA INICIO CONTRATO | J81: FECHA TERMINACIÓN CONTRATO | K81: TOTAL DIAS | L81: AÑOS | M81: MESES | N81: DIAS | O81: FOLIO | P81: OBSERVACIONES
